Workbook
Name _ftn1: 'Ficha Técnica'!#REF!
Name _ftn2: 'Ficha Técnica'!#REF!
Name _ftnref1: 'Ficha Técnica'!$A$45
Name _ftnref2: 'Ficha Técnica'!$A$49

Sheet INDICE
A3: ANUARIO DE ESTADÍSTICAS VITALES: NACIDOS VIVOS Y DEFUNCIONES 2015
B4: Importante: Leer la Nota técnica Registro de Estadísticas Vitales 2015
A5: 1 | B5: SERIES HISTÓRICAS
A6: 1.1 | B6: SERIE DE NACIDOS VIVOS REGISTRADOS (t+n) A NIVEL NACIONAL PERIODO 1990 - 2015
A7: 1.1.1 | B7: Número de nacidos vivos registrados en t, (t+1) y (t+n). Tasa de natalidad por sexo a nivel nacional. Periodo 1990 - 2015
A8: 1.1.2 | B8: Número de nacidos vivos registrados en t, (t+1) y (t+n), por provincia de nacimiento. Periodo 1990 - 2015
A11: 1.2 | B11: SERIE DE NACIDOS VIVOS REGISTRADOS (t+1) A NIVEL NACIONAL PERIODO 1990 - 2015
A12: 1.2.1A | B12: Número de nacidos vivos (t+1), por edades simples de la madre (De 10 a 30 años) a nivel nacional. Periodo 1990 - 2015
A13: 1.2.1B | B13: Número de nacidos vivos (t+1), por edades simples de la madre (De 31 a 50 años) a nivel nacional. Periodo 1990 - 2015
A14: 1.2.2 | B14: Número de nacidos vivos (t+1), por nivel de instrucción de la madre. Periodo 1990 - 2015
A15: 1.2.3 | B15: Número de nacidos vivos (t+1), por producto de embarazo de la madre. Periodo 1990 - 2015
A16: 1.2.4 | B16: Nacidos vivos registrados (t+1), porcentaje de nacimientos según asistencia de personal médico en el parto a nivel nacional Periodo 1990 - 2015
A17: 1.2.5 | B17: Nacidos vivos (t+1), por lugar de ocurrencia a nivel nacional. Periodo 1993 - 2015
A18: 1.2.6 | B18: Número de nacidos vivos registrados (t+1) y tasa específica de madres adolescentes a nivel nacional Periodo 1990 - 2015
A23: 1.3 | B23: SERIE DE NACIDOS VIVOS (t+1) A NIVEL DE PROVINCIA DE RESIDENCIA HABITUAL DE LA MADRE. PERIODO 2008 - 2015
... A70: 1.6.3 | B70: Defunciones fetales, según regiones y provincias de residencia habitual de la madre. Período 2008 - 2015
A74: 2 | B74: GRÁFICOS
A75: 2.1 | B75: NACIDOS VIVOS EN EL AÑO (t+1)
A76: 2.1.1 | B76: Nacidos vivos oportunos en el año ( t+1 ), según regiones de residencia habitual de la madre. Año 2015
A77: 2.1.2 | B77: Nacidos vivos oportunos en el año ( t+1 ), por tipo de asistencia en el parto y áreas, según regiones. Año 2015
A78: 2.1.3 | B78: Nacidos vivos oportunos en el año ( t +1), por grupos de edad de la madre, según regiones de residencia habitual. Año 2015
A79: 2.1.4 | B79: Nacidos vivos oportunos en el año ( t+1 ), según nivel de instrucción de la madre y tipo de asistencia profesional. Año 2015
A84: 2.2 | B84: DEFUNCIONES GENERALES OPORTUNAS EN EL AÑO ( t )
A85: 2.2.1 | B85: Tasas de mortalidad general, masculina, femenina, infantil y razón de mortalidad materna. Período 1990 - 2015
A86: 2.2.2 | B86: Defunciones generales por lugar de ocurrencia del fallecimiento , según tipo de certificación. Año 2015
A87: 2.2.3 | B87: Defunciones generales por tipo de certificación, según regiones. Año 2015
A88: 2.2.4 | B88: Razón de mortalidad materna, según provincias de residencia habitual. Año 2015
A89: 2.2.5 | B89: Principales causas de mortalidad general. Año 2015 (Lista corta de las principales causas de muerte Becker)
A90: 2.2.6 | B90: Principales causas de mortalidad masculina. Año 2015 (Lista corta de las principales causas de muerte Becker)
... A93: 2.2.9 | B93: Principales causas de mortalidad materna. Año 2015 [Lista detallada de la CIE - 10 (Tres dígitos)]
A98: 3 | B98: CUADROS ESTADÍSTICOS
A99: 3.1 | B99: CUADROS ESTADÍSTICOS NACIDOS VIVOS EN EL AÑO ( t +1)
A100: 3.1.1 | B100: Nacidos vivos (t+1), por áreas y sexo, según regiones y provincias de residencia habitual de la madre. Año 2015
A101: 3.1.2 | B101: Nacidos vivos (t+1), por áreas y tipo de asistencia, según regiones y provincias de residencia habitual de la madre. Año 2015
A102: 3.1.3 | B102: Nacidos vivos (t+1), por áreas y tipo de asistencia, según regiones, provincias y cantones de residencia habitual de la madre. Año 2015
A103: 3.1.4 | B103: Nacidos vivos (t+1), por tipo de asistencia, de madre residente y no residente, según regiones, provincias y cantones de acaecimiento. Año 2015
A104: 3.1.5 | B104: Nacidos vivos (t+1), por número de hijos tenidos por la madre, según regiones y provincias de residencia habitual de la madre. Año 2015
A105: 3.1.6 | B105: Nacidos vivos (t+1), por número de hijos tenidos por la madre, según regiones de residencia habitual y grupos de edad de la misma. Año 2015
A106: 3.1.7A | B106: Nacidos vivos (t+1), por grupos de edad de la madre y sexo del nacido vivo, según regiones, provincias y áreas de residencia habitual de la madre. Año 2015
A107: 3.1.7B | B107: Nacidos vivos (t+1), por grupos de edad de la madre y sexo del nacido vivo, según regiones, provincias y áreas de residencia habitual de la madre. Año 2015
A108: 3.1.8 | B108: Nacidos vivos (t+1), por producto del embarazo, según regiones y provincias de residencia habitual de la madre. Año 2015
A109: 3.1.9 | B109: Nacidos vivos (t+1), por mes de ocurrencia, según provincias de residencia habitual de la madre y sexo del nacido vivo. Año 2015
A110: 3.1.10 | B110: Nacidos vivos (t+1), por nivel de instrucción de la madre, según provincias de residencia habitual de la madre y tipos de asistencia. Año 2015
... A177: 3.3.3 | B177: Defunciones fetales por tipo de asistencia y sexo, según causas de defunción. Año 2015
A179: 4 | B179: MAPAS TEMÁTICOS
A180: 4.1 | B180: NACIDOS VIVOS EN EL AÑO (t+1) 2015
A181: 4.1.1 | B181: Número de nacidos vivos (Inscripción oportuna)
A182: 4.1.2 | B182: Número de nacidos vivos por madres adolescentes (10 - 19 años)
A183: 4.1.3 | B183: Número de nacidos vivos por etnia de la madre
A184: 4.1.4 | B184: Número de nacidos vivos por grupos de edad de la madre
A185: 4.1.5 | B185: Número de nacidos vivos por alfabetismo de la madre
A186: 4.1.6 | B186: Número de nacidos vivos por estado civil de la madre
A187: 4.1.7 | B187: Número de nacidos vivos por nivel de instrucción de la madre
A192: 4.2 | B192: DEFUNCIONES
A193: 4.2.1 | B193: Tasa de mortalidad general
A194: 4.2.2 | B194: Tasa de Mortalidad General por sexo
A195: 4.2.3 | B195: Evolución de la Tasa de Mortalidad General del 2009 al 2015
... A205: 4.2.13 | B205: Defunciones generales por tipo de certificación
A206: 4 | B206: ANEXOS
A207: 5.1 | B207: Proyección de Población y estimaciones de nacimientos a nivel nacional. Periodo 1990 - 2015
A208: 5.2 | B208: Proyecciones de Población y estimaciones de nacimientos a nivel de provincia. Periodo 2008 - 2015

Sheet Ficha Técnica
A5: FICHA TÉCNICA
A7: OBJETIVOS
A9: El Anuario de estadísticas vitales: Nacido Vivo y defunciones, tiene los siguientes objetivos principales:
A10: - Obtener información sistemática y continúa respecto de la inscripción de nacido vivo y defunciones.
A11: - Dar a conocer a los usuarios, las variables más relevantes en este campo, para la planificación de estrategias socioeconómicas del país.
A12: - Proporcionar a los sectores público y privado, uno de los instrumentos básicos para el análisis demográfico.
A14: UNIDAD DE INVESTIGACIÓN
A15: Constituyen cada uno de los hechos vitales (nacidos vivos, defunciones generales y defunciones fetales) registrados en el país, cada año.
A17: UNIVERSO
A18: El universo en los nacidos vivos y las defunciones fetales comprende el conjunto de cada uno de los hechos vitales mencionados, ocurridos e inscritos en las oficinas de la Dirección General del Registro Civil, Identificación y Cedulación del Ecuador.
A19: El universo de las defunciones generales constituye el conjunto de cada muerte, ocurrida e inscrita en el territorio nacional; incluye las muertes de los ecuatorianos en el exterior que son notificadas a las oficinas de la Dirección General del Registro Civil, Identificación y Cedulación del Ecuador.
A21: FUENTES DE INFORMACIÓN
... A148: Los reportes son sometidos a análisis y revisión para su posterior publicación.

Sheet 1.1.1
B1: Serie 1.1.1
B2: Número de nacidos vivos registrados oportunos (t), registrados (t+1), registrados (t+n) y tasa de natalidad (t+n), por sexo a nivel nacional Periodo 1990 - 2015 | S2: ÍNDICE
B3: Años | C3: Proyecciones de población 1/ | F3: Número de nacidos vivos registrados oportunos (t) 2/ | I3: Número de nacidos vivos registrados (t+1) 3/ | L3: Número de nacidos vivos registrados (t+n) 4/ | O3: Tasa de natalidad 5/
C4: Total | D4: Hombres | E4: Mujeres | F4: Total | G4: Hombres | H4: Mujeres | I4: Total | J4: Hombres | K4: Mujeres | L4: Total | M4: Hombres | N4: Mujeres | O4: Total | P4: Masculina | Q4: Femenina
B5: 1990 | C5: 10149666 | D5: 5098988 | E5: 5050678 | F5: =+SUM(G5,H5) -> 201702 | G5: 103230 | H5: 98472 | I5: 263629 | J5: 134615 | K5: 129014 | L5: 310742 | M5: 157994 | N5: 152748 | O5: =L5/C5*1000 -> 30.615983 | P5: =M5/D5*1000 -> 30.985364 | Q5: =N5/E5*1000 -> 30.243068
B6: 1991 | C6: 10355598 | D6: 5201174 | E6: 5154424 | F6: =+SUM(G6,H6) -> 196562 | G6: 100055 | H6: 96507 | I6: 265581 | J6: 135045 | K6: 130536 | L6: 317700 | M6: 161012 | N6: 156688 | O6: =L6/C6*1000 -> 30.679059 | P6: =M6/D6*1000 -> 30.956857 | Q6: =N6/E6*1000 -> 30.398741
B7: 1992 | C7: 10567946 | D7: 5306547 | E7: 5261399 | F7: =+SUM(G7,H7) -> 198461 | G7: 101046 | H7: 97415 | I7: 269896 | J7: 137135 | K7: 132761 | L7: 324319 | M7: 164180 | N7: 160139 | O7: =L7/C7*1000 -> 30.688934 | P7: =M7/D7*1000 -> 30.93914 | Q7: =N7/E7*1000 -> 30.436582
B8: 1993 | C8: 10786984 | D8: 5415226 | E8: 5371758 | F8: =+SUM(G8,H8) -> 198722 | G8: 101206 | H8: 97516 | I8: 279678 | J8: 142452 | K8: 137226 | L8: 334077 | M8: 169196 | N8: 164881 | O8: =L8/C8*1000 -> 30.970381 | P8: =M8/D8*1000 -> 31.244495 | Q8: =N8/E8*1000 -> 30.694048
B9: 1994 | C9: 11012925 | D9: 5527302 | E9: 5485623 | F9: =+SUM(G9,H9) -> 184526 | G9: 94322 | H9: 90204 | I9: 277625 | J9: 141586 | K9: 136039 | L9: 331179 | M9: 168213 | N9: 162966 | O9: =L9/C9*1000 -> 30.071847 | P9: =M9/D9*1000 -> 30.433112 | Q9: =N9/E9*1000 -> 29.707838
B10: 1995 | C10: 11246107 | D10: 5642924 | E10: 5603183 | F10: =+SUM(G10,H10) -> 181268 | G10: 92096 | H10: 89172 | I10: 271340 | J10: 137920 | K10: 133420 | L10: 329717 | M10: 167205 | N10: 162512 | O10: =L10/C10*1000 -> 29.318323 | P10: =M10/D10*1000 -> 29.630915 | Q10: =N10/E10*1000 -> 29.003515
B11: 1996 | C11: 11486884 | D11: 5762327 | E11: 5724557 | F11: =+SUM(G11,H11) -> 182242 | G11: 93038 | H11: 89204 | I11: 270578 | J11: 138114 | K11: 132464 | L11: 336537 | M11: 170853 | N11: 165684 | O11: =L11/C11*1000 -> 29.297501 | P11: =M11/D11*1000 -> 29.650001 | Q11: =N11/E11*1000 -> 28.942676
B12: 1997 | C12: 11735391 | D12: 5885530 | E12: 5849861 | F12: =+SUM(G12,H12) -> 169869 | G12: 86332 | H12: 83537 | I12: 271758 | J12: 138441 | K12: 133317 | L12: 336619 | M12: 170707 | N12: 165912 | O12: =L12/C12*1000 -> 28.684089 | P12: =M12/D12*1000 -> 29.004525 | Q12: =N12/E12*1000 -> 28.3617
B13: 1998 | C13: 11992073 | D13: 6012789 | E13: 5979284 | F13: =+SUM(G13,H13) -> 199079 | G13: 101862 | H13: 97217 | I13: 275955 | J13: 141217 | K13: 134738 | L13: 321837 | M13: 164061 | N13: 157776 | O13: =L13/C13*1000 -> 26.837478 | P13: =M13/D13*1000 -> 27.285341 | Q13: =N13/E13*1000 -> 26.387106
B14: 1999 | C14: 12257190 | D14: 6144204 | E14: 6112986 | F14: =+SUM(G14,H14) -> 218108 | G14: 111574 | H14: 106534 | I14: 305284 | J14: 155772 | K14: 149512 | L14: 358909 | M14: 182853 | N14: 176056 | O14: =L14/C14*1000 -> 29.281507 | P14: =M14/D14*1000 -> 29.760242 | Q14: =N14/E14*1000 -> 28.800328
B15: 2000 | C15: 12531210 | D15: 6279998 | E15: 6251212 | F15: =+SUM(G15,H15) -> 202257 | G15: 101940 | H15: 100317 | I15: 296149 | J15: 149626 | K15: 146523 | L15: 355326 | M15: 180910 | N15: 174416 | O15: =L15/C15*1000 -> 28.355283 | P15: =M15/D15*1000 -> 28.807334 | Q15: =N15/E15*1000 -> 27.901149
B16: 2001 | C16: 12814503 | D16: 6420387 | E16: 6394116 | F16: =+SUM(G16,H16) -> 192786 | G16: 97516 | H16: 95270 | I16: 278170 | J16: 141058 | K16: 137112 | L16: 344133 | M16: 174865 | N16: 169268 | O16: =L16/C16*1000 -> 26.854963 | P16: =M16/D16*1000 -> 27.235897 | Q16: =N16/E16*1000 -> 26.472463
... B26: 2011 | C26: 15266431 | D26: 7567676 | E26: 7698755 | F26: =+SUM(G26,H26) -> 229780 | G26: 117245 | H26: 112535 | I26: 301106 | J26: 153599 | K26: 147507 | L26: 332642 | M26: 169240 | N26: 163402 | O26: =L26/C26*1000 -> 21.789114 | P26: =M26/D26*1000 -> 22.363537 | Q26: =N26/E26*1000 -> 21.224471
B27: 2012 (sd*) | C27: 15520973 | D27: 7691912 | E27: 7829061 | F27: =+SUM(G27,H27) -> 235237 | G27: 120331 | H27: 114906 | I27: 297309 | J27: 152166 | K27: 145143 | L27: 319227 | M27: 163051 | N27: 156176 | O27: =L27/C27*1000 -> 20.567461 | P27: =M27/D27*1000 -> 21.19772 | Q27: =N27/E27*1000 -> 19.948242
B28: 2013 (sd*) | C28: 15774749 | D28: 7815935 | E28: 7958814 | F28: =+SUM(G28,H28) -> 220896 | G28: 112711 | H28: 108185 | I28: 277620 | J28: 141699 | K28: 135921 | L28: 292659 | M28: 149127 | N28: 143532 | O28: =L28/C28*1000 -> 18.552371 | P28: =M28/D28*1000 -> 19.079867 | Q28: =N28/E28*1000 -> 18.034345
B29: 2014 (sd*) | C29: 16027466 | D29: 7939552 | E29: 8087914 | F29: =+SUM(G29,H29) -> 229476 | G29: 118138 | H29: 111338 | I29: 278460 | J29: 143303 | K29: 135157 | L29: 284203 | M29: 145720 | N29: 138483 | O29: =L29/C29*1000 -> 17.732248 | P29: =M29/D29*1000 -> 18.35368 | Q29: =N29/E29*1000 -> 17.122215
B30: 2015 (p**) | C30: 16278844 | D30: 8062610 | E30: 8216234 | F30: 255.359 | G30: 130.138 | H30: 125.221 | I30: 273280 | J30: 139592 | K30: 133688 | L30: 273280 | M30: 139592 | N30: 133688 | O30: =L30/C30*1000 -> 16.787433 | P30: =M30/D30*1000 -> 17.3135 | Q30: =N30/E30*1000 -> 16.271202
B32: 1/ La proyección de población de los años 1990-2015, corresponde a las estimaciones en base al Censo de Población 2010.
B33: 2/ Nacidos vivos registrados oportunos (t): corresponden a los nacidos vivos ocurridos en el año de estudio e inscritos hasta el 31 de diciembre del mismo año. A excepción del dato 2015 que corresponden a los nacidos vivos ocurridos en el año de estudio e inscritos hasta el 31 de marzo del año siguiente. Fuente Registro estadístico de nacido vivo, años 1990 - 2015
B34: 3/ Nacidos vivos registrados (t+1): corresponden a los nacidos vivos ocurridos en el año de estudio, e inscritos hasta el 31 de diciembre del año siguiente. A excepción del dato 2015 que corresponden a los nacidos vivos ocurridos en el año de estudio e inscritos hasta el 30 de junio del 2016. Fuente: Registro estadístico de nacidos vivos, años 1990 - 2015.
B35: 4/ Nacidos vivos registrados (t+n): corresponden a los nacidos vivos en el periodo de estudio t e inscritos en cualquier periodo posterior hasta el 30 de junio del 2016. Fuente: Dirección General de Registro Civil, Identificación y Cedulación.
B36: 5/ Tasa por 1.000 habitantes.
B37: sd*) cifras semidefinitivas: corresponden a los datos o indicadores que se generan con información de los nacidos vivos ocurridos en el año de estudio e inscritos entre uno y tres años posteriores a la ocurrencia del hecho
B38: p**) cifras provisionales: corresponden a los datos o indicadores que se generan con información de los nacidos vivos ocurridos en el 2015, y que están sujetos a ajustes por registros posteriores.
B39: Importante: Leer la Nota técnica Registro de Estadísticas Vitales 2015 en el siguiente link:
B40: http://www.ecuadorencifras.gob.ec/documentos/web-inec/Poblacion_y_Demografia/Nacimientos_Defunciones/2015/Nota_tecnica_Registro_de_Estadisticas_Vitales_2015.pdf

Sheet 1.1.2
B1: Serie 1.1.2 | P1: Serie 1.1.2
B2: Número de nacidos vivos registrados (t+n) por provincia de nacimiento. Periodo 1990 - 2015 | P2: Número de nacidos vivos ( t+n ) por provincia de nacimiento. Periodo 1990 - 2014
A3: Año | B3: Nacidos vivos (t+n) 1/ | C3: Azuay | D3: Bolívar | E3: Cañar | F3: Carchi | G3: Cotopaxi | H3: Chimborazo | I3: El Oro | J3: Esmeraldas | K3: Guayas | L3: Imbabura | M3: Loja | N3: Los Ríos | O3: Manabí | P3: Morona Santiago | Q3: Napo | R3: Pastaza | S3: Pichincha | T3: Tungurahua | U3: Zamora Chinchipe | V3: Galápagos | W3: Sucumbíos | X3: Orellana | Y3: Santo Domingo de los Tsáchilas | Z3: Santa Elena | AA3: Zonas no delimitadas | AB3: Se ignora | AD3: ÍNDICE
A4: 1990 | B4: =SUM(C4:AB4) -> 310742 | C4: 15860 | D4: 6157 | E4: 5664 | F4: 4665 | G4: 10717 | H4: 12547 | I4: 11891 | J4: 13987 | K4: 69240 | L4: 9185 | M4: 12554 | N4: 17740 | O4: 36587 | P4: 4078 | Q4: 2367 | R4: 1608 | S4: 43969 | T4: 11138 | U4: 2646 | V4: 193 | W4: 3126 | X4: 2042 | Y4: 7375 | Z4: 5336 | AA4: - | AB4: 70
A5: 1991 | B5: =SUM(C5:AB5) -> 317700 | C5: 16521 | D5: 6098 | E5: 5836 | F5: 4517 | G5: 10887 | H5: 12933 | I5: 12671 | J5: 14500 | K5: 71079 | L5: 9322 | M5: 12967 | N5: 18363 | O5: 36133 | P5: 4146 | Q5: 2564 | R5: 1647 | S5: 44964 | T5: 11643 | U5: 2636 | V5: 219 | W5: 3264 | X5: 2098 | Y5: 7404 | Z5: 5220 | AA5: - | AB5: 68
A6: 1992 | B6: =SUM(C6:AB6) -> 324319 | C6: 16666 | D6: 6187 | E6: 5901 | F6: 4564 | G6: 10760 | H6: 12974 | I6: 13349 | J6: 14639 | K6: 73724 | L6: 9773 | M6: 13064 | N6: 18268 | O6: 35939 | P6: 4322 | Q6: 2626 | R6: 1775 | S6: 46219 | T6: 11623 | U6: 2926 | V6: 231 | W6: 3415 | X6: 2277 | Y6: 7858 | Z6: 5165 | AA6: - | AB6: 74
A7: 1993 | B7: =SUM(C7:AB7) -> 334077 | C7: 16586 | D7: 5983 | E7: 5673 | F7: 4548 | G7: 11339 | H7: 12747 | I7: 14321 | J7: 16121 | K7: 76301 | L7: 10384 | M7: 12392 | N7: 18669 | O7: 36992 | P7: 4415 | Q7: 2836 | R7: 1803 | S7: 48471 | T7: 12006 | U7: 2672 | V7: 246 | W7: 3676 | X7: 2441 | Y7: 7867 | Z7: 5541 | AA7: - | AB7: 47
A8: 1994 | B8: =SUM(C8:AB8) -> 331179 | C8: 15977 | D8: 5597 | E8: 5398 | F8: 4226 | G8: 10980 | H8: 12517 | I8: 13995 | J8: 15597 | K8: 76612 | L8: 10723 | M8: 12230 | N8: 18630 | O8: 36450 | P8: 4497 | Q8: 2837 | R8: 1952 | S8: 47944 | T8: 11742 | U8: 2794 | V8: 276 | W8: 3872 | X8: 2675 | Y8: 8081 | Z8: 5531 | AA8: - | AB8: 46
A9: 1995 | B9: =SUM(C9:AB9) -> 329717 | C9: 15945 | D9: 5359 | E9: 5117 | F9: 4085 | G9: 10801 | H9: 12624 | I9: 13934 | J9: 15362 | K9: 76145 | L9: 10719 | M9: 11925 | N9: 18967 | O9: 35668 | P9: 4461 | Q9: 2905 | R9: 1819 | S9: 48878 | T9: 11415 | U9: 2798 | V9: 289 | W9: 4020 | X9: 2871 | Y9: 7991 | Z9: 5585 | AA9: - | AB9: 34
A10: 1996 | B10: =SUM(C10:AB10) -> 336537 | C10: 15594 | D10: 5389 | E10: 4944 | F10: 3991 | G10: 10867 | H10: 12942 | I10: 14629 | J10: 15785 | K10: 79513 | L10: 10737 | M10: 11836 | N10: 19340 | O10: 35490 | P10: 4431 | Q10: 2987 | R10: 2005 | S10: 50304 | T10: 11319 | U10: 2829 | V10: 264 | W10: 4242 | X10: 2879 | Y10: 8332 | Z10: 5854 | AA10: - | AB10: 34
A11: 1997 | B11: =SUM(C11:AB11) -> 336619 | C11: 15955 | D11: 5422 | E11: 5151 | F11: 3991 | G11: 10668 | H11: 11840 | I11: 14712 | J11: 15673 | K11: 80663 | L11: 10959 | M11: 12180 | N11: 19762 | O11: 34706 | P11: 4503 | Q11: 3026 | R11: 1949 | S11: 49629 | T11: 10960 | U11: 3023 | V11: 289 | W11: 4377 | X11: 2926 | Y11: 8410 | Z11: 5804 | AA11: - | AB11: 41
A12: 1998 | B12: =SUM(C12:AB12) -> 321837 | C12: 16360 | D12: 5251 | E12: 5073 | F12: 4093 | G12: 10881 | H12: 12031 | I12: 13467 | J12: 14141 | K12: 72886 | L12: 10811 | M12: 11983 | N12: 17795 | O12: 30604 | P12: 4594 | Q12: 2931 | R12: 2091 | S12: 50992 | T12: 11157 | U12: 2838 | V12: 330 | W12: 4404 | X12: 2905 | Y12: 8630 | Z12: 5528 | AA12: - | AB12: 61
A13: 1999 | B13: =SUM(C13:AB13) -> 358909 | C13: 16848 | D13: 5340 | E13: 5177 | F13: 4045 | G13: 10772 | H13: 11804 | I13: 15894 | J13: 17293 | K13: 87745 | L13: 10781 | M13: 12329 | N13: 22160 | O13: 37261 | P13: 4995 | Q13: 3079 | R13: 2181 | S13: 51374 | T13: 11241 | U13: 3039 | V13: 334 | W13: 4773 | X13: 3178 | Y13: 9805 | Z13: 6961 | AA13: - | AB13: 500
A14: 2000 | B14: =SUM(C14:AB14) -> 355326 | C14: 16192 | D14: 5339 | E14: 4913 | F14: 3926 | G14: 10461 | H14: 12635 | I14: 15760 | J14: 17148 | K14: 85683 | L14: 10725 | M14: 12129 | N14: 22996 | O14: 38496 | P14: 4727 | Q14: 2987 | R14: 2170 | S14: 50172 | T14: 10957 | U14: 2810 | V14: 419 | W14: 4868 | X14: 3303 | Y14: 9633 | Z14: 6773 | AA14: - | AB14: 104
A15: 2001 | B15: =SUM(C15:AB15) -> 344133 | C15: 15461 | D15: 5141 | E15: 4539 | F15: 3816 | G15: 11023 | H15: 12404 | I15: 15013 | J15: 16169 | K15: 80469 | L15: 10806 | M15: 11402 | N15: 21756 | O15: 37795 | P15: 4706 | Q15: 3015 | R15: 2238 | S15: 49719 | T15: 10729 | U15: 2745 | V15: 392 | W15: 4901 | X15: 3314 | Y15: 9364 | Z15: 7082 | AA15: - | AB15: 134
... A25: 2011 | B25: =SUM(C25:AB25) -> 332642 | C25: 15062 | D25: 3687 | E25: 4228 | F25: 2871 | G25: 9206 | H25: 9749 | I25: 13659 | J25: 14044 | K25: 85279 | L25: 9865 | M25: 9900 | N25: 20043 | O25: 30294 | P25: 5461 | Q25: 3311 | R25: 2662 | S25: 51497 | T25: 10308 | U25: 2306 | V25: 390 | W25: 5024 | X25: 4185 | Y25: 11534 | Z25: 8069 | AA25: - | AB25: 8
A26: 2012 (sd*) | B26: =SUM(C26:AB26) -> 319227 | C26: 15255 | D26: 3523 | E26: 4480 | F26: 2820 | G26: 8655 | H26: 9256 | I26: 13225 | J26: 12797 | K26: 80984 | L26: 9059 | M26: 9493 | N26: 18155 | O26: 28098 | P26: 5209 | Q26: 3257 | R26: 2679 | S26: 51409 | T26: 10309 | U26: 2229 | V26: 405 | W26: 5009 | X26: 4416 | Y26: 10935 | Z26: 7561 | AA26: - | AB26: 9
A27: 2013 (sd*) | B27: =SUM(C27:AB27) -> 292659 | C27: 14548 | D27: 3029 | E27: 4140 | F27: 2595 | G27: 8033 | H27: 8609 | I27: 12300 | J27: 10593 | K27: 75017 | L27: 8591 | M27: 8699 | N27: 15440 | O27: 23972 | P27: 4395 | Q27: 2966 | R27: 2344 | S27: 49673 | T27: 9694 | U27: 1827 | V27: 352 | W27: 4642 | X27: 3893 | Y27: 10653 | Z27: 6648 | AA27: - | AB27: 6
A28: 2014 (sd*) | B28: =SUM(C28:AB28) -> 284203 | C28: 14332 | D28: 2783 | E28: 3992 | F28: 2634 | G28: 7486 | H28: 8150 | I28: 12083 | J28: 9509 | K28: 74311 | L28: 8391 | M28: 8453 | N28: 14862 | O28: 22960 | P28: 3945 | Q28: 2756 | R28: 2303 | S28: 48852 | T28: 9453 | U28: 1719 | V28: 286 | W28: 4358 | X28: 3787 | Y28: 10419 | Z28: 6375 | AA28: - | AB28: 4
A29: 2015 (p**) | B29: =SUM(C29:AB29) -> 273280 | C29: 14131 | D29: 2513 | E29: 3974 | F29: 2498 | G29: 6939 | H29: 7829 | I29: 12022 | J29: 8796 | K29: 71659 | L29: 8045 | M29: 7846 | N29: 14472 | O29: 21537 | P29: 3658 | Q29: 2536 | R29: 2169 | S29: 47743 | T29: 9209 | U29: 1481 | V29: 338 | W29: 4042 | X29: 3255 | Y29: 10631 | Z29: 5941 | AA29: 16
A31: 1/ Nacidos vivos registrados (t+n): corresponden a los nacidos vivos en el periodo de estudio t e inscritos en cualquier periodo posterior hasta el 30 de junio del 2016. Fuente: Dirección General de Registro Civil, Identificación y Cedulación.
A32: sd*) cifras semidefinitivas: corresponden a los datos o indicadores que se generan con información de los nacidos vivos ocurridos en el año de estudio e inscritos entre uno y tres años posteriores a la ocurrencia del hecho
A33: p**) cifras provisionales: corresponden a los datos o indicadores que se generan con información de los nacidos vivos ocurridos en el 2015, y que están sujetos a ajustes por registros posteriores.
A34: Importante: Leer la Nota técnica Registro de Estadísticas Vitales 2015 en el siguiente link:
A35: http://www.ecuadorencifras.gob.ec/documentos/web-inec/Poblacion_y_Demografia/Nacimientos_Defunciones/2015/Nota_tecnica_Registro_de_Estadisticas_Vitales_2015.pdf

Sheet 1.2.1A
A1: Serie 1.2.1A
A2: Número de nacidos vivos registrados (t+1) por edades simples de la madre a nivel nacional Periodo 1990 - 2015
A3: Años | B3: Número nacidos vivos (t+1) 1/ | C3: Subtotal | D3: 10 | E3: 11 | F3: 12 | G3: 13 | H3: 14 | I3: 15 | J3: 16 | K3: 17 | L3: 18 | M3: 19 | N3: 20 | O3: 21 | P3: 22 | Q3: 23 | R3: 24 | S3: 25 | T3: 26 | U3: 27 | V3: 28 | W3: 29 | X3: 30 | Z3: ÍNDICE
A4: 1990 | B4: =SUM(C4,'1.2.1B'!B4) -> 263629 | C4: =+SUM(D4:X4) -> 196953 | D4: 0 | E4: 0 | F4: 0 | G4: 0 | H4: 634 | I4: 1746 | J4: 4339 | K4: 7871 | L4: 11717 | M4: 13911 | N4: 16841 | O4: 14666 | P4: 16362 | Q4: 15892 | R4: 15632 | S4: 15021 | T4: 13808 | U4: 12799 | V4: 12576 | W4: 10982 | X4: 12156
A5: 1991 | B5: =SUM(C5,'1.2.1B'!B5) -> 265581 | C5: =+SUM(D5:X5) -> 198803 | D5: 0 | E5: 0 | F5: 0 | G5: 0 | H5: 677 | I5: 1916 | J5: 4661 | K5: 8076 | L5: 11887 | M5: 13455 | N5: 17433 | O5: 15896 | P5: 16192 | Q5: 16392 | R5: 15059 | S5: 14818 | T5: 14158 | U5: 13014 | V5: 12510 | W5: 10491 | X5: 12168
A6: 1992 | B6: =SUM(C6,'1.2.1B'!B6) -> 269896 | C6: =+SUM(D6:X6) -> 201868 | D6: 0 | E6: 0 | F6: 0 | G6: 0 | H6: 741 | I6: 2090 | J6: 4844 | K6: 8742 | L6: 12385 | M6: 13930 | N6: 16920 | O6: 16425 | P6: 17763 | Q6: 16190 | R6: 15251 | S6: 14664 | T6: 13781 | U6: 13258 | V6: 12630 | W6: 10975 | X6: 11279
A7: 1993 | B7: =SUM(C7,'1.2.1B'!B7) -> 279678 | C7: =+SUM(D7:X7) -> 210011 | D7: 0 | E7: 0 | F7: 0 | G7: 0 | H7: 792 | I7: 2312 | J7: 5198 | K7: 9142 | L7: 12709 | M7: 14752 | N7: 17498 | O7: 15944 | P7: 17935 | Q7: 18190 | R7: 15676 | S7: 15203 | T7: 13701 | U7: 13798 | V7: 13357 | W7: 11437 | X7: 12367
A8: 1994 | B8: =SUM(C8,'1.2.1B'!B8) -> 277625 | C8: =+SUM(D8:X8) -> 208729 | D8: 0 | E8: 0 | F8: 0 | G8: 0 | H8: 945 | I8: 2419 | J8: 5502 | K8: 9389 | L8: 13073 | M8: 14601 | N8: 17872 | O8: 15855 | P8: 17212 | Q8: 17602 | R8: 16855 | S8: 14436 | T8: 13708 | U8: 12774 | V8: 13058 | W8: 11396 | X8: 12032
A9: 1995 | B9: =SUM(C9,'1.2.1B'!B9) -> 271340 | C9: =+SUM(D9:X9) -> 203933 | D9: 0 | E9: 0 | F9: 0 | G9: 1 | H9: 886 | I9: 2617 | J9: 5479 | K9: 9450 | L9: 13076 | M9: 14874 | N9: 17093 | O9: 15622 | P9: 16868 | Q9: 16399 | R9: 15582 | S9: 15288 | T9: 13153 | U9: 12266 | V9: 12507 | W9: 11010 | X9: 11762
A10: 1996 | B10: =SUM(C10,'1.2.1B'!B10) -> 270578 | C10: =+SUM(D10:X10) -> 203321 | D10: 0 | E10: 0 | F10: 0 | G10: 0 | H10: 911 | I10: 2551 | J10: 5873 | K10: 9464 | L10: 13350 | M10: 15145 | N10: 17374 | O10: 15204 | P10: 16500 | Q10: 16225 | R10: 15302 | S10: 14793 | T10: 14088 | U10: 11909 | V10: 12242 | W10: 10826 | X10: 11564
A11: 1997 | B11: =SUM(C11,'1.2.1B'!B11) -> 271758 | C11: =+SUM(D11:X11) -> 203978 | D11: 0 | E11: 0 | F11: 0 | G11: 0 | H11: 794 | I11: 2267 | J11: 5377 | K11: 9761 | L11: 13518 | M11: 15416 | N11: 17813 | O11: 15763 | P11: 16412 | Q11: 16395 | R11: 15037 | S11: 14458 | T11: 13650 | U11: 13455 | V11: 11948 | W11: 10726 | X11: 11188
A12: 1998 | B12: =SUM(C12,'1.2.1B'!B12) -> 275955 | C12: =+SUM(D12:X12) -> 209199 | D12: 0 | E12: 0 | F12: 3 | G12: 14 | H12: 929 | I12: 2669 | J12: 5827 | K12: 10421 | L12: 14808 | M12: 15764 | N12: 18658 | O12: 16373 | P12: 17006 | Q12: 16149 | R12: 15345 | S12: 14277 | T12: 13350 | U12: 12926 | V12: 13043 | W12: 10456 | X12: 11181
A13: 1999 | B13: =SUM(C13,'1.2.1B'!B13) -> 305284 | C13: =+SUM(D13:X13) -> 229717 | D13: 0 | E13: 0 | F13: 10 | G13: 63 | H13: 721 | I13: 3267 | J13: 6538 | K13: 11193 | L13: 15645 | M13: 17907 | N13: 20442 | O13: 18008 | P13: 18726 | Q13: 17784 | R13: 16636 | S13: 15977 | T13: 14298 | U13: 13601 | V13: 14137 | W13: 12475 | X13: 12289
A14: 2000 | B14: =SUM(C14,'1.2.1B'!B14) -> 296149 | C14: =+SUM(D14:X14) -> 220274 | D14: 0 | E14: 0 | F14: 25 | G14: 85 | H14: 1002 | I14: 2866 | J14: 6103 | K14: 10486 | L14: 14909 | M14: 16738 | N14: 20064 | O14: 17308 | P14: 18163 | Q14: 17116 | R14: 15923 | S14: 15062 | T14: 14110 | U14: 13066 | V14: 13037 | W14: 11904 | X14: 12307
A15: 2001 | B15: =SUM(C15,'1.2.1B'!B15) -> 278170 | C15: =+SUM(D15:X15) -> 206980 | D15: 0 | E15: 0 | F15: 27 | G15: 150 | H15: 817 | I15: 2742 | J15: 6174 | K15: 9788 | L15: 13733 | M15: 15610 | N15: 18365 | O15: 17472 | P15: 17172 | Q15: 16508 | R15: 14898 | S15: 14072 | T15: 13251 | U15: 12217 | V15: 12101 | W15: 10495 | X15: 11388
... A28: 2014 | B28: =SUM(C28,'1.2.1B'!B28) -> 278460 | C28: =+SUM(D28:X28) -> 206878 | D28: 0 | E28: 13 | F28: 58 | G28: 383 | H28: 1705 | I28: 4324 | J28: 7765 | K28: 11712 | L28: 14287 | M28: 15881 | N28: 16210 | O28: 16130 | P28: 14983 | Q28: 14253 | R28: 13864 | S28: 13664 | T28: 13527 | U28: 12757 | V28: 12228 | W28: 12068 | X28: 11066
A29: 2015 (p**) | B29: =SUM(C29,'1.2.1B'!B29) -> 273280 | C29: =+SUM(D29:X29) -> 203483 | E29: 10 | F29: 74 | G29: 415 | H29: 1788 | I29: 4945 | J29: 8748 | K29: 11485 | L29: 14238 | M29: 15667 | N29: 15507 | O29: 14980 | P29: 14755 | Q29: 13820 | R29: 13403 | S29: 13164 | T29: 12980 | U29: 12499 | V29: 12313 | W29: 11609 | X29: 11083
A31: 1/ Nacidos vivos registrados (t+1): corresponden a los nacidos vivos ocurridos en el año de estudio, e inscritos hasta el 31 de diciembre del año siguiente. A excepción del dato 2015 que corresponden a los nacidos vivos ocurridos en el año de estudio e inscritos hasta el 30 de junio del 2016. Fuente: Registro estadístico de nacidos vivos, años 1990 - 2015.
A32: p**) cifras provisionales: corresponden a los datos o indicadores que se generan con información de los nacidos vivos ocurridos en el 2015, y que están sujetos a ajustes por registros posteriores.
A33: Importante: Leer la Nota técnica Registro de Estadísticas Vitales 2015 en el siguiente link:
A34: http://www.ecuadorencifras.gob.ec/documentos/web-inec/Poblacion_y_Demografia/Nacimientos_Defunciones/2015/Nota_tecnica_Registro_de_Estadisticas_Vitales_2015.pdf

Sheet 1.2.1B
A1: Serie 1.2.1B
A2: Número de nacidos vivos registrdos (t+1) por edades simples de la madre (De 31 a 50 años) a nivel nacional Periodo 1990 - 2015 | Y2: ÍNDICE
A3: Años | B3: Subtotal | C3: 31 | D3: 32 | E3: 33 | F3: 34 | G3: 35 | H3: 36 | I3: 37 | J3: 38 | K3: 39 | L3: 40 | M3: 41 | N3: 42 | O3: 43 | P3: 44 | Q3: 45 | R3: 46 | S3: 47 | T3: 48 | U3: 49 | V3: 50 | W3: Edad ignorada
A4: 1990 | B4: =+SUM(C4:W4) -> 66676 | C4: 8118 | D4: 8420 | E4: 7096 | F4: 6523 | G4: 6440 | H4: 5425 | I4: 4447 | J4: 4194 | K4: 3432 | L4: 3406 | M4: 1921 | N4: 1833 | O4: 1312 | P4: 972 | Q4: 788 | R4: 416 | S4: 258 | T4: 238 | U4: 195 | V4: 370 | W4: 872
A5: 1991 | B5: =+SUM(C5:W5) -> 66778 | C5: 8947 | D5: 8521 | E5: 7019 | F5: 6338 | G5: 6083 | H5: 5592 | I5: 4418 | J5: 4148 | K5: 3203 | L5: 3259 | M5: 2081 | N5: 1843 | O5: 1243 | P5: 825 | Q5: 679 | R5: 385 | S5: 215 | T5: 171 | U5: 152 | V5: 320 | W5: 1336
A6: 1992 | B6: =+SUM(C6:W6) -> 68028 | C6: 8447 | D6: 9812 | E6: 7186 | F6: 6284 | G6: 5967 | H6: 5288 | I6: 4598 | J6: 4278 | K6: 3288 | L6: 2947 | M6: 2064 | N6: 2100 | O6: 1223 | P6: 857 | Q6: 637 | R6: 353 | S6: 204 | T6: 182 | U6: 119 | V6: 307 | W6: 1887
A7: 1993 | B7: =+SUM(C7:W7) -> 69667 | C7: 8422 | D7: 9490 | E7: 8376 | F7: 6744 | G7: 6078 | H7: 5429 | I7: 4601 | J7: 4434 | K7: 3527 | L7: 3025 | M7: 1847 | N7: 1997 | O7: 1423 | P7: 824 | Q7: 654 | R7: 340 | S7: 194 | T7: 181 | U7: 106 | V7: 307 | W7: 1668
A8: 1994 | B8: =+SUM(C8:W8) -> 68896 | C8: 8448 | D8: 9129 | E8: 7792 | F8: 7499 | G8: 5901 | H8: 5266 | I8: 4457 | J8: 4275 | K8: 3495 | L8: 3109 | M8: 1902 | N8: 1652 | O8: 1286 | P8: 921 | Q8: 573 | R8: 319 | S8: 196 | T8: 155 | U8: 134 | V8: 290 | W8: 2097
A9: 1995 | B9: =+SUM(C9:W9) -> 67407 | C9: 8166 | D9: 8900 | E9: 7221 | F9: 6678 | G9: 6468 | H9: 4898 | I9: 4239 | J9: 4177 | K9: 3218 | L9: 3052 | M9: 1801 | N9: 1742 | O9: 1145 | P9: 823 | Q9: 688 | R9: 317 | S9: 172 | T9: 151 | U9: 120 | V9: 210 | W9: 3221
A10: 1996 | B10: =+SUM(C10:W10) -> 67257 | C10: 8303 | D10: 8748 | E10: 7591 | F10: 6539 | G10: 6106 | H10: 5616 | I10: 4191 | J10: 3921 | K10: 3108 | L10: 2898 | M10: 1861 | N10: 1683 | O10: 1232 | P10: 792 | Q10: 561 | R10: 360 | S10: 188 | T10: 152 | U10: 138 | V10: 201 | W10: 3068
A11: 1997 | B11: =+SUM(C11:W11) -> 67780 | C11: 8508 | D11: 8919 | E11: 7599 | F11: 6870 | G11: 5877 | H11: 5481 | I11: 4918 | J11: 4142 | K11: 3250 | L11: 3000 | M11: 1815 | N11: 1709 | O11: 1227 | P11: 781 | Q11: 583 | R11: 309 | S11: 225 | T11: 151 | U11: 106 | V11: 157 | W11: 2153
A12: 1998 | B12: =+SUM(C12:W12) -> 66756 | C12: 7966 | D12: 8751 | E12: 7574 | F12: 6664 | G12: 6082 | H12: 5095 | I12: 4648 | J12: 4542 | K12: 3035 | L12: 2829 | M12: 1692 | N12: 1600 | O12: 1069 | P12: 751 | Q12: 526 | R12: 282 | S12: 184 | T12: 157 | U12: 128 | V12: 167 | W12: 3014
A13: 1999 | B13: =+SUM(C13:W13) -> 75567 | C13: 8931 | D13: 9281 | E13: 8437 | F13: 7445 | G13: 6657 | H13: 5828 | I13: 4692 | J13: 4670 | K13: 3878 | L13: 3094 | M13: 1904 | N13: 1777 | O13: 1208 | P13: 843 | Q13: 590 | R13: 315 | S13: 193 | T13: 162 | U13: 228 | V13: 54 | W13: 5380
A14: 2000 | B14: =+SUM(C14:W14) -> 75875 | C14: 8545 | D14: 9113 | E14: 7738 | F14: 6861 | G14: 6549 | H14: 5694 | I14: 4735 | J14: 4360 | K14: 3594 | L14: 3142 | M14: 1726 | N14: 1592 | O14: 1169 | P14: 715 | Q14: 587 | R14: 327 | S14: 195 | T14: 147 | U14: 250 | V14: - | W14: 8836
A15: 2001 | B15: =+SUM(C15:W15) -> 71190 | C15: 8870 | D15: 8431 | E15: 7329 | F15: 6461 | G15: 5996 | H15: 5450 | I15: 4440 | J15: 4228 | K15: 3123 | L15: 2946 | M15: 1921 | N15: 1600 | O15: 1028 | P15: 670 | Q15: 522 | R15: 302 | S15: 148 | T15: 115 | U15: 187 | V15: - | W15: 7423
A16: 2002 | B16: =+SUM(C16:W16) -> 69386 | C16: 8239 | D16: 8989 | E16: 6982 | F16: 6270 | G16: 5707 | H16: 5187 | I16: 4523 | J16: 4113 | K16: 3182 | L16: 2788 | M16: 1858 | N16: 1750 | O16: 969 | P16: 601 | Q16: 459 | R16: 237 | S16: 163 | T16: 125 | U16: 238 | V16: - | W16: 7006
A17: 2003 | B17: =+SUM(C17:W17) -> 66431 | C17: 7372 | D17: 8252 | E17: 7304 | F17: 5789 | G17: 5297 | H17: 4754 | I17: 4327 | J17: 3983 | K17: 3060 | L17: 2666 | M17: 1616 | N17: 1511 | O17: 1123 | P17: 586 | Q17: 432 | R17: 253 | S17: 161 | T17: 133 | U17: 214 | V17: - | W17: 7598
A18: 2004 | B18: =+SUM(C18:W18) -> 64435 | C18: 7171 | D18: 7428 | E18: 6755 | F18: 6075 | G18: 5029 | H18: 4520 | I18: 3935 | J18: 3687 | K18: 3067 | L18: 2725 | M18: 1551 | N18: 1415 | O18: 986 | P18: 732 | Q18: 420 | R18: 245 | S18: 146 | T18: 100 | U18: 145 | V18: - | W18: 8303
A19: 2005 | B19: =+SUM(C19:W19) -> 62761 | C19: 7215 | D19: 7316 | E19: 6565 | F19: 5974 | G19: 5537 | H19: 4491 | I19: 3878 | J19: 3626 | K19: 3019 | L19: 2495 | M19: 1559 | N19: 1430 | O19: 951 | P19: 651 | Q19: 494 | R19: 224 | S19: 135 | T19: 112 | U19: 188 | V19: - | W19: 6901
A20: 2006 | B20: =+SUM(C20:W20) -> 67607 | C20: 7994 | D20: 8215 | E20: 7180 | F20: 6197 | G20: 5795 | H20: 5261 | I20: 4098 | J20: 3825 | K20: 3028 | L20: 2593 | M20: 1593 | N20: 1473 | O20: 965 | P20: 571 | Q20: 473 | R20: 292 | S20: 141 | T20: 103 | U20: 223 | V20: - | W20: 7587
A21: 2007 | B21: =+SUM(C21:W21) -> 67617 | C21: 8097 | D21: 8277 | E21: 7078 | F21: 6248 | G21: 5628 | H21: 5166 | I21: 4495 | J21: 3672 | K21: 3163 | L21: 2580 | M21: 1637 | N21: 1460 | O21: 931 | P21: 575 | Q21: 389 | R21: 219 | S21: 143 | T21: 111 | U21: 225 | V21: - | W21: 7523
A22: 2008 | B22: =+SUM(C22:W22) -> 69227 | C22: 8626 | D22: 8674 | E22: 7506 | F22: 6559 | G22: 5792 | H22: 4985 | I22: 4423 | J22: 4134 | K22: 2953 | L22: 2622 | M22: 1602 | N22: 1422 | O22: 946 | P22: 614 | Q22: 399 | R22: 190 | S22: 138 | T22: 128 | U22: 154 | V22: - | W22: 7360
A23: 2009 | B23: =+SUM(C23:W23) -> 69349 | C23: 9132 | D23: 9136 | E23: 7541 | F23: 6678 | G23: 6137 | H23: 5017 | I23: 4387 | J23: 4198 | K23: 3395 | L23: 2635 | M23: 1578 | N23: 1399 | O23: 901 | P23: 599 | Q23: 366 | R23: 196 | S23: 116 | T23: 82 | U23: 141 | V23: - | W23: 5715
A24: 2010 | B24: =+SUM(C24:W24) -> 68066 | C24: 9398 | D24: 9067 | E24: 8086 | F24: 6757 | G24: 6181 | H24: 5116 | I24: 4357 | J24: 3953 | K24: 3355 | L24: 2605 | M24: 1567 | N24: 1381 | O24: 790 | P24: 514 | Q24: 349 | R24: 185 | S24: 95 | T24: 94 | U24: 111 | V24: - | W24: 4105
A25: 2011 | B25: =+SUM(C25:W25) -> 71681 | C25: 10357 | D25: 9622 | E25: 8420 | F25: 7069 | G25: 6353 | H25: 5449 | I25: 4698 | J25: 4176 | K25: 3279 | L25: 2592 | M25: 1711 | N25: 1346 | O25: 895 | P25: 555 | Q25: 336 | R25: 178 | S25: 89 | T25: 56 | U25: 90 | V25: - | W25: 4410
A26: 2012 | B26: =+SUM(C26:W26) -> 72081 | C26: 10548 | D26: 9806 | E26: 8558 | F26: 7345 | G26: 6363 | H26: 5521 | I26: 4808 | J26: 4103 | K26: 3307 | L26: 2621 | M26: 1731 | N26: 1303 | O26: 839 | P26: 494 | Q26: 285 | R26: 164 | S26: 89 | T26: 68 | U26: 92 | V26: - | W26: 4036
A27: 2013 | B27: =+SUM(C27:W27) -> 70703 | C27: 10198 | D27: 9568 | E27: 8582 | F27: 7321 | G27: 6595 | H27: 5584 | I27: 4610 | J27: 3985 | K27: 3174 | L27: 2603 | M27: 1923 | N27: 1410 | O27: 950 | P27: 563 | Q27: 303 | R27: 178 | S27: 106 | T27: 82 | U27: 80 | V27: 0 | W27: 2888
A28: 2014 | B28: =+SUM(C28:W28) -> 71582 | C28: 10296 | D28: 9769 | E28: 8776 | F28: 7934 | G28: 7231 | H28: 6234 | I28: 4993 | J28: 4277 | K28: 3408 | L28: 2679 | M28: 2030 | N28: 1435 | O28: 940 | P28: 618 | Q28: 335 | R28: 176 | S28: 85 | T28: 70 | U28: 48 | V28: 0 | W28: 248
A29: 2015 (p**) | B29: =+SUM(C29:W29) -> 69797 | C29: 9823 | D29: 9256 | E29: 8415 | F29: 7547 | G29: 6845 | H29: 5863 | I29: 4784 | J29: 3940 | K29: 3015 | L29: 2435 | M29: 1788 | N29: 1223 | O29: 734 | P29: 465 | Q29: 235 | R29: 130 | S29: 62 | T29: 57 | U29: 30 | W29: 3150
A31: 1/ Nacidos vivos registrados (t+1): corresponden a los nacidos vivos ocurridos en el año de estudio, e inscritos hasta el 31 de diciembre del año siguiente. A excepción del dato 2015 que corresponden a los nacidos vivos ocurridos en el año de estudio e inscritos hasta el 30 de junio del 2016. Fuente: Registro estadístico de nacidos vivos, años 1990 - 2015.
A32: p**) cifras provisionales: corresponden a los datos o indicadores que se generan con información de los nacidos vivos ocurridos en el 2015, y que están sujetos a ajustes por registros posteriores.
A33: Importante: Leer la Nota técnica Registro de Estadísticas Vitales 2015 en el siguiente link:
A34: http://www.ecuadorencifras.gob.ec/documentos/web-inec/Poblacion_y_Demografia/Nacimientos_Defunciones/2015/Nota_tecnica_Registro_de_Estadisticas_Vitales_2015.pdf

Sheet 1.2.2
A1: Serie 1.2.2
A2: Número de nacidos vivos registrados (t+1) por nivel de instrucción de la madre Periodo 1990 - 2015 | N2: ÍNDICE
A3: Año | B3: Nacidos vivos (t+1) 1/ | C3: Nivel de instrucción alcanzado
C4: Ninguno | D4: Centro de Alfabetización | E4: Primaria | F4: Secundaria | G4: Eduacación Básica | H4: Educación Media | I4: Ciclo Post Bachillerato | J4: Superior | K4: Postgrado | L4: Se Ignora
A5: 1990 | B5: =SUM(C5:L5) -> 263629 | C5: 1546 | D5: 2552 | E5: 127114 | F5: 69083 | G5: - | H5: - | I5: - | J5: 20707 | K5: - | L5: 42627
A6: 1991 | B6: =SUM(C6:L6) -> 265581 | C6: 1244 | D6: 2213 | E6: 127269 | F6: 73305 | G6: - | H6: - | I6: - | J6: 20915 | K6: - | L6: 40635
A7: 1992 | B7: =SUM(C7:L7) -> 269896 | C7: 1202 | D7: 1989 | E7: 127698 | F7: 75848 | G7: - | H7: - | I7: - | J7: 22326 | K7: - | L7: 40833
A8: 1993 | B8: =SUM(C8:L8) -> 279678 | C8: 1220 | D8: 2090 | E8: 131263 | F8: 80781 | G8: - | H8: - | I8: - | J8: 23570 | K8: - | L8: 40754
A9: 1994 | B9: =SUM(C9:L9) -> 277625 | C9: 1391 | D9: 2183 | E9: 129407 | F9: 83165 | G9: - | H9: - | I9: - | J9: 23451 | K9: - | L9: 38028
A10: 1995 | B10: =SUM(C10:L10) -> 271340 | C10: 1187 | D10: 2284 | E10: 121506 | F10: 80692 | G10: - | H10: - | I10: - | J10: 22790 | K10: - | L10: 42881
A11: 1996 | B11: =SUM(C11:L11) -> 270578 | C11: 1054 | D11: 2160 | E11: 120684 | F11: 85103 | G11: - | H11: - | I11: - | J11: 23132 | K11: - | L11: 38445
A12: 1997 | B12: =SUM(C12:L12) -> 271758 | C12: 955 | D12: 2224 | E12: 121241 | F12: 88018 | G12: - | H12: - | I12: - | J12: 23768 | K12: - | L12: 35552
A13: 1998 | B13: =SUM(C13:L13) -> 275955 | C13: 1401 | D13: 2659 | E13: 121874 | F13: 90523 | G13: - | H13: - | I13: - | J13: 24246 | K13: - | L13: 35252
A14: 1999 | B14: =SUM(C14:L14) -> 305284 | C14: 2146 | D14: 2764 | E14: 133093 | F14: 101666 | G14: - | H14: - | I14: - | J14: 25488 | K14: - | L14: 40127
A15: 2000 | B15: =SUM(C15:L15) -> 296149 | C15: 2082 | D15: 2475 | E15: 124192 | F15: 98277 | G15: - | H15: - | I15: - | J15: 26774 | K15: - | L15: 42349
A16: 2001 | B16: =SUM(C16:L16) -> 278170 | C16: 1663 | D16: 1914 | E16: 114377 | F16: 93361 | G16: - | H16: - | I16: - | J16: 27048 | K16: - | L16: 39807
... A23: 2008 | B23: =SUM(C23:L23) -> 291055 | C23: 2734 | D23: 86119 | E23: 78988 | F23: 20414 | G23: - | H23: - | I23: - | J23: 17422 | K23: - | L23: 85378
A24: 2009 | B24: =SUM(C24:L24) -> 298337 | C24: 3191 | D24: 64026 | E24: 94710 | F24: 38803 | G24: 5765 | H24: 4422 | I24: 1093 | J24: 21473 | K24: 91 | L24: 64763
A25: 2010 | B25: =SUM(C25:L25) -> 292375 | C25: 5325 | D25: 1392 | E25: 96115 | F25: 100105 | G25: 10901 | H25: 9521 | I25: 4458 | J25: 39077 | K25: 639 | L25: 24842
A26: 2011 | B26: =SUM(C26:L26) -> 301106 | C26: 4899 | D26: 1236 | E26: 98614 | F26: 112214 | G26: 8247 | H26: 4553 | I26: 4881 | J26: 42241 | K26: 782 | L26: 23439
A27: 2012 | B27: =SUM(C27:L27) -> 297309 | C27: 4323 | D27: 1194 | E27: 92969 | F27: 109488 | G27: 9942 | H27: 4515 | I27: 4846 | J27: 43856 | K27: 948 | L27: 25228
A28: 2013 | B28: =SUM(C28:L28) -> 277620 | C28: 2579 | D28: 1143 | E28: 80641 | F28: 104223 | G28: 13582 | H28: 4638 | I28: 6398 | J28: 44267 | K28: 906 | L28: 19243
A29: 2014 | B29: =SUM(C29:L29) -> 278460 | C29: 612 | D29: 898 | E29: 70842 | F29: 84939 | G29: 20518 | H29: 30504 | I29: 4157 | J29: 45439 | K29: 852 | L29: 19699
A30: 2015 (p**) | B30: =SUM(C30:L30) -> 273280 | C30: 1291 | D30: 755 | E30: 57849 | F30: 80224 | G30: 19305 | H30: 45566 | I30: 3403 | J30: 46162 | K30: 775 | L30: 17950
A32: 1/ Nacidos vivos registrados (t+1): corresponden a los nacidos vivos ocurridos en el año de estudio, e inscritos hasta el 31 de diciembre del año siguiente. A excepción del dato 2015 que corresponden a los nacidos vivos ocurridos en el año de estudio e inscritos hasta el 30 de junio del 2016. Fuente: Registro estadístico de nacidos vivos, años 1990 - 2015.
A33: p**) cifras provisionales: corresponden a los datos o indicadores que se generan con información de los nacidos vivos ocurridos en el 2015, y que están sujetos a ajustes por registros posteriores.
A34: Importante: Leer la Nota técnica Registro de Estadísticas Vitales 2015 en el siguiente link:
A35: http://www.ecuadorencifras.gob.ec/documentos/web-inec/Poblacion_y_Demografia/Nacimientos_Defunciones/2015/Nota_tecnica_Registro_de_Estadisticas_Vitales_2015.pdf

Sheet 1.2.3
A1: Serie 1.2.3
A2: Número de nacidos vivos registrados (t+1) por producto de embarazo de la madre Periodo 1990 - 2015 | I2: INDICE
A3: Año | B3: Nacidos vivos (t+1) 1/ | C3: Producto de embarazo
C4: Simple | D4: Doble | E4: Triple | F4: Cuadruple o más | G4: Ignorado
A5: 1990 | B5: =SUM(C5:G5) -> 263629 | C5: 260674 | D5: 2916 | E5: 38 | F5: - | G5: 1
A6: 1991 | B6: =SUM(C6:G6) -> 265581 | C6: 262929 | D6: 2592 | E6: 56 | F6: 4 | G6: -
A7: 1992 | B7: =SUM(C7:G7) -> 269896 | C7: 267154 | D7: 2683 | E7: 54 | F7: 5 | G7: -
A8: 1993 | B8: =SUM(C8:G8) -> 279678 | C8: 276811 | D8: 2772 | E8: 62 | F8: 33 | G8: -
A9: 1994 | B9: =SUM(C9:G9) -> 277625 | C9: 275098 | D9: 2412 | E9: 74 | F9: 41 | G9: -
A10: 1995 | B10: =SUM(C10:G10) -> 271340 | C10: 268767 | D10: 2448 | E10: 60 | F10: 65 | G10: -
A11: 1996 | B11: =SUM(C11:G11) -> 270578 | C11: 267979 | D11: 2493 | E11: 71 | F11: 35 | G11: -
A12: 1997 | B12: =SUM(C12:G12) -> 271758 | C12: 269280 | D12: 2371 | E12: 55 | F12: 52 | G12: -
A13: 1998 | B13: =SUM(C13:G13) -> 275955 | C13: 273631 | D13: 2221 | E13: 66 | F13: 37 | G13: -
A14: 1999 | B14: =SUM(C14:G14) -> 305284 | C14: 302532 | D14: 2637 | E14: 66 | F14: 49 | G14: -
A15: 2000 | B15: =SUM(C15:G15) -> 296149 | C15: 293534 | D15: 2445 | E15: 91 | F15: 79 | G15: -
A16: 2001 | B16: =SUM(C16:G16) -> 278170 | C16: 275591 | D16: 2428 | E16: 76 | F16: 75 | G16: -
A17: 2002 | B17: =SUM(C17:G17) -> 275300 | C17: 272743 | D17: 2372 | E17: 76 | F17: 109 | G17: -
A18: 2003 | B18: =SUM(C18:G18) -> 262004 | C18: 259673 | D18: 2226 | E18: 75 | F18: 30 | G18: -
A19: 2004 | B19: =SUM(C19:G19) -> 254362 | C19: 252150 | D19: 2104 | E19: 52 | F19: 55 | G19: 1
A20: 2005 | B20: =SUM(C20:G20) -> 252725 | C20: 250608 | D20: 1975 | E20: 68 | F20: 65 | G20: 9
A21: 2006 | B21: =SUM(C21:G21) -> 278591 | C21: 276317 | D21: 2064 | E21: 79 | F21: 98 | G21: 33
A22: 2007 | B22: =SUM(C22:G22) -> 283984 | C22: 281780 | D22: 2033 | E22: 87 | F22: 80 | G22: 4
A23: 2008 | B23: =SUM(C23:G23) -> 291055 | C23: 288381 | D23: 2576 | E23: 68 | F23: 30 | G23: -
A24: 2009 | B24: =SUM(C24:G24) -> 298337 | C24: 295468 | D24: 2747 | E24: 67 | F24: 55 | G24: -
A25: 2010 | B25: =SUM(C25:G25) -> 292375 | C25: 289350 | D25: 2772 | E25: 93 | F25: 160 | G25: -
A26: 2011 | B26: =SUM(C26:G26) -> 301106 | C26: 297633 | D26: 2902 | E26: 176 | F26: 395 | G26: -
A27: 2012 | B27: =SUM(C27:G27) -> 297309 | C27: 293211 | D27: 3780 | E27: 217 | F27: 101 | G27: -
A28: 2013 | B28: =SUM(C28:G28) -> 277620 | C28: 273853 | D28: 3657 | E28: 106 | F28: 4 | G28: -
A29: 2014 | B29: =SUM(C29:G29) -> 278460 | C29: 274497 | D29: 3839 | E29: 114 | F29: 10 | G29: -
A30: 2015 (p**) | B30: =SUM(C30:G30) -> 273280 | C30: 266299 | D30: 3830 | E30: 77 | F30: 19 | G30: 3055
A32: 1/ Nacidos vivos registrados (t+1): corresponden a los nacidos vivos ocurridos en el año de estudio, e inscritos hasta el 31 de diciembre del año siguiente. A excepción del dato 2015 que corresponden a los nacidos vivos ocurridos en el año de estudio e inscritos hasta el 30 de junio del 2016. Fuente: Registro estadístico de nacidos vivos, años 1990 - 2015.
A33: p**) cifras provisionales: corresponden a los datos o indicadores que se generan con información de los nacidos vivos ocurridos en el 2015, y que están sujetos a ajustes por registros posteriores.
A34: Importante: Leer la Nota técnica Registro de Estadísticas Vitales 2015 en el siguiente link:
A35: http://www.ecuadorencifras.gob.ec/documentos/web-inec/Poblacion_y_Demografia/Nacimientos_Defunciones/2015/Nota_tecnica_Registro_de_Estadisticas_Vitales_2015.pdf

Sheet 1.2.4
A1: Serie 1.2.4
A2: Nacidos vivos registrados (t+1), porcentaje de nacimientos según asistencia de personal médico en el parto a nivel nacional Periodo 1990 - 2015 | AT2: INDICE
A3: Años | B3: Nacidos vivos asistidos por personal médico, según edad de la madre (Grupos quinquenales) 2/ | M3: Nacidos vivos asistidos por personal no médico, según edad de la madre (Grupos quinquenales) 3/ | X3: Nacimientos según edad de la madre Grupos quinquenales 4/ | AJ3: Porcentaje de nacimientos, según asistencia de personal médico en el parto (Grupos quinquenales) 5/
B4: Total | C4: 10 -14 años | D4: 15 -19 años | E4: 20 -24 años | F4: 25 -29 años | G4: 30 -34 años | H4: 35 -39 años | I4: 40 -44 años | J4: 45 -49 años | K4: >= 50 años | L4: Edad ignorada | M4: Total | N4: 10 -14 años | O4: 15 -19 años | P4: 20 -24 años | Q4: 25 -29 años | R4: 30 -34 años | S4: 35 -39 años | T4: 40 -44 años | U4: 45 -49 años | V4: >= 50 años | W4: Edad ignorada | X4: Total | Y4: 10 -14 años | Z4: 15 -19 años | AA4: 20 -24 años | AB4: 25 -29 años | AC4: 30 -34 años | AD4: 35 -39 años | AE4: 40 -44 años | AF4: 45 -49 años | AG4: >= 50 años | AH4: Edad ignorada | AI4: Total nacional | AJ4: 10 -14 años | AK4: 15 -19 años | AL4: 20 -24 años | AM4: 25 -29 años | AN4: 30 -34 años | AO4: 35 -39 años | AP4: 40 -44 años | AQ4: 45 -49 años | AR4: >= 50 años | AS4: Edad ignorada
A5: 1990 | B5: =+SUM(C5:L5) -> 153361 | C5: 354 | D5: 23116 | E5: 47992 | F5: 40529 | G5: 24742 | H5: 11869 | I5: 3656 | J5: 613 | K5: 100 | L5: 390 | M5: =+SUM(N5:W5) -> 110268 | N5: 280 | O5: 16468 | P5: 31401 | Q5: 24657 | R5: 17571 | S5: 12069 | T5: 5788 | U5: 1282 | V5: 270 | W5: 482 | X5: =SUM(Y5:AH5) -> 263629 | Y5: =+N5+C5 -> 634 | Z5: =+O5+D5 -> 39584 | AA5: =+P5+E5 -> 79393 | AB5: =+Q5+F5 -> 65186 | AC5: =+R5+G5 -> 42313 | AD5: =+S5+H5 -> 23938 | AE5: =+T5+I5 -> 9444 | AF5: =+U5+J5 -> 1895 | ... AH5: =+W5+L5 -> 872 | AI5: =+B5/X5*100 -> 58.173039 | AJ5: =+C5/Y5*100 -> 55.835962 | AK5: =+D5/Z5*100 -> 58.397332 | AL5: =+E5/AA5*100 -> 60.448654 | AM5: =+F5/AB5*100 -> 62.174393 | AN5: =+G5/AC5*100 -> 58.473755 | AO5: =+H5/AD5*100 -> 49.582254 | AP5: =+I5/AE5*100 -> 38.71241 | ... AS5: =+L5/AH5*100 -> 44.724771
A6: 1991 | B6: =+SUM(C6:L6) -> 156562 | C6: 386 | D6: 23644 | E6: 49411 | F6: 41140 | G6: 25319 | H6: 11802 | I6: 3626 | J6: 500 | K6: 92 | L6: 642 | M6: =+SUM(N6:W6) -> 109019 | N6: 291 | O6: 16351 | P6: 31561 | Q6: 23851 | R6: 17674 | S6: 11642 | T6: 5625 | U6: 1102 | V6: 228 | W6: 694 | X6: =SUM(Y6:AH6) -> 265581 | Y6: =+N6+C6 -> 677 | Z6: =+O6+D6 -> 39995 | AA6: =+P6+E6 -> 80972 | AB6: =+Q6+F6 -> 64991 | AC6: =+R6+G6 -> 42993 | AD6: =+S6+H6 -> 23444 | AE6: =+T6+I6 -> 9251 | AF6: =+U6+J6 -> 1602 | ... AH6: =+W6+L6 -> 1336 | AI6: =+B6/X6*100 -> 58.950753 | AJ6: =+C6/Y6*100 -> 57.016248 | AK6: =+D6/Z6*100 -> 59.11739 | AL6: =+E6/AA6*100 -> 61.022329 | AM6: =+F6/AB6*100 -> 63.301072 | AN6: =+G6/AC6*100 -> 58.890982 | AO6: =+H6/AD6*100 -> 50.341239 | AP6: =+I6/AE6*100 -> 39.195763 | ... AS6: =+L6/AH6*100 -> 48.053892
A7: 1992 | B7: =+SUM(C7:L7) -> 162935 | C7: 444 | D7: 25411 | E7: 51394 | F7: 41994 | G7: 26172 | H7: 12385 | I7: 3777 | J7: 471 | K7: 79 | L7: 808 | M7: =+SUM(N7:W7) -> 106961 | N7: 297 | O7: 16580 | P7: 31155 | Q7: 23314 | R7: 16836 | S7: 11034 | T7: 5414 | U7: 1024 | V7: 228 | W7: 1079 | X7: =SUM(Y7:AH7) -> 269896 | Y7: =+N7+C7 -> 741 | Z7: =+O7+D7 -> 41991 | AA7: =+P7+E7 -> 82549 | AB7: =+Q7+F7 -> 65308 | AC7: =+R7+G7 -> 43008 | AD7: =+S7+H7 -> 23419 | AE7: =+T7+I7 -> 9191 | AF7: =+U7+J7 -> 1495 | ... AH7: =+W7+L7 -> 1887 | AI7: =+B7/X7*100 -> 60.36955 | AJ7: =+C7/Y7*100 -> 59.919028 | AK7: =+D7/Z7*100 -> 60.515349 | AL7: =+E7/AA7*100 -> 62.25878 | AM7: =+F7/AB7*100 -> 64.301464 | AN7: =+G7/AC7*100 -> 60.853795 | AO7: =+H7/AD7*100 -> 52.88441 | AP7: =+I7/AE7*100 -> 41.094549 | ... AS7: =+L7/AH7*100 -> 42.81929
A8: 1993 | B8: =+SUM(C8:L8) -> 173499 | C8: 492 | D8: 27274 | E8: 54327 | F8: 44450 | G8: 28550 | H8: 13028 | I8: 3899 | J8: 524 | K8: 95 | L8: 860 | M8: =+SUM(N8:W8) -> 106179 | N8: 300 | O8: 16839 | P8: 30916 | Q8: 23046 | R8: 16849 | S8: 11041 | T8: 5217 | U8: 951 | V8: 212 | W8: 808 | X8: =SUM(Y8:AH8) -> 279678 | Y8: =+N8+C8 -> 792 | Z8: =+O8+D8 -> 44113 | AA8: =+P8+E8 -> 85243 | AB8: =+Q8+F8 -> 67496 | AC8: =+R8+G8 -> 45399 | AD8: =+S8+H8 -> 24069 | AE8: =+T8+I8 -> 9116 | AF8: =+U8+J8 -> 1475 | ... AH8: =+W8+L8 -> 1668 | AI8: =+B8/X8*100 -> 62.035269 | AJ8: =+C8/Y8*100 -> 62.121212 | AK8: =+D8/Z8*100 -> 61.827579 | AL8: =+E8/AA8*100 -> 63.731919 | AM8: =+F8/AB8*100 -> 65.855754 | AN8: =+G8/AC8*100 -> 62.886848 | AO8: =+H8/AD8*100 -> 54.127716 | AP8: =+I8/AE8*100 -> 42.770952 | ... AS8: =+L8/AH8*100 -> 51.558753
A9: 1994 | B9: =+SUM(C9:L9) -> 175183 | C9: 620 | D9: 28552 | E9: 55118 | F9: 43329 | G9: 28956 | H9: 13066 | I9: 3941 | J9: 504 | K9: 90 | L9: 1007 | M9: =+SUM(N9:W9) -> 102442 | N9: 325 | O9: 16432 | P9: 30278 | Q9: 22043 | R9: 15944 | S9: 10328 | T9: 4929 | U9: 873 | V9: 200 | W9: 1090 | X9: =SUM(Y9:AH9) -> 277625 | Y9: =+N9+C9 -> 945 | Z9: =+O9+D9 -> 44984 | AA9: =+P9+E9 -> 85396 | AB9: =+Q9+F9 -> 65372 | AC9: =+R9+G9 -> 44900 | AD9: =+S9+H9 -> 23394 | AE9: =+T9+I9 -> 8870 | AF9: =+U9+J9 -> 1377 | ... AH9: =+W9+L9 -> 2097 | AI9: =+B9/X9*100 -> 63.100585 | AJ9: =+C9/Y9*100 -> 65.608466 | AK9: =+D9/Z9*100 -> 63.471457 | AL9: =+E9/AA9*100 -> 64.544007 | AM9: =+F9/AB9*100 -> 66.280671 | AN9: =+G9/AC9*100 -> 64.489978 | AO9: =+H9/AD9*100 -> 55.851928 | AP9: =+I9/AE9*100 -> 44.430665 | ... AS9: =+L9/AH9*100 -> 48.020982
A10: 1995 | B10: =+SUM(C10:L10) -> 176187 | C10: 561 | D10: 29816 | E10: 54171 | F10: 43618 | G10: 28444 | H10: 13304 | I10: 4023 | J10: 518 | K10: 82 | L10: 1650 | M10: =+SUM(N10:W10) -> 95153 | N10: 326 | O10: 15680 | P10: 27393 | Q10: 20606 | R10: 14283 | S10: 9696 | T10: 4540 | U10: 930 | V10: 128 | W10: 1571 | X10: =SUM(Y10:AH10) -> 271340 | Y10: =+N10+C10 -> 887 | Z10: =+O10+D10 -> 45496 | AA10: =+P10+E10 -> 81564 | AB10: =+Q10+F10 -> 64224 | AC10: =+R10+G10 -> 42727 | AD10: =+S10+H10 -> 23000 | AE10: =+T10+I10 -> 8563 | AF10: =+U10+J10 -> 1448 | ... AH10: =+W10+L10 -> 3221 | AI10: =+B10/X10*100 -> 64.932188 | AJ10: =+C10/Y10*100 -> 63.2469 | AK10: =+D10/Z10*100 -> 65.535432 | AL10: =+E10/AA10*100 -> 66.41533 | AM10: =+F10/AB10*100 -> 67.915421 | AN10: =+G10/AC10*100 -> 66.571489 | AO10: =+H10/AD10*100 -> 57.843478 | AP10: =+I10/AE10*100 -> 46.981198 | ... AS10: =+L10/AH10*100 -> 51.226327
A11: 1996 | B11: =+SUM(C11:L11) -> 182882 | C11: 603 | D11: 31526 | E11: 55426 | F11: 44969 | G11: 29456 | H11: 14116 | I11: 4253 | J11: 538 | K11: 61 | L11: 1934 | M11: =+SUM(N11:W11) -> 87696 | N11: 308 | O11: 14857 | P11: 25179 | Q11: 18889 | R11: 13289 | S11: 8826 | T11: 4213 | U11: 861 | V11: 140 | W11: 1134 | X11: =SUM(Y11:AH11) -> 270578 | Y11: =+N11+C11 -> 911 | Z11: =+O11+D11 -> 46383 | AA11: =+P11+E11 -> 80605 | AB11: =+Q11+F11 -> 63858 | AC11: =+R11+G11 -> 42745 | AD11: =+S11+H11 -> 22942 | AE11: =+T11+I11 -> 8466 | AF11: =+U11+J11 -> 1399 | ... AH11: =+W11+L11 -> 3068 | AI11: =+B11/X11*100 -> 67.589383 | AJ11: =+C11/Y11*100 -> 66.190999 | AK11: =+D11/Z11*100 -> 67.968868 | AL11: =+E11/AA11*100 -> 68.762484 | AM11: =+F11/AB11*100 -> 70.420308 | AN11: =+G11/AC11*100 -> 68.910984 | AO11: =+H11/AD11*100 -> 61.529073 | AP11: =+I11/AE11*100 -> 50.236239 | ... AS11: =+L11/AH11*100 -> 63.03781
A12: 1997 | B12: =+SUM(C12:L12) -> 183988 | C12: 526 | D12: 31231 | E12: 55944 | F12: 45388 | G12: 29907 | H12: 14760 | I12: 4364 | J12: 541 | K12: 43 | L12: 1284 | M12: =+SUM(N12:W12) -> 87770 | N12: 268 | O12: 15108 | P12: 25476 | Q12: 18849 | R12: 13177 | S12: 8908 | T12: 4168 | U12: 833 | V12: 114 | W12: 869 | X12: =SUM(Y12:AH12) -> 271758 | Y12: =+N12+C12 -> 794 | Z12: =+O12+D12 -> 46339 | AA12: =+P12+E12 -> 81420 | AB12: =+Q12+F12 -> 64237 | AC12: =+R12+G12 -> 43084 | AD12: =+S12+H12 -> 23668 | AE12: =+T12+I12 -> 8532 | AF12: =+U12+J12 -> 1374 | ... AH12: =+W12+L12 -> 2153 | AI12: =+B12/X12*100 -> 67.702883 | AJ12: =+C12/Y12*100 -> 66.246851 | AK12: =+D12/Z12*100 -> 67.396793 | AL12: =+E12/AA12*100 -> 68.710391 | AM12: =+F12/AB12*100 -> 70.657098 | AN12: =+G12/AC12*100 -> 69.41556 | AO12: =+H12/AD12*100 -> 62.362684 | AP12: =+I12/AE12*100 -> 51.148617 | ... AS12: =+L12/AH12*100 -> 59.637715
A13: 1998 | B13: =+SUM(C13:L13) -> 189975 | C13: 603 | D13: 34179 | E13: 58147 | F13: 45699 | G13: 29879 | H13: 14765 | I13: 4090 | J13: 523 | K13: 50 | L13: 2040 | M13: =+SUM(N13:W13) -> 85980 | N13: 343 | O13: 15310 | P13: 25384 | Q13: 18353 | R13: 12257 | S13: 8637 | T13: 3851 | U13: 754 | V13: 117 | W13: 974 | X13: =SUM(Y13:AH13) -> 275955 | Y13: =+N13+C13 -> 946 | Z13: =+O13+D13 -> 49489 | AA13: =+P13+E13 -> 83531 | AB13: =+Q13+F13 -> 64052 | AC13: =+R13+G13 -> 42136 | AD13: =+S13+H13 -> 23402 | AE13: =+T13+I13 -> 7941 | AF13: =+U13+J13 -> 1277 | ... AH13: =+W13+L13 -> 3014 | AI13: =+B13/X13*100 -> 68.842746 | AJ13: =+C13/Y13*100 -> 63.742072 | AK13: =+D13/Z13*100 -> 69.063832 | AL13: =+E13/AA13*100 -> 69.611282 | AM13: =+F13/AB13*100 -> 71.346718 | AN13: =+G13/AC13*100 -> 70.91086 | AO13: =+H13/AD13*100 -> 63.092898 | AP13: =+I13/AE13*100 -> 51.504848 | ... AS13: =+L13/AH13*100 -> 67.684141
A14: 1999 | B14: =+SUM(C14:L14) -> 213977 | C14: 479 | D14: 37644 | E14: 65067 | F14: 51202 | G14: 33262 | H14: 17058 | I14: 4753 | J14: 584 | K14: 25 | L14: 3903 | M14: =+SUM(N14:W14) -> 91307 | N14: 315 | O14: 16906 | P14: 26529 | Q14: 19286 | R14: 13121 | S14: 8667 | T14: 4073 | U14: 904 | V14: 29 | W14: 1477 | X14: =SUM(Y14:AH14) -> 305284 | Y14: =+N14+C14 -> 794 | Z14: =+O14+D14 -> 54550 | AA14: =+P14+E14 -> 91596 | AB14: =+Q14+F14 -> 70488 | AC14: =+R14+G14 -> 46383 | AD14: =+S14+H14 -> 25725 | AE14: =+T14+I14 -> 8826 | AF14: =+U14+J14 -> 1488 | ... AH14: =+W14+L14 -> 5380 | AI14: =+B14/X14*100 -> 70.091128 | AJ14: =+C14/Y14*100 -> 60.327456 | AK14: =+D14/Z14*100 -> 69.008249 | AL14: =+E14/AA14*100 -> 71.036945 | AM14: =+F14/AB14*100 -> 72.639314 | AN14: =+G14/AC14*100 -> 71.711618 | AO14: =+H14/AD14*100 -> 66.309038 | AP14: =+I14/AE14*100 -> 53.852255 | ... AS14: =+L14/AH14*100 -> 72.546468
A15: 2000 | B15: =+SUM(C15:L15) -> 210062 | C15: 754 | D15: 35373 | E15: 63146 | F15: 49159 | G15: 32466 | H15: 16805 | I15: 4673 | J15: 609 | K15: 0 | L15: 7077 | M15: =+SUM(N15:W15) -> 86087 | N15: 358 | O15: 15729 | P15: 25428 | Q15: 18020 | R15: 12098 | S15: 8127 | T15: 3671 | U15: 897 | V15: 0 | W15: 1759 | X15: =SUM(Y15:AH15) -> 296149 | Y15: =+N15+C15 -> 1112 | Z15: =+O15+D15 -> 51102 | AA15: =+P15+E15 -> 88574 | AB15: =+Q15+F15 -> 67179 | AC15: =+R15+G15 -> 44564 | AD15: =+S15+H15 -> 24932 | AE15: =+T15+I15 -> 8344 | AF15: =+U15+J15 -> 1506 | ... AH15: =+W15+L15 -> 8836 | AI15: =+B15/X15*100 -> 70.931187 | AJ15: =+C15/Y15*100 -> 67.805755 | AK15: =+D15/Z15*100 -> 69.220383 | AL15: =+E15/AA15*100 -> 71.291801 | AM15: =+F15/AB15*100 -> 73.176141 | AN15: =+G15/AC15*100 -> 72.852527 | AO15: =+H15/AD15*100 -> 67.403337 | AP15: =+I15/AE15*100 -> 56.004314 | AQ15: =+J15/AF15*100 -> 40.438247 | AR15: =+AG15+V15 -> 0 | AS15: =+L15/AH15*100 -> 80.092802
A16: 2001 | B16: =+SUM(C16:L16) -> 198573 | C16: 699 | D16: 33927 | E16: 60594 | F16: 45835 | G16: 31109 | H16: 15929 | I16: 4620 | J16: 529 | K16: 0 | L16: 5331 | M16: =+SUM(N16:W16) -> 79597 | N16: 295 | O16: 14120 | P16: 23821 | Q16: 16301 | R16: 11370 | S16: 7308 | T16: 3545 | U16: 745 | V16: 0 | W16: 2092 | X16: =SUM(Y16:AH16) -> 278170 | Y16: =+N16+C16 -> 994 | Z16: =+O16+D16 -> 48047 | AA16: =+P16+E16 -> 84415 | AB16: =+Q16+F16 -> 62136 | AC16: =+R16+G16 -> 42479 | AD16: =+S16+H16 -> 23237 | AE16: =+T16+I16 -> 8165 | AF16: =+U16+J16 -> 1274 | ... AH16: =+W16+L16 -> 7423 | AI16: =+B16/X16*100 -> 71.385484 | AJ16: =+C16/Y16*100 -> 70.321932 | AK16: =+D16/Z16*100 -> 70.612109 | AL16: =+E16/AA16*100 -> 71.781082 | AM16: =+F16/AB16*100 -> 73.765611 | AN16: =+G16/AC16*100 -> 73.233833 | AO16: =+H16/AD16*100 -> 68.550157 | AP16: =+I16/AE16*100 -> 56.582976 | AQ16: =+J16/AF16*100 -> 41.522763 | AR16: =+AG16+V16 -> 0 | AS16: =+L16/AH16*100 -> 71.817325
A17: 2002 | B17: =+SUM(C17:L17) -> 202899 | C17: 842 | D17: 35820 | E17: 62192 | F17: 46237 | G17: 30880 | H17: 16005 | I17: 4766 | J17: 527 | K17: 0 | L17: 5630 | M17: =+SUM(N17:W17) -> 72401 | N17: 298 | O17: 13204 | P17: 22099 | Q17: 14787 | R17: 10035 | S17: 6707 | T17: 3200 | U17: 695 | V17: 0 | W17: 1376 | X17: =SUM(Y17:AH17) -> 275300 | Y17: =+N17+C17 -> 1140 | Z17: =+O17+D17 -> 49024 | AA17: =+P17+E17 -> 84291 | AB17: =+Q17+F17 -> 61024 | AC17: =+R17+G17 -> 40915 | AD17: =+S17+H17 -> 22712 | AE17: =+T17+I17 -> 7966 | AF17: =+U17+J17 -> 1222 | ... AH17: =+W17+L17 -> 7006 | AI17: =+B17/X17*100 -> 73.701053 | AJ17: =+C17/Y17*100 -> 73.859649 | AK17: =+D17/Z17*100 -> 73.066253 | AL17: =+E17/AA17*100 -> 73.782492 | AM17: =+F17/AB17*100 -> 75.76855 | AN17: =+G17/AC17*100 -> 75.473543 | AO17: =+H17/AD17*100 -> 70.469355 | AP17: =+I17/AE17*100 -> 59.829274 | AQ17: =+J17/AF17*100 -> 43.126023 | AR17: =+AG17+V17 -> 0 | AS17: =+L17/AH17*100 -> 80.359692
A18: 2003 | B18: =+SUM(C18:L18) -> 196769 | C18: 798 | D18: 35437 | E18: 59886 | F18: 44438 | G18: 29679 | H18: 15538 | I18: 4524 | J18: 518 | K18: 0 | L18: 5951 | M18: =+SUM(N18:W18) -> 65235 | N18: 331 | O18: 12191 | P18: 19623 | Q18: 12991 | R18: 8916 | S18: 5883 | T18: 2978 | U18: 675 | V18: 0 | W18: 1647 | X18: =SUM(Y18:AH18) -> 262004 | Y18: =+N18+C18 -> 1129 | Z18: =+O18+D18 -> 47628 | AA18: =+P18+E18 -> 79509 | AB18: =+Q18+F18 -> 57429 | AC18: =+R18+G18 -> 38595 | AD18: =+S18+H18 -> 21421 | AE18: =+T18+I18 -> 7502 | AF18: =+U18+J18 -> 1193 | ... AH18: =+W18+L18 -> 7598 | AI18: =+B18/X18*100 -> 75.101525 | AJ18: =+C18/Y18*100 -> 70.682019 | AK18: =+D18/Z18*100 -> 74.403712 | AL18: =+E18/AA18*100 -> 75.319775 | AM18: =+F18/AB18*100 -> 77.379025 | AN18: =+G18/AC18*100 -> 76.898562 | AO18: =+H18/AD18*100 -> 72.536296 | AP18: =+I18/AE18*100 -> 60.303919 | AQ18: =+J18/AF18*100 -> 43.41995 | AR18: =+AG18+V18 -> 0 | AS18: =+L18/AH18*100 -> 78.323243
A19: 2004 | B19: =+SUM(C19:L19) -> 194373 | C19: 831 | D19: 35443 | E19: 58464 | F19: 44378 | G19: 28909 | H19: 14965 | I19: 4639 | J19: 536 | K19: 0 | L19: 6208 | M19: =+SUM(N19:W19) -> 59989 | N19: 283 | O19: 10857 | P19: 18218 | Q19: 11812 | R19: 8161 | S19: 5273 | T19: 2770 | U19: 520 | V19: 0 | W19: 2095 | X19: =SUM(Y19:AH19) -> 254362 | Y19: =+N19+C19 -> 1114 | Z19: =+O19+D19 -> 46300 | AA19: =+P19+E19 -> 76682 | AB19: =+Q19+F19 -> 56190 | AC19: =+R19+G19 -> 37070 | AD19: =+S19+H19 -> 20238 | AE19: =+T19+I19 -> 7409 | AF19: =+U19+J19 -> 1056 | ... AH19: =+W19+L19 -> 8303 | AI19: =+B19/X19*100 -> 76.415895 | AJ19: =+C19/Y19*100 -> 74.59605 | AK19: =+D19/Z19*100 -> 76.550756 | AL19: =+E19/AA19*100 -> 76.242143 | AM19: =+F19/AB19*100 -> 78.978466 | AN19: =+G19/AC19*100 -> 77.984893 | AO19: =+H19/AD19*100 -> 73.945054 | AP19: =+I19/AE19*100 -> 62.613038 | AQ19: =+J19/AF19*100 -> 50.757576 | AR19: =+AG19+V19 -> 0 | AS19: =+L19/AH19*100 -> 74.768156
A20: 2005 | B20: =+SUM(C20:L20) -> 198513 | C20: 810 | D20: 36187 | E20: 59143 | F20: 46344 | G20: 29319 | H20: 15650 | I20: 4642 | J20: 580 | K20: 0 | L20: 5838 | M20: =+SUM(N20:W20) -> 54212 | N20: 233 | O20: 10203 | P20: 16159 | Q20: 11364 | R20: 7272 | S20: 4901 | T20: 2444 | U20: 573 | V20: 0 | W20: 1063 | X20: =SUM(Y20:AH20) -> 252725 | Y20: =+N20+C20 -> 1043 | Z20: =+O20+D20 -> 46390 | AA20: =+P20+E20 -> 75302 | AB20: =+Q20+F20 -> 57708 | AC20: =+R20+G20 -> 36591 | AD20: =+S20+H20 -> 20551 | AE20: =+T20+I20 -> 7086 | AF20: =+U20+J20 -> 1153 | ... AH20: =+W20+L20 -> 6901 | AI20: =+B20/X20*100 -> 78.549016 | AJ20: =+C20/Y20*100 -> 77.660594 | AK20: =+D20/Z20*100 -> 78.006036 | AL20: =+E20/AA20*100 -> 78.541075 | AM20: =+F20/AB20*100 -> 80.307756 | AN20: =+G20/AC20*100 -> 80.126261 | AO20: =+H20/AD20*100 -> 76.152012 | AP20: =+I20/AE20*100 -> 65.509455 | AQ20: =+J20/AF20*100 -> 50.303556 | AR20: =+AG20+V20 -> 0 | AS20: =+L20/AH20*100 -> 84.596435
A21: 2006 | B21: =+SUM(C21:L21) -> 224407 | C21: 1087 | D21: 41274 | E21: 66611 | F21: 52716 | G21: 33205 | H21: 17203 | I21: 4881 | J21: 642 | K21: 0 | L21: 6788 | M21: =+SUM(N21:W21) -> 54184 | N21: 269 | O21: 10560 | P21: 16351 | Q21: 11362 | R21: 7135 | S21: 4804 | T21: 2314 | U21: 590 | V21: 0 | W21: 799 | X21: =SUM(Y21:AH21) -> 278591 | Y21: =+N21+C21 -> 1356 | Z21: =+O21+D21 -> 51834 | AA21: =+P21+E21 -> 82962 | AB21: =+Q21+F21 -> 64078 | AC21: =+R21+G21 -> 40340 | AD21: =+S21+H21 -> 22007 | AE21: =+T21+I21 -> 7195 | AF21: =+U21+J21 -> 1232 | ... AH21: =+W21+L21 -> 7587 | AI21: =+B21/X21*100 -> 80.5507 | AJ21: =+C21/Y21*100 -> 80.162242 | AK21: =+D21/Z21*100 -> 79.627272 | AL21: =+E21/AA21*100 -> 80.290977 | AM21: =+F21/AB21*100 -> 82.268485 | AN21: =+G21/AC21*100 -> 82.312841 | AO21: =+H21/AD21*100 -> 78.170582 | AP21: =+I21/AE21*100 -> 67.838777 | AQ21: =+J21/AF21*100 -> 52.11039 | AR21: =+AG21+V21 -> 0 | AS21: =+L21/AH21*100 -> 89.468828
A22: 2007 | B22: =+SUM(C22:L22) -> 232872 | C22: 1272 | D22: 44548 | E22: 68782 | F22: 54468 | G22: 33692 | H22: 17643 | I22: 5040 | J22: 595 | K22: 0 | L22: 6832 | M22: =+SUM(N22:W22) -> 51112 | N22: 298 | O22: 10105 | P22: 15365 | Q22: 10637 | R22: 6900 | S22: 4481 | T22: 2143 | U22: 492 | V22: 0 | W22: 691 | X22: =SUM(Y22:AH22) -> 283984 | Y22: =+N22+C22 -> 1570 | Z22: =+O22+D22 -> 54653 | AA22: =+P22+E22 -> 84147 | AB22: =+Q22+F22 -> 65105 | AC22: =+R22+G22 -> 40592 | AD22: =+S22+H22 -> 22124 | AE22: =+T22+I22 -> 7183 | AF22: =+U22+J22 -> 1087 | ... AH22: =+W22+L22 -> 7523 | AI22: =+B22/X22*100 -> 82.001803 | AJ22: =+C22/Y22*100 -> 81.019108 | AK22: =+D22/Z22*100 -> 81.510622 | AL22: =+E22/AA22*100 -> 81.740288 | AM22: =+F22/AB22*100 -> 83.661777 | AN22: =+G22/AC22*100 -> 83.001577 | AO22: =+H22/AD22*100 -> 79.745977 | AP22: =+I22/AE22*100 -> 70.165669 | AQ22: =+J22/AF22*100 -> 54.73781 | AR22: =+AG22+V22 -> 0 | AS22: =+L22/AH22*100 -> 90.814835
A23: 2008 | B23: =+SUM(C23:L23) -> 244367 | C23: 1500 | D23: 47665 | E23: 71430 | F23: 56672 | G23: 36563 | H23: 18363 | I23: 5221 | J23: 544 | K23: 0 | L23: 6409 | M23: =+SUM(N23:W23) -> 46688 | N23: 259 | O23: 9751 | P23: 13840 | Q23: 9485 | R23: 6028 | S23: 3924 | T23: 1985 | U23: 465 | V23: 0 | W23: 951 | X23: =SUM(Y23:AH23) -> 291055 | Y23: =+N23+C23 -> 1759 | Z23: =+O23+D23 -> 57416 | AA23: =+P23+E23 -> 85270 | AB23: =+Q23+F23 -> 66157 | AC23: =+R23+G23 -> 42591 | AD23: =+S23+H23 -> 22287 | AE23: =+T23+I23 -> 7206 | AF23: =+U23+J23 -> 1009 | ... AH23: =+W23+L23 -> 7360 | AI23: =+B23/X23*100 -> 83.959046 | AJ23: =+C23/Y23*100 -> 85.275725 | AK23: =+D23/Z23*100 -> 83.016929 | AL23: =+E23/AA23*100 -> 83.769204 | AM23: =+F23/AB23*100 -> 85.662893 | AN23: =+G23/AC23*100 -> 85.846775 | AO23: =+H23/AD23*100 -> 82.393323 | AP23: =+I23/AE23*100 -> 72.453511 | AQ23: =+J23/AF23*100 -> 53.914767 | AR23: =+AG23+V23 -> 0 | AS23: =+L23/AH23*100 -> 87.078804
A24: 2009 | B24: =+SUM(C24:L24) -> 255498 | C24: 1788 | D24: 51487 | E24: 74279 | F24: 58904 | G24: 38747 | H24: 19446 | I24: 5444 | J24: 542 | K24: 0 | L24: 4861 | M24: =+SUM(N24:W24) -> 42839 | N24: 295 | O24: 9136 | P24: 12574 | Q24: 8661 | R24: 5604 | S24: 3688 | T24: 1668 | U24: 359 | V24: 0 | W24: 854 | X24: =SUM(Y24:AH24) -> 298337 | Y24: =+N24+C24 -> 2083 | Z24: =+O24+D24 -> 60623 | AA24: =+P24+E24 -> 86853 | AB24: =+Q24+F24 -> 67565 | AC24: =+R24+G24 -> 44351 | AD24: =+S24+H24 -> 23134 | AE24: =+T24+I24 -> 7112 | AF24: =+U24+J24 -> 901 | ... AH24: =+W24+L24 -> 5715 | AI24: =+B24/X24*100 -> 85.640735 | AJ24: =+C24/Y24*100 -> 85.837734 | AK24: =+D24/Z24*100 -> 84.929812 | AL24: =+E24/AA24*100 -> 85.522665 | AM24: =+F24/AB24*100 -> 87.181233 | AN24: =+G24/AC24*100 -> 87.364434 | AO24: =+H24/AD24*100 -> 84.058096 | AP24: =+I24/AE24*100 -> 76.546682 | AQ24: =+J24/AF24*100 -> 60.155383 | AR24: =+AG24+V24 -> 0 | AS24: =+L24/AH24*100 -> 85.056868
A25: 2010 | B25: =+SUM(C25:L25) -> 255646 | C25: 1831 | D25: 51321 | E25: 73061 | F25: 59537 | G25: 40633 | H25: 19819 | I25: 5414 | J25: 534 | K25: 0 | L25: 3496 | M25: =+SUM(N25:W25) -> 36729 | N25: 292 | O25: 7961 | P25: 10591 | Q25: 7486 | R25: 4904 | S25: 3143 | T25: 1443 | U25: 300 | V25: 0 | W25: 609 | X25: =SUM(Y25:AH25) -> 292375 | Y25: =+N25+C25 -> 2123 | Z25: =+O25+D25 -> 59282 | AA25: =+P25+E25 -> 83652 | AB25: =+Q25+F25 -> 67023 | AC25: =+R25+G25 -> 45537 | AD25: =+S25+H25 -> 22962 | AE25: =+T25+I25 -> 6857 | AF25: =+U25+J25 -> 834 | ... AH25: =+W25+L25 -> 4105 | AI25: =+B25/X25*100 -> 87.437708 | AJ25: =+C25/Y25*100 -> 86.245878 | AK25: =+D25/Z25*100 -> 86.570966 | AL25: =+E25/AA25*100 -> 87.339215 | AM25: =+F25/AB25*100 -> 88.8307 | AN25: =+G25/AC25*100 -> 89.230735 | AO25: =+H25/AD25*100 -> 86.312168 | AP25: =+I25/AE25*100 -> 78.955812 | AQ25: =+J25/AF25*100 -> 64.028777 | AR25: =+AG25+V25 -> 0 | AS25: =+L25/AH25*100 -> 85.164434
A26: 2011 | B26: =+SUM(C26:L26) -> 270005 | C26: 1975 | D26: 53834 | E26: 76370 | F26: 62834 | G26: 43506 | H26: 21345 | I26: 5870 | J26: 490 | K26: 0 | L26: 3781 | M26: =+SUM(N26:W26) -> 31101 | N26: 196 | O26: 6497 | P26: 9067 | Q26: 6279 | R26: 4335 | S26: 2610 | T26: 1229 | U26: 259 | V26: 0 | W26: 629 | X26: =SUM(Y26:AH26) -> 301106 | Y26: =+N26+C26 -> 2171 | Z26: =+O26+D26 -> 60331 | AA26: =+P26+E26 -> 85437 | AB26: =+Q26+F26 -> 69113 | AC26: =+R26+G26 -> 47841 | AD26: =+S26+H26 -> 23955 | AE26: =+T26+I26 -> 7099 | AF26: =+U26+J26 -> 749 | ... AH26: =+W26+L26 -> 4410 | AI26: =+B26/X26*100 -> 89.671079 | AJ26: =+C26/Y26*100 -> 90.971902 | AK26: =+D26/Z26*100 -> 89.231075 | AL26: =+E26/AA26*100 -> 89.387502 | AM26: =+F26/AB26*100 -> 90.914879 | AN26: =+G26/AC26*100 -> 90.938735 | AO26: =+H26/AD26*100 -> 89.104571 | AP26: =+I26/AE26*100 -> 82.687702 | AQ26: =+J26/AF26*100 -> 65.420561 | AR26: =+AG26+V26 -> 0 | AS26: =+L26/AH26*100 -> 85.736961
... A29: 2014 | B29: =+SUM(C29:L29) -> 263797 | C29: 2035 | D29: 50755 | E29: 71269 | F29: 61422 | G29: 45710 | H29: 24810 | I29: 7063 | J29: 597 | K29: 0 | L29: 136 | M29: =+SUM(N29:W29) -> 14663 | N29: 124 | O29: 3214 | P29: 4171 | Q29: 2822 | R29: 2131 | S29: 1333 | T29: 639 | U29: 117 | V29: 0 | W29: 112 | X29: =SUM(Y29:AH29) -> 278460 | Y29: =+N29+C29 -> 2159 | Z29: =+O29+D29 -> 53969 | AA29: =+P29+E29 -> 75440 | AB29: =+Q29+F29 -> 64244 | AC29: =+R29+G29 -> 47841 | AD29: =+S29+H29 -> 26143 | AE29: =+T29+I29 -> 7702 | AF29: =+U29+J29 -> 714 | ... AH29: =+W29+L29 -> 248 | AI29: =+B29/X29*100 -> 94.734253 | AJ29: =+C29/Y29*100 -> 94.2566 | AK29: =+D29/Z29*100 -> 94.044729 | AL29: =+E29/AA29*100 -> 94.471103 | AM29: =+F29/AB29*100 -> 95.607372 | AN29: =+G29/AC29*100 -> 95.545662 | AO29: =+H29/AD29*100 -> 94.901121 | AP29: =+I29/AE29*100 -> 91.703454 | AQ29: =+J29/AF29*100 -> 83.613445 | AR29: =+AG29+V29 -> 0 | AS29: =+L29/AH29*100 -> 54.83871
A30: 2015 (p**) | B30: =+SUM(C30:L30) -> 259658 | C30: 2176 | D30: 52780 | E30: 69571 | F30: 60423 | G30: 44589 | H30: 23457 | I30: 6198 | J30: 422 | K30: 0 | L30: 42 | M30: =+SUM(N30:W30) -> 13622 | N30: 111 | O30: 2303 | P30: 2894 | Q30: 2142 | R30: 1535 | S30: 990 | T30: 447 | U30: 92 | V30: 0 | W30: 3108 | X30: =SUM(Y30:AH30) -> 273280 | Y30: =+N30+C30 -> 2287 | Z30: =+O30+D30 -> 55083 | AA30: =+P30+E30 -> 72465 | AB30: =+Q30+F30 -> 62565 | AC30: =+R30+G30 -> 46124 | AD30: =+S30+H30 -> 24447 | AE30: =+T30+I30 -> 6645 | AF30: =+U30+J30 -> 514 | ... AH30: =+W30+L30 -> 3150 | AI30: =+B30/X30*100 -> 95.015369 | AJ30: =+C30/Y30*100 -> 95.14648 | AK30: =+D30/Z30*100 -> 95.819037 | AL30: =+E30/AA30*100 -> 96.006348 | AM30: =+F30/AB30*100 -> 96.576361 | AN30: =+G30/AC30*100 -> 96.672015 | AO30: =+H30/AD30*100 -> 95.950423 | AP30: =+I30/AE30*100 -> 93.273138 | AQ30: =+J30/AF30*100 -> 82.101167 | AR30: =+AG30+V30 -> 0 | AS30: =+L30/AH30*100 -> 1.3333333
A32: 1/ Nacidos vivos registrados (t+1): corresponden a los nacidos vivos ocurridos en el año de estudio, e inscritos hasta el 31 de diciembre del año siguiente. A excepción del dato 2015 que corresponden a los nacidos vivos ocurridos en el año de estudio e inscritos hasta el 30 de junio del 2016. Fuente: Registro estadístico de nacidos vivos, años 1990 - 2015.
A33: 2/ Se considera al personal médico: Médicos, Obsteriz/Obstetra y Enfermera
A34: 3/ Se considera al personal no médico: Auxiliares de enfermería, parteras calificadas, parteras no calificadas, comadronas, entre otros.
A35: 4/ Corresponde al total de los nacimientos oportunos y tardíos, sin considerar el tipo de asistencia en el momento del parto.
A36: 5/ Corresponde a los nacimientos oportunos y tardíos según la asistencia de personal médico al momento del parto, dividido para los nacimientos registrados en el año de investigación e inscripciones tardías (nacimientos en el año anterior e inscritos en el año de investigación), según los grupos quinquenales de edad de la made del nacido vivo.
A37: p**) cifras provisionales: corresponden a los datos o indicadores que se generan con información de los nacidos vivos ocurridos en el 2015, y que están sujetos a ajustes por registros posteriores.
A38: Importante: Leer la Nota técnica Registro de Estadísticas Vitales 2015 en el siguiente link:
A39: http://www.ecuadorencifras.gob.ec/documentos/web-inec/Poblacion_y_Demografia/Nacimientos_Defunciones/2015/Nota_tecnica_Registro_de_Estadisticas_Vitales_2015.pdf

Sheet 1.2.5
A1: Serie 1.2.5
A2: Nacidos vivos registrados (t+1), por lugar de ocurrencia a nivel nacional Periodo 1993 - 2015 | J2: INDICE | U2: ÍNDICE
A3: Años | B3: Número de nacidos vivos registrados (t+1) 1/ | C3: Lugar de ocurrencia
C4: Establecimientos MSP | D4: Establecimientos IESS | E4: Establecimientos Junta Beneficencia | F4: Otros establecimientos Públicos | G4: Establecimientos Privados | H4: Casa | I4: Otros
A5: 1993 | B5: 279678 | C5: 77766 | D5: 14068 | E5: - | F5: 27176 | G5: 49531 | H5: 109609 | I5: 1528
A6: 1994 | B6: 277625 | C6: 75990 | D6: 14456 | E6: - | F6: 27033 | G6: 52811 | H6: 106355 | I6: 980
A7: 1995 | B7: 271340 | C7: 75969 | D7: 13913 | E7: - | F7: 27359 | G7: 54944 | H7: 98484 | I7: 671
A8: 1996 | B8: 270578 | C8: 76312 | D8: 14022 | E8: - | F8: 29488 | G8: 59418 | H8: 90923 | I8: 415
A9: 1997 | B9: 271758 | C9: 68026 | D9: 12911 | E9: - | F9: 31948 | G9: 67294 | H9: 91148 | I9: 431
A10: 1998 | B10: 275955 | C10: 74964 | D10: 12450 | E10: - | F10: 33830 | G10: 65090 | H10: 89031 | I10: 590
A11: 1999 | B11: 305284 | C11: 85706 | D11: 11334 | E11: - | F11: 36119 | G11: 77327 | H11: 94100 | I11: 698
A12: 2000 | B12: 296149 | C12: 83650 | D12: 8474 | E12: - | F12: 31734 | G12: 82929 | H12: 88443 | I12: 919
A13: 2001 | B13: 278170 | C13: 81440 | D13: 7504 | E13: - | F13: 27168 | G13: 79541 | H13: 81433 | I13: 1084
A14: 2002 | B14: 275300 | C14: 90461 | D14: 7085 | E14: - | F14: 28235 | G14: 74888 | H14: 73589 | I14: 1042
A15: 2003 | B15: 262004 | C15: 90057 | D15: 7385 | E15: - | F15: 27244 | G15: 70882 | H15: 65016 | I15: 1420
A16: 2004 | B16: 254362 | C16: 89571 | D16: 7851 | E16: - | F16: 25759 | G16: 70187 | H16: 59641 | I16: 1353
... A22: 2010 | B22: 292375 | C22: 123977 | D22: 13989 | E22: - | F22: 27303 | G22: 89175 | H22: 36893 | I22: 1038
A23: 2011 | B23: 301106 | C23: 136581 | D23: 14832 | E23: 3335 | F23: 21500 | G23: 91373 | H23: 32159 | I23: 1326
A24: 2012 | B24: 297309 | C24: 137454 | D24: 16417 | E24: 21723 | F24: 10008 | G24: 83351 | H24: 27168 | I24: 1188
A25: 2013 | B25: 277620 | C25: 129305 | D25: 17540 | E25: 24531 | F25: 8262 | G25: 76892 | H25: 19482 | I25: 1608
A26: 2014 | B26: 278460 | C26: 136867 | D26: 19152 | E26: 25889 | F26: 6163 | G26: 72800 | H26: 15038 | I26: 2551
A27: 2015 (p**) | B27: 273280 | C27: 146394 | D27: 21127 | E27: 20073 | F27: 5874 | G27: 64306 | H27: 10879 | I27: 4627
A29: 1/ Nacidos vivos registrados (t+1): corresponden a los nacidos vivos ocurridos en el año de estudio, e inscritos hasta el 31 de diciembre del año siguiente. A excepción del dato 2015 que corresponden a los nacidos vivos ocurridos en el año de estudio e inscritos hasta el 30 de junio del 2016. Fuente: Registro estadístico de nacidos vivos, años 1990 - 2015.
A30: p**) cifras provisionales: corresponden a los datos o indicadores que se generan con información de los nacidos vivos ocurridos en el 2015, y que están sujetos a ajustes por registros posteriores.
A31: Importante: Leer la Nota técnica Registro de Estadísticas Vitales 2015 en el siguiente link:
A32: http://www.ecuadorencifras.gob.ec/documentos/web-inec/Poblacion_y_Demografia/Nacimientos_Defunciones/2015/Nota_tecnica_Registro_de_Estadisticas_Vitales_2015.pdf

Sheet 1.2.6
A1: Serie 1.2.6
A2: Número de nacidos vivos registrados (t+1) y tasa específica de madres adolescentes a nivel nacional Periodo 1990 - 2015 | T2: ÍNDICE
A3: Años | B3: Nacidos vivos de madres adolescentes (t+1) 1/ | H3: Proyecciones de población 2/ | N3: Tasa específica 3/
B4: 10 -14 años | C4: 10 -19 años | D4: 12 -17 años | E4: 15 -19 años | F4: 15 -17 años | G4: 18 -19 años | H4: 10 -14 años | I4: 10 -19 años | J4: 12 -17 años | K4: 15 -19 años | L4: 15 -17 años | M4: 18 -19 años | N4: 10 -14 años | O4: 10 -19 años | P4: 12 -17 años | Q4: 15 -19 años | R4: 15 -17 años | S4: 18 -19 años
A5: 1990 | B5: 634 | C5: =+B5+E5 -> 40218 | D5: 14590 | E5: 39584 | F5: 13956 | G5: 25628 | H5: 585157 | I5: 1122842 | J5: 674721 | K5: 537685 | L5: 328567 | M5: 209118 | N5: =+B5/H5*1000 -> 1.0834699 | O5: =+C5/I5*1000 -> 35.81804 | P5: =+D5/J5*1000 -> 21.623753 | Q5: =+E5/K5*1000 -> 73.619312 | R5: =+F5/L5*1000 -> 42.475355 | S5: =+G5/M5*1000 -> 122.55282
A6: 1991 | B6: 677 | C6: =+B6+E6 -> 40672 | D6: 15330 | E6: 39995 | F6: 14653 | G6: 25342 | H6: 593809 | I6: 1139556 | J6: 685134 | K6: 545747 | L6: 333607 | M6: 212140 | N6: =+B6/H6*1000 -> 1.1400972 | O6: =+C6/I6*1000 -> 35.691094 | P6: =+D6/J6*1000 -> 22.375185 | Q6: =+E6/K6*1000 -> 73.284874 | R6: =+F6/L6*1000 -> 43.922939 | S6: =+G6/M6*1000 -> 119.45885
A7: 1992 | B7: 741 | C7: =+B7+E7 -> 42732 | D7: 16417 | E7: 41991 | F7: 15676 | G7: 26315 | H7: 602633 | I7: 1156602 | J7: 695758 | K7: 553969 | L7: 338744 | M7: 215225 | N7: =+B7/H7*1000 -> 1.2296041 | O7: =+C7/I7*1000 -> 36.946158 | P7: =+D7/J7*1000 -> 23.595848 | Q7: =+E7/K7*1000 -> 75.80027 | R7: =+F7/L7*1000 -> 46.276834 | S7: =+G7/M7*1000 -> 122.26739
A8: 1993 | B8: 792 | C8: =+B8+E8 -> 44905 | D8: 17444 | E8: 44113 | F8: 16652 | G8: 27461 | H8: 611652 | I8: 1174015 | J8: 706615 | K8: 562363 | L8: 343998 | M8: 218365 | N8: =+B8/H8*1000 -> 1.2948539 | O8: =+C8/I8*1000 -> 38.249085 | P8: =+D8/J8*1000 -> 24.686711 | Q8: =+E8/K8*1000 -> 78.442216 | R8: =+F8/L8*1000 -> 48.407258 | S8: =+G8/M8*1000 -> 125.75733
A9: 1994 | B9: 945 | C9: =+B9+E9 -> 45929 | D9: 18255 | E9: 44984 | F9: 17310 | G9: 27674 | H9: 620849 | I9: 1191781 | J9: 717699 | K9: 570932 | L9: 349358 | M9: 221574 | N9: =+B9/H9*1000 -> 1.5221092 | O9: =+C9/I9*1000 -> 38.538121 | P9: =+D9/J9*1000 -> 25.435454 | Q9: =+E9/K9*1000 -> 78.790469 | R9: =+F9/L9*1000 -> 49.548028 | S9: =+G9/M9*1000 -> 124.89733
A10: 1995 | B10: 887 | C10: =+B10+E10 -> 46383 | D10: 18433 | E10: 45496 | F10: 17546 | G10: 27950 | H10: 630266 | I10: 1209951 | J10: 729045 | K10: 579685 | L10: 354842 | M10: 224843 | N10: =+B10/H10*1000 -> 1.4073423 | O10: =+C10/I10*1000 -> 38.33461 | P10: =+D10/J10*1000 -> 25.283762 | Q10: =+E10/K10*1000 -> 78.484004 | R10: =+F10/L10*1000 -> 49.44736 | S10: =+G10/M10*1000 -> 124.30896
A11: 1996 | B11: 911 | C11: =+B11+E11 -> 47294 | D11: 18799 | E11: 46383 | F11: 17888 | G11: 28495 | H11: 639874 | I11: 1228504 | J11: 740628 | K11: 588630 | L11: 360442 | M11: 228188 | N11: =+B11/H11*1000 -> 1.4237178 | O11: =+C11/I11*1000 -> 38.497229 | P11: =+D11/J11*1000 -> 25.382513 | Q11: =+E11/K11*1000 -> 78.798226 | R11: =+F11/L11*1000 -> 49.627957 | S11: =+G11/M11*1000 -> 124.8751
A12: 1997 | B12: 794 | C12: =+B12+E12 -> 47133 | D12: 18199 | E12: 46339 | F12: 17405 | G12: 28934 | H12: 649696 | I12: 1247464 | J12: 752473 | K12: 597768 | L12: 366167 | M12: 231601 | N12: =+B12/H12*1000 -> 1.22211 | O12: =+C12/I12*1000 -> 37.783054 | P12: =+D12/J12*1000 -> 24.185585 | Q12: =+E12/K12*1000 -> 77.520041 | R12: =+F12/L12*1000 -> 47.532956 | S12: =+G12/M12*1000 -> 124.93038
A13: 1998 | B13: 946 | C13: =+B13+E13 -> 50435 | D13: 19863 | E13: 49489 | F13: 18917 | G13: 30572 | H13: 659736 | I13: 1266837 | J13: 764582 | K13: 607101 | L13: 372020 | M13: 235081 | N13: =+B13/H13*1000 -> 1.4339069 | O13: =+C13/I13*1000 -> 39.811752 | P13: =+D13/J13*1000 -> 25.978901 | Q13: =+E13/K13*1000 -> 81.516914 | R13: =+F13/L13*1000 -> 50.849417 | S13: =+G13/M13*1000 -> 130.04879
A14: 1999 | B14: 794 | C14: =+B14+E14 -> 55344 | D14: 21792 | E14: 54550 | F14: 20998 | G14: 33552 | H14: 669997 | I14: 1286627 | J14: 776960 | K14: 616630 | L14: 377997 | M14: 238633 | N14: =+B14/H14*1000 -> 1.1850799 | O14: =+C14/I14*1000 -> 43.014798 | P14: =+D14/J14*1000 -> 28.047776 | Q14: =+E14/K14*1000 -> 88.46472 | R14: =+F14/L14*1000 -> 55.550705 | S14: =+G14/M14*1000 -> 140.60084
A15: 2000 | B15: 1112 | C15: =+B15+E15 -> 52214 | D15: 20567 | E15: 51102 | F15: 19455 | G15: 31647 | H15: 680487 | I15: 1306870 | J15: 789632 | K15: 626383 | L15: 384119 | M15: 242264 | N15: =+B15/H15*1000 -> 1.6341238 | O15: =+C15/I15*1000 -> 39.953477 | P15: =+D15/J15*1000 -> 26.04631 | Q15: =+E15/K15*1000 -> 81.582674 | R15: =+F15/L15*1000 -> 50.648367 | S15: =+G15/M15*1000 -> 130.63022
A16: 2001 | B16: 994 | C16: =+B16+E16 -> 49041 | D16: 19698 | E16: 48047 | F16: 18704 | G16: 29343 | H16: 691218 | I16: 1327557 | J16: 802578 | K16: 636339 | L16: 390369 | M16: 245970 | N16: =+B16/H16*1000 -> 1.4380413 | O16: =+C16/I16*1000 -> 36.940787 | P16: =+D16/J16*1000 -> 24.543409 | Q16: =+E16/K16*1000 -> 75.505352 | R16: =+F16/L16*1000 -> 47.913641 | S16: =+G16/M16*1000 -> 119.29504
... A29: 2014 | B29: 2159 | C29: =+B29+E29 -> 56128 | D29: 25947 | E29: 53969 | F29: 23801 | G29: 30168 | H29: 790883 | I29: 1537016 | J29: 923943 | K29: 746133 | L29: 453819 | M29: 292314 | N29: =+B29/H29*1000 -> 2.7298602 | O29: =+C29/I29*1000 -> 36.517512 | P29: =+D29/J29*1000 -> 28.082901 | Q29: =+E29/K29*1000 -> 72.331608 | R29: =+F29/L29*1000 -> 52.446019 | S29: =+G29/M29*1000 -> 103.20409
A30: 2015 (p**) | B30: 2287 | C30: 57370 | D30: 27455 | E30: 55083 | F30: 25178 | G30: 29905 | H30: 797560 | I30: 1552441 | J30: 933327 | K30: 754881 | L30: 458926 | M30: 295955 | N30: =+B30/H30*1000 -> 2.8674959 | O30: =+C30/I30*1000 -> 36.954706 | P30: =+D30/J30*1000 -> 29.416271 | Q30: =+E30/K30*1000 -> 72.969117 | R30: =+F30/L30*1000 -> 54.862875 | S30: =+G30/M30*1000 -> 101.04577
A32: 1/ Nacidos vivos registrados (t+1): corresponden a los nacidos vivos ocurridos en el año de estudio, e inscritos hasta el 31 de diciembre del año siguiente. A excepción del dato 2015 que corresponden a los nacidos vivos ocurridos en el año de estudio e inscritos hasta el 30 de junio del 2016. Fuente: Registro estadístico de nacidos vivos, años 1990 - 2015.
A33: 2/ Corresponden a las proyecciones de población (mujeres), según rango de edad en base al censo del año 2010
A34: 3/ Tasa por 1.000 mujeres
A35: p**) cifras provisionales: corresponden a los datos o indicadores que se generan con información de los nacidos vivos ocurridos en el 2015, y que están sujetos a ajustes por registros posteriores.
A36: Importante: Leer la Nota técnica Registro de Estadísticas Vitales 2015 en el siguiente link:
A37: http://www.ecuadorencifras.gob.ec/documentos/web-inec/Poblacion_y_Demografia/Nacimientos_Defunciones/2015/Nota_tecnica_Registro_de_Estadisticas_Vitales_2015.pdf

Sheet 1.3.1
A1: Serie No. 1.3.1
A2: Número de nacidos vivos registrados (t+1) 1/, según regiones y provincias de residencia habitual de la madre Periodo 2008 - 2015 | K2: ÍNDICE
A3: Provincia de residencia 2/ | B3: 2015 (p**) | C3: 2014 | D3: 2013 | E3: 2012 | F3: 2011 | G3: 2010 | H3: 2009 | I3: 2008
A4: Total Nacional | B4: 273280 | C4: 278460 | D4: 277620 | E4: 297309 | F4: 301106 | G4: 292375 | H4: 298337 | I4: 291055
A5: Región Sierra | B5: 120600 | C5: 122623 | D5: 123860 | E5: 130292 | F5: 130446 | G5: 127971 | H5: 129195 | I5: 128356
A6: Azuay | B6: 13863 | C6: 14107 | D6: 14109 | E6: 14627 | F6: 14321 | G6: 13888 | H6: 13626 | I6: 13588
A7: Bolívar | B7: 2865 | C7: 3111 | D7: 3296 | E7: 3832 | F7: 3979 | G7: 4030 | H7: 4065 | I7: 4176
A8: Cañar | B8: 4340 | C8: 4336 | D8: 4346 | E8: 4596 | F8: 4462 | G8: 4349 | H8: 4271 | I8: 4123
A9: Carchi | B9: 2630 | C9: 2723 | D9: 2650 | E9: 2795 | F9: 2892 | G9: 2882 | H9: 2894 | I9: 2986
A10: Cotopaxi | B10: 7616 | C10: 8026 | D10: 8085 | E10: 8828 | F10: 8937 | G10: 8989 | H10: 8828 | I10: 8772
A11: Chimborazo | B11: 7965 | C11: 8273 | D11: 8702 | E11: 9169 | F11: 9805 | G11: 9574 | H11: 9830 | I11: 9983
A12: Imbabura | B12: 7398 | C12: 7629 | D12: 7716 | E12: 8056 | F12: 8329 | G12: 8467 | H12: 8398 | I12: 8664
A13: Loja | B13: 7785 | C13: 8234 | D13: 8312 | E13: 9159 | F13: 9346 | G13: 9107 | H13: 9257 | I13: 9301
A14: Pichincha | B14: 48025 | C14: 48039 | D14: 48296 | E14: 49868 | F14: 48976 | G14: 47960 | H14: 49334 | I14: 48979
A15: Tungurahua | B15: 9142 | C15: 9297 | D15: 9398 | E15: 9916 | F15: 9880 | G15: 9740 | H15: 9647 | I15: 9258
... A34: Exterior | B34: 55 | C34: 55 | D34: 43 | E34: 25 | F34: 17 | G34: 11 | H34: 15 | I34: 11
A36: 1/ Nacidos vivos registrados (t+1): corresponden a los nacidos vivos ocurridos en el año de estudio, e inscritos hasta el 31 de diciembre del año siguiente. A excepción del dato 2015 que corresponden a los nacidos vivos ocurridos en el año de estudio e inscritos hasta el 30 de junio del 2016. Fuente: Registro estadístico de nacidos vivos, años 1990 - 2015.
A37: 2/ Los datos corresponden a la reconstrucción de provincias, de acuerdo al Clasificador Geográfico Estadístico del año 2015
A38: p**) cifras provisionales: corresponden a los datos o indicadores que se generan con información de los nacidos vivos ocurridos en el 2015, y que están sujetos a ajustes por registros posteriores.
A39: Importante: Leer la Nota técnica Registro de Estadísticas Vitales 2015 en el siguiente link:
A40: http://www.ecuadorencifras.gob.ec/documentos/web-inec/Poblacion_y_Demografia/Nacimientos_Defunciones/2015/Nota_tecnica_Registro_de_Estadisticas_Vitales_2015.pdf

Sheet 1.3.2
A1: Serie 1.3.2
A2: Número de nacidos vivos registrados (t+1) 1/ por sexo, según regiones y provincias de residencia habitual de la madre Período 2008 - 2015 | S2: ÍNDICE
A3: Región y provincia 2/ | B3: 2015 (p**) | D3: 2014 | F3: 2013 | H3: 2012 | J3: 2011 | L3: 2010 | N3: 2009 | P3: 2008
B4: Hombre | C4: Mujer | D4: Hombre | E4: Mujer | F4: Hombre | G4: Mujer | H4: Hombre | I4: Mujer | J4: Hombre | K4: Mujer | L4: Hombre | M4: Mujer | N4: Hombre | O4: Mujer | P4: Hombre | Q4: Mujer
A5: Total Nacional | B5: 139592 | C5: 133688 | D5: 143303 | E5: 135157 | F5: 141699 | G5: 135921 | H5: 152166 | I5: 145143 | J5: 153599 | K5: 147507 | L5: 149245 | M5: 143130 | N5: 152598 | O5: 145739 | P5: 147753 | Q5: 143302
A6: Región sierra | B6: 61737 | C6: 58863 | D6: 62919 | E6: 59704 | F6: 63109 | G6: 60751 | H6: 66639 | I6: 63653 | J6: 66627 | K6: 63819 | L6: 65075 | M6: 62896 | N6: 65822 | O6: 63373 | P6: 64864 | Q6: 63492
A7: Azuay | B7: 7047 | C7: 6816 | D7: 7286 | E7: 6821 | F7: 7163 | G7: 6946 | H7: 7448 | I7: 7179 | J7: 7281 | K7: 7040 | L7: 7183 | M7: 6705 | N7: 7070 | O7: 6556 | P7: 6873 | Q7: 6715
A8: Bolívar | B8: 1473 | C8: 1392 | D8: 1612 | E8: 1499 | F8: 1673 | G8: 1623 | H8: 1963 | I8: 1869 | J8: 2026 | K8: 1953 | L8: 2073 | M8: 1957 | N8: 2111 | O8: 1954 | P8: 2117 | Q8: 2059
A9: Cañar | B9: 2183 | C9: 2157 | D9: 2279 | E9: 2057 | F9: 2218 | G9: 2128 | H9: 2358 | I9: 2238 | J9: 2267 | K9: 2195 | L9: 2184 | M9: 2165 | N9: 2217 | O9: 2054 | P9: 2117 | Q9: 2006
A10: Carchi | B10: 1400 | C10: 1230 | D10: 1399 | E10: 1324 | F10: 1352 | G10: 1298 | H10: 1482 | I10: 1313 | J10: 1446 | K10: 1446 | L10: 1518 | M10: 1364 | N10: 1471 | O10: 1423 | P10: 1476 | Q10: 1510
A11: Cotopaxi | B11: 3949 | C11: 3667 | D11: 4172 | E11: 3854 | F11: 4130 | G11: 3955 | H11: 4436 | I11: 4392 | J11: 4612 | K11: 4325 | L11: 4588 | M11: 4401 | N11: 4464 | O11: 4364 | P11: 4569 | Q11: 4203
A12: Chimborazo | B12: 4054 | C12: 3911 | D12: 4206 | E12: 4067 | F12: 4426 | G12: 4276 | H12: 4689 | I12: 4480 | J12: 4986 | K12: 4819 | L12: 4771 | M12: 4803 | N12: 4975 | O12: 4855 | P12: 5075 | Q12: 4908
A13: Imbabura | B13: 3778 | C13: 3620 | D13: 3921 | E13: 3708 | F13: 3902 | G13: 3814 | H13: 4056 | I13: 4000 | J13: 4269 | K13: 4060 | L13: 4340 | M13: 4127 | N13: 4247 | O13: 4151 | P13: 4393 | Q13: 4271
A14: Loja | B14: 4021 | C14: 3764 | D14: 4190 | E14: 4044 | F14: 4256 | G14: 4056 | H14: 4696 | I14: 4463 | J14: 4774 | K14: 4572 | L14: 4596 | M14: 4511 | N14: 4788 | O14: 4469 | P14: 4747 | Q14: 4554
A15: Pichincha | B15: 24482 | C15: 23543 | D15: 24597 | E15: 23442 | F15: 24617 | G15: 23679 | H15: 25599 | I15: 24269 | J15: 25086 | K15: 23890 | L15: 24355 | M15: 23605 | N15: 25000 | O15: 24334 | P15: 24546 | Q15: 24433
A16: Tungurahua | B16: 4656 | C16: 4486 | D16: 4717 | E16: 4580 | F16: 4814 | G16: 4584 | H16: 5077 | I16: 4839 | J16: 4981 | K16: 4899 | L16: 4881 | M16: 4859 | N16: 4947 | O16: 4700 | P16: 4708 | Q16: 4550
... A35: Exterior | B35: 33 | C35: 22 | D35: 26 | E35: 29 | F35: 21 | G35: 22 | H35: 13 | I35: 12 | J35: 11 | K35: 6 | L35: 6 | M35: 5 | N35: 10 | O35: 5 | P35: 5 | Q35: 6
A37: 1/ Nacidos vivos registrados (t+1): corresponden a los nacidos vivos ocurridos en el año de estudio, e inscritos hasta el 31 de diciembre del año siguiente. A excepción del dato 2015 que corresponden a los nacidos vivos ocurridos en el año de estudio e inscritos hasta el 30 de junio del 2016. Fuente: Registro estadístico de nacidos vivos, años 1990 - 2015.
A38: 2/ Los datos corresponden a la reconstrucción de provincias, de acuerdo al Clasificador Geográfico Estadístico del año 2015
A39: p**) cifras provisionales: corresponden a los datos o indicadores que se generan con información de los nacidos vivos ocurridos en el 2015, y que están sujetos a ajustes por registros posteriores.
A40: Importante: Leer la Nota técnica Registro de Estadísticas Vitales 2015 en el siguiente link:
A41: http://www.ecuadorencifras.gob.ec/documentos/web-inec/Poblacion_y_Demografia/Nacimientos_Defunciones/2015/Nota_tecnica_Registro_de_Estadisticas_Vitales_2015.pdf

Sheet 1.4.1
A1: Serie 1.4.1
A2: Número de defunciones y tasa de mortalidad general (t) por sexo a nivel nacional Periodo 1990 - 2015 | L2: ÍNDICE
A3: Años | B3: Defunciones 1/ | E3: Proyecciones población 2/ | H3: Tasas de mortalidad 3/
B4: Total | C4: Hombre | D4: Mujer | E4: Total | F4: Hombre | G4: Mujer | H4: General | I4: Masculina | J4: Femenina
A5: 1990 | B5: 50217 | C5: 27780 | D5: 22437 | E5: 10149666 | F5: 5098988 | G5: 5050678 | H5: =+B5/E5*1000 -> 4.9476505 | I5: =+C5/F5*1000 -> 5.4481399 | J5: =+D5/G5*1000 -> 4.4423739
A6: 1991 | B6: 53333 | C6: 29730 | D6: 23603 | E6: 10355598 | F6: 5201174 | G6: 5154424 | H6: =+B6/E6*1000 -> 5.1501613 | I6: =+C6/F6*1000 -> 5.7160172 | J6: =+D6/G6*1000 -> 4.5791732
A7: 1992 | B7: 53430 | C7: 29708 | D7: 23722 | E7: 10567946 | F7: 5306547 | G7: 5261399 | H7: =+B7/E7*1000 -> 5.0558548 | I7: =+C7/F7*1000 -> 5.5983675 | J7: =+D7/G7*1000 -> 4.5086868
A8: 1993 | B8: 52453 | C8: 29292 | D8: 23161 | E8: 10786984 | F8: 5415226 | G8: 5371758 | H8: =+B8/E8*1000 -> 4.8626196 | I8: =+C8/F8*1000 -> 5.4091925 | J8: =+D8/G8*1000 -> 4.3116239
A9: 1994 | B9: 51165 | C9: 28689 | D9: 22476 | E9: 11012925 | F9: 5527302 | G9: 5485623 | H9: =+B9/E9*1000 -> 4.6459047 | I9: =+C9/F9*1000 -> 5.1904166 | J9: =+D9/G9*1000 -> 4.0972557
A10: 1995 | B10: 50867 | C10: 28608 | D10: 22259 | E10: 11246107 | F10: 5642924 | G10: 5603183 | H10: =+B10/E10*1000 -> 4.5230763 | I10: =+C10/F10*1000 -> 5.0697121 | J10: =+D10/G10*1000 -> 3.9725635
A11: 1996 | B11: 52300 | C11: 29551 | D11: 22749 | E11: 11486884 | F11: 5762327 | G11: 5724557 | H11: =+B11/E11*1000 -> 4.5530189 | I11: =+C11/F11*1000 -> 5.1283101 | J11: =+D11/G11*1000 -> 3.973932
A12: 1997 | B12: 52089 | C12: 29347 | D12: 22742 | E12: 11735391 | F12: 5885530 | G12: 5849861 | H12: =+B12/E12*1000 -> 4.438625 | I12: =+C12/F12*1000 -> 4.9862969 | J12: =+D12/G12*1000 -> 3.8876137
A13: 1998 | B13: 54357 | C13: 30842 | D13: 23515 | E13: 11992073 | F13: 6012789 | G13: 5979284 | H13: =+B13/E13*1000 -> 4.5327443 | I13: =+C13/F13*1000 -> 5.1294 | J13: =+D13/G13*1000 -> 3.9327451
A14: 1999 | B14: 55921 | C14: 31895 | D14: 24026 | E14: 12257190 | F14: 6144204 | G14: 6112986 | H14: =+B14/E14*1000 -> 4.5623018 | I14: =+C14/F14*1000 -> 5.1910711 | J14: =+D14/G14*1000 -> 3.9303215
A15: 2000 | B15: 56420 | C15: 31966 | D15: 24454 | E15: 12531210 | F15: 6279998 | G15: 6251212 | H15: =+B15/E15*1000 -> 4.5023585 | I15: =+C15/F15*1000 -> 5.090129 | J15: =+D15/G15*1000 -> 3.9118814
A16: 2001 | B16: 55214 | C16: 31255 | D16: 23959 | E16: 12814503 | F16: 6420387 | G16: 6394116 | H16: =+B16/E16*1000 -> 4.3087118 | I16: =+C16/F16*1000 -> 4.8680866 | J16: =+D16/G16*1000 -> 3.7470387
... A30: 2015 | B30: 64790 | C30: 35577 | D30: 29213 | E30: 16278844 | F30: 8062610 | G30: 8216234 | H30: =+B30/E30*1000 -> 3.9800123 | I30: =+C30/F30*1000 -> 4.412591 | J30: =+D30/G30*1000 -> 3.5555219
A32: 1/ Defunciones registrados en (t): corresponden a las defunciones ocurridas en el año de estudio e inscritas en el mismo año de investigación.
A33: 2/ Población estimada a partir de la retroproyección (años 1990 - 2009) y proyección (años 2010 - 2015) en base al Censo de Población del 2010.
A34: 3/ Tasas por 1.000 habitantes
A35: Fuente: Registro estadístico de defunciones generales, años 1990-2015.
A36: Importante: Leer la Nota técnica Registro de Estadísticas Vitales 2015 en el siguiente link:
A37: http://www.ecuadorencifras.gob.ec/documentos/web-inec/Poblacion_y_Demografia/Nacimientos_Defunciones/2015/Nota_tecnica_Registro_de_Estadisticas_Vitales_2015.pdf

Sheet 1.4.2A
A1: Serie 1.4.2A
A2: Número de defunciones (t) en el año por edades simples (horas) a nivel nacional Periodo 1990 - 2015 | AB2: ÍNDICE
A3: Años | B3: Total defunciones 1/ | C3: Horas
C4: 0 | D4: 1 | E4: 2 | F4: 3 | G4: 4 | H4: 5 | I4: 6 | J4: 7 | K4: 8 | L4: 9 | M4: 10 | N4: 11 | O4: 12 | P4: 13 | Q4: 14 | R4: 15 | S4: 16 | T4: 17 | U4: 18 | V4: 19 | W4: 20 | X4: 21 | Y4: 22 | Z4: 23
A5: 1990 | B5: 923 | C5: - | D5: 265 | E5: 110 | F5: 65 | G5: 71 | H5: 49 | I5: 57 | J5: 38 | K5: 28 | L5: 23 | M5: 36 | N5: 20 | O5: 35 | P5: 12 | Q5: 17 | R5: 15 | S5: 8 | T5: 5 | U5: 12 | V5: 8 | W5: 22 | X5: 4 | Y5: 13 | Z5: 10
A6: 1991 | B6: 893 | C6: - | D6: 281 | E6: 79 | F6: 47 | G6: 59 | H6: 49 | I6: 49 | J6: 29 | K6: 46 | L6: 18 | M6: 24 | N6: 19 | O6: 45 | P6: 9 | Q6: 23 | R6: 16 | S6: 15 | T6: 15 | U6: 16 | V6: 8 | W6: 21 | X6: 7 | Y6: 7 | Z6: 11
A7: 1992 | B7: 941 | C7: - | D7: 276 | E7: 86 | F7: 60 | G7: 59 | H7: 53 | I7: 54 | J7: 29 | K7: 40 | L7: 32 | M7: 39 | N7: 24 | O7: 46 | P7: 10 | Q7: 17 | R7: 20 | S7: 12 | T7: 9 | U7: 8 | V7: 20 | W7: 16 | X7: 11 | Y7: 9 | Z7: 11
A8: 1993 | B8: 957 | C8: - | D8: 325 | E8: 95 | F8: 60 | G8: 71 | H8: 48 | I8: 44 | J8: 28 | K8: 34 | L8: 26 | M8: 40 | N8: 17 | O8: 45 | P8: 3 | Q8: 19 | R8: 15 | S8: 14 | T8: 10 | U8: 11 | V8: 5 | W8: 17 | X8: 7 | Y8: 8 | Z8: 15
A9: 1994 | B9: 889 | C9: - | D9: 260 | E9: 76 | F9: 68 | G9: 52 | H9: 37 | I9: 57 | J9: 32 | K9: 32 | L9: 29 | M9: 34 | N9: 17 | O9: 35 | P9: 15 | Q9: 12 | R9: 22 | S9: 15 | T9: 8 | U9: 19 | V9: 10 | W9: 27 | X9: 10 | Y9: 9 | Z9: 13
A10: 1995 | B10: 964 | C10: - | D10: 368 | E10: 90 | F10: 53 | G10: 43 | H10: 52 | I10: 43 | J10: 32 | K10: 24 | L10: 31 | M10: 34 | N10: 11 | O10: 35 | P10: 12 | Q10: 23 | R10: 11 | S10: 11 | T10: 6 | U10: 16 | V10: 9 | W10: 13 | X10: 10 | Y10: 15 | Z10: 22
A11: 1996 | B11: 884 | C11: - | D11: 273 | E11: 90 | F11: 49 | G11: 46 | H11: 36 | I11: 41 | J11: 22 | K11: 44 | L11: 21 | M11: 41 | N11: 16 | O11: 34 | P11: 11 | Q11: 14 | R11: 20 | S11: 19 | T11: 14 | U11: 15 | V11: 15 | W11: 27 | X11: 8 | Y11: 9 | Z11: 19
A12: 1997 | B12: 812 | C12: - | D12: 192 | E12: 81 | F12: 58 | G12: 46 | H12: 57 | I12: 45 | J12: 29 | K12: 31 | L12: 23 | M12: 33 | N12: 17 | O12: 36 | P12: 15 | Q12: 14 | R12: 20 | S12: 15 | T12: 12 | U12: 10 | V12: 10 | W12: 18 | X12: 10 | Y12: 14 | Z12: 26
A13: 1998 | B13: 810 | C13: - | D13: 228 | E13: 90 | F13: 56 | G13: 58 | H13: 45 | I13: 50 | J13: 14 | K13: 28 | L13: 18 | M13: 32 | N13: 12 | O13: 41 | P13: 9 | Q13: 11 | R13: 10 | S13: 14 | T13: 13 | U13: 16 | V13: 12 | W13: 15 | X13: 10 | Y13: 12 | Z13: 16
A14: 1999 | B14: 904 | C14: - | D14: 249 | E14: 94 | F14: 51 | G14: 54 | H14: 46 | I14: 46 | J14: 27 | K14: 45 | L14: 18 | M14: 28 | N14: 22 | O14: 46 | P14: 16 | Q14: 21 | R14: 21 | S14: 15 | T14: 8 | U14: 21 | V14: 14 | W14: 21 | X14: 9 | Y14: 14 | Z14: 18
A15: 2000 | B15: 879 | C15: - | D15: 214 | E15: 91 | F15: 50 | G15: 47 | H15: 47 | I15: 38 | J15: 31 | K15: 38 | L15: 28 | M15: 38 | N15: 23 | O15: 47 | P15: 19 | Q15: 18 | R15: 15 | S15: 21 | T15: 12 | U15: 25 | V15: 10 | W15: 31 | X15: 9 | Y15: 15 | Z15: 12
A16: 2001 | B16: 837 | C16: - | D16: 217 | E16: 73 | F16: 49 | G16: 45 | H16: 45 | I16: 42 | J16: 32 | K16: 27 | L16: 25 | M16: 43 | N16: 32 | O16: 35 | P16: 11 | Q16: 13 | R16: 23 | S16: 17 | T16: 12 | U16: 19 | V16: 13 | W16: 22 | X16: 5 | Y16: 15 | Z16: 22
... A28: 2013 | B28: 531 | C28: - | D28: 221 | E28: 44 | F28: 29 | G28: 17 | H28: 13 | I28: 19 | J28: 15 | K28: 15 | L28: 25 | M28: 16 | N28: 11 | O28: 10 | P28: 13 | Q28: 5 | R28: 8 | S28: 7 | T28: 5 | U28: 7 | V28: 9 | W28: 6 | X28: 7 | Y28: 8 | Z28: 21
A29: 2014 | B29: 367 | C29: 91 | D29: 123 | E29: 34 | F29: 25 | G29: 10 | H29: 15 | I29: 11 | J29: 13 | K29: 4 | L29: 3 | M29: 9 | N29: 2 | O29: 7 | P29: 3 | Q29: 1 | R29: 4 | S29: 1 | T29: 1 | U29: 2 | V29: - | W29: 4 | X29: 2 | Y29: 2 | Z29: -
A30: 2015 | B30: 411 | C30: 3 | D30: 210 | E30: 50 | F30: 32 | G30: 18 | H30: 10 | I30: 15 | J30: 11 | K30: 6 | L30: 14 | M30: 8 | N30: 4 | O30: 9 | P30: 3 | Q30: 4 | R30: 2 | S30: 2 | T30: 1 | U30: 2 | V30: 2 | W30: 2 | X30: 2 | Y30: 1 | Z30: -
A32: 1/ Defunciones registradas en (t): corresponden a las defunciones ocurridas en el año de estudio e inscritas en el mismo año de investigación.
A33: Fuente: Registro estadístico de defunciones generales, años 1990-2015.
A34: Importante: Leer la Nota técnica Registro de Estadísticas Vitales 2015 en el siguiente link:
A35: http://www.ecuadorencifras.gob.ec/documentos/web-inec/Poblacion_y_Demografia/Nacimientos_Defunciones/2015/Nota_tecnica_Registro_de_Estadisticas_Vitales_2015.pdf

Sheet 1.4.2B
A1: Serie 1.4.2B
A2: Número de defunciones (t) en el año por edades simples (días) a nivel nacional Periodo 1990 - 2015
A3: Años | B3: Total defunciones 1/ | C3: Días
C4: 1 | D4: 2 | E4: 3 | F4: 4 | G4: 5 | H4: 6 | I4: 7 | J4: 8 | K4: 9 | L4: 10 | M4: 11 | N4: 12 | O4: 13 | P4: 14 | Q4: 15 | R4: 16 | S4: 17 | T4: 18 | U4: 19 | V4: 20 | W4: 21 | X4: 22 | Y4: 23 | Z4: 24 | AA4: 25 | AB4: 26 | AC4: 27 | AD4: 28 | AF4: ÍNDICE
A5: 1990 | B5: 2395 | C5: 345 | D5: 275 | E5: 195 | F5: 137 | G5: 110 | H5: 122 | I5: 117 | J5: 94 | K5: 56 | L5: 67 | M5: 52 | N5: 50 | O5: 63 | P5: 64 | Q5: 80 | R5: 56 | S5: 37 | T5: 46 | U5: 40 | V5: 53 | W5: 48 | X5: 44 | Y5: 31 | Z5: 51 | AA5: 36 | AB5: 38 | AC5: 30 | AD5: 58
A6: 1991 | B6: 2215 | C6: 290 | D6: 297 | E6: 207 | F6: 147 | G6: 105 | H6: 107 | I6: 88 | J6: 80 | K6: 59 | L6: 61 | M6: 47 | N6: 40 | O6: 44 | P6: 53 | Q6: 45 | R6: 48 | S6: 49 | T6: 28 | U6: 40 | V6: 45 | W6: 50 | X6: 36 | Y6: 41 | Z6: 38 | AA6: 41 | AB6: 38 | AC6: 34 | AD6: 57
A7: 1992 | B7: 2126 | C7: 317 | D7: 334 | E7: 192 | F7: 116 | G7: 118 | H7: 97 | I7: 80 | J7: 90 | K7: 68 | L7: 55 | M7: 55 | N7: 36 | O7: 54 | P7: 34 | Q7: 66 | R7: 29 | S7: 25 | T7: 30 | U7: 29 | V7: 45 | W7: 35 | X7: 23 | Y7: 29 | Z7: 29 | AA7: 22 | AB7: 33 | AC7: 24 | AD7: 61
A8: 1993 | B8: 2107 | C8: 312 | D8: 286 | E8: 181 | F8: 151 | G8: 105 | H8: 78 | I8: 97 | J8: 81 | K8: 55 | L8: 67 | M8: 47 | N8: 45 | O8: 48 | P8: 44 | Q8: 40 | R8: 31 | S8: 33 | T8: 45 | U8: 28 | V8: 45 | W8: 53 | X8: 38 | Y8: 33 | Z8: 29 | AA8: 35 | AB8: 31 | AC8: 22 | AD8: 47
A9: 1994 | B9: 1711 | C9: 287 | D9: 255 | E9: 146 | F9: 100 | G9: 98 | H9: 94 | I9: 66 | J9: 48 | K9: 56 | L9: 43 | M9: 57 | N9: 35 | O9: 31 | P9: 29 | Q9: 42 | R9: 30 | S9: 29 | T9: 27 | U9: 26 | V9: 37 | W9: 21 | X9: 23 | Y9: 17 | Z9: 18 | AA9: 22 | AB9: 19 | AC9: 17 | AD9: 38
A10: 1995 | B10: 1658 | C10: 273 | D10: 259 | E10: 143 | F10: 105 | G10: 91 | H10: 81 | I10: 80 | J10: 70 | K10: 37 | L10: 43 | M10: 34 | N10: 22 | O10: 25 | P10: 35 | Q10: 42 | R10: 23 | S10: 27 | T10: 27 | U10: 15 | V10: 32 | W10: 34 | X10: 23 | Y10: 18 | Z10: 21 | AA10: 25 | AB10: 25 | AC10: 16 | AD10: 32
A11: 1996 | B11: 1671 | C11: 246 | D11: 264 | E11: 152 | F11: 98 | G11: 87 | H11: 91 | I11: 81 | J11: 67 | K11: 45 | L11: 46 | M11: 38 | N11: 44 | O11: 26 | P11: 40 | Q11: 49 | R11: 27 | S11: 24 | T11: 26 | U11: 23 | V11: 28 | W11: 18 | X11: 22 | Y11: 27 | Z11: 16 | AA11: 22 | AB11: 19 | AC11: 17 | AD11: 28
A12: 1997 | B12: 1643 | C12: 270 | D12: 258 | E12: 159 | F12: 110 | G12: 89 | H12: 65 | I12: 64 | J12: 56 | K12: 36 | L12: 51 | M12: 32 | N12: 31 | O12: 33 | P12: 27 | Q12: 43 | R12: 15 | S12: 25 | T12: 25 | U12: 31 | V12: 37 | W12: 21 | X12: 23 | Y12: 23 | Z12: 22 | AA12: 27 | AB12: 23 | AC12: 12 | AD12: 35
A13: 1998 | B13: 1675 | C13: 258 | D13: 265 | E13: 147 | F13: 148 | G13: 92 | H13: 82 | I13: 76 | J13: 61 | K13: 41 | L13: 45 | M13: 36 | N13: 39 | O13: 34 | P13: 27 | Q13: 36 | R13: 24 | S13: 19 | T13: 17 | U13: 15 | V13: 22 | W13: 19 | X13: 29 | Y13: 22 | Z13: 21 | AA13: 20 | AB13: 17 | AC13: 17 | AD13: 46
A14: 1999 | B14: 1838 | C14: 293 | D14: 303 | E14: 176 | F14: 107 | G14: 123 | H14: 80 | I14: 76 | J14: 68 | K14: 54 | L14: 52 | M14: 41 | N14: 49 | O14: 18 | P14: 35 | Q14: 32 | R14: 32 | S14: 27 | T14: 27 | U14: 20 | V14: 23 | W14: 16 | X14: 23 | Y14: 24 | Z14: 32 | AA14: 21 | AB14: 24 | AC14: 21 | AD14: 41
A15: 2000 | B15: 1830 | C15: 295 | D15: 289 | E15: 184 | F15: 116 | G15: 94 | H15: 79 | I15: 70 | J15: 78 | K15: 46 | L15: 51 | M15: 46 | N15: 40 | O15: 30 | P15: 31 | Q15: 35 | R15: 29 | S15: 29 | T15: 25 | U15: 13 | V15: 21 | W15: 33 | X15: 33 | Y15: 20 | Z15: 31 | AA15: 21 | AB15: 22 | AC15: 20 | AD15: 49
A16: 2001 | B16: 1606 | C16: 227 | D16: 231 | E16: 150 | F16: 98 | G16: 90 | H16: 74 | I16: 65 | J16: 75 | K16: 38 | L16: 62 | M16: 45 | N16: 27 | O16: 18 | P16: 32 | Q16: 48 | R16: 27 | S16: 37 | T16: 31 | U16: 24 | V16: 28 | W16: 24 | X16: 25 | Y16: 22 | Z16: 15 | AA16: 15 | AB16: 27 | AC16: 21 | AD16: 30
... A30: 2015 | B30: 1352 | C30: 284 | D30: 190 | E30: 126 | F30: 95 | G30: 55 | H30: 56 | I30: 45 | J30: 42 | K30: 41 | L30: 38 | M30: 40 | N30: 27 | O30: 22 | P30: 28 | Q30: 25 | R30: 18 | S30: 20 | T30: 18 | U30: 18 | V30: 22 | W30: 23 | X30: 21 | Y30: 18 | Z30: 17 | AA30: 17 | AB30: 17 | AC30: 16 | AD30: 13
A32: 1/ Defunciones registradas en (t): corresponden a las defunciones ocurridas en el año de estudio e inscritas en el mismo año de investigación.
A33: Fuente: Registro estadístico de defunciones generales, años 1990-2015.
A34: Importante: Leer la Nota técnica Registro de Estadísticas Vitales 2015 en el siguiente link:
A35: http://www.ecuadorencifras.gob.ec/documentos/web-inec/Poblacion_y_Demografia/Nacimientos_Defunciones/2015/Nota_tecnica_Registro_de_Estadisticas_Vitales_2015.pdf

Sheet 1.4.2C
A1: Serie 1.4.2C
A2: Número de defunciones (t) en el año por edades simples (meses) a nivel nacional Periodo 1990 - 2015 | O2: ÍNDICE
A3: Años | B3: Total defunciones 1/ | C3: Meses
C4: 1 | D4: 2 | E4: 3 | F4: 4 | G4: 5 | H4: 6 | I4: 7 | J4: 8 | K4: 9 | L4: 10 | M4: 11
A5: 1990 | B5: 4655 | C5: 956 | D5: 643 | E5: 508 | F5: 402 | G5: 298 | H5: 340 | I5: 338 | J5: 330 | K5: 308 | L5: 273 | M5: 259
A6: 1991 | B6: 4344 | C6: 918 | D6: 587 | E6: 460 | F6: 397 | G6: 307 | H6: 326 | I6: 276 | J6: 303 | K6: 240 | L6: 269 | M6: 261
A7: 1992 | B7: 4259 | C7: 778 | D7: 571 | E7: 415 | F7: 364 | G7: 345 | H7: 343 | I7: 286 | J7: 320 | K7: 289 | L7: 281 | M7: 267
A8: 1993 | B8: 3942 | C8: 784 | D8: 554 | E8: 430 | F8: 369 | G8: 278 | H8: 279 | I8: 262 | J8: 290 | K8: 231 | L8: 238 | M8: 227
A9: 1994 | B9: 3525 | C9: 536 | D9: 612 | E9: 456 | F9: 346 | G9: 269 | H9: 248 | I9: 237 | J9: 220 | K9: 198 | L9: 218 | M9: 185
A10: 1995 | B10: 2911 | C10: 419 | D10: 506 | E10: 342 | F10: 262 | G10: 240 | H10: 209 | I10: 188 | J10: 198 | K10: 192 | L10: 170 | M10: 185
A11: 1996 | B11: 2796 | C11: 369 | D11: 523 | E11: 326 | F11: 266 | G11: 244 | H11: 188 | I11: 196 | J11: 167 | K11: 171 | L11: 170 | M11: 176
A12: 1997 | B12: 3008 | C12: 366 | D12: 474 | E12: 341 | F12: 298 | G12: 239 | H12: 250 | I12: 212 | J12: 230 | K12: 204 | L12: 198 | M12: 196
A13: 1998 | B13: 2701 | C13: 343 | D13: 438 | E13: 302 | F13: 233 | G13: 227 | H13: 198 | I13: 209 | J13: 214 | K13: 198 | L13: 179 | M13: 160
A14: 1999 | B14: 2630 | C14: 360 | D14: 488 | E14: 335 | F14: 248 | G14: 233 | H14: 212 | I14: 193 | J14: 153 | K14: 151 | L14: 140 | M14: 117
A15: 2000 | B15: 2771 | C15: 352 | D15: 483 | E15: 361 | F15: 280 | G15: 223 | H15: 199 | I15: 189 | J15: 174 | K15: 158 | L15: 189 | M15: 163
A16: 2001 | B16: 2357 | C16: 284 | D16: 409 | E16: 303 | F16: 235 | G16: 182 | H16: 166 | I16: 178 | J16: 185 | K16: 147 | L16: 140 | M16: 128
... A30: 2015 | B30: 1216 | C30: 376 | D30: 169 | E30: 143 | F30: 82 | G30: 94 | H30: 92 | I30: 70 | J30: 59 | K30: 37 | L30: 46 | M30: 48
A32: 1/ Defunciones registradas en (t): corresponden a las defunciones ocurridas en el año de estudio e inscritas en el mismo año de investigación.
A33: Fuente: Registro estadístico de defunciones generales, años 1990-2015.
A34: Importante: Leer la Nota técnica Registro de Estadísticas Vitales 2015 en el siguiente link:
A35: http://www.ecuadorencifras.gob.ec/documentos/web-inec/Poblacion_y_Demografia/Nacimientos_Defunciones/2015/Nota_tecnica_Registro_de_Estadisticas_Vitales_2015.pdf

Sheet 1.4.2D
A1: Serie 1.4.2D
A2: Número de defunciones (t) en el año por edades simples (De 1 a 30 años) a nivel nacional Periodo 1990 - 2015 | AH2: ÍNDICE
A3: Años | B3: Total defunciones 1/ | C3: Años
C4: 1 | D4: 2 | E4: 3 | F4: 4 | G4: 5 | H4: 6 | I4: 7 | J4: 8 | K4: 9 | L4: 10 | M4: 11 | N4: 12 | O4: 13 | P4: 14 | Q4: 15 | R4: 16 | S4: 17 | T4: 18 | U4: 19 | V4: 20 | W4: 21 | X4: 22 | Y4: 23 | Z4: 24 | AA4: 25 | AB4: 26 | AC4: 27 | AD4: 28 | AE4: 29 | AF4: 30
A5: 1990 | B5: 9677 | C5: 1984 | D5: 710 | E5: 389 | F5: 293 | G5: 244 | H5: 183 | I5: 169 | J5: 181 | K5: 158 | L5: 150 | M5: 156 | N5: 178 | O5: 182 | P5: 167 | Q5: 167 | R5: 237 | S5: 237 | T5: 289 | U5: 293 | V5: 305 | W5: 295 | X5: 338 | Y5: 304 | Z5: 339 | AA5: 291 | AB5: 279 | AC5: 268 | AD5: 295 | AE5: 263 | AF5: 333
A6: 1991 | B6: 10124 | C6: 1906 | D6: 694 | E6: 441 | F6: 316 | G6: 232 | H6: 212 | I6: 205 | J6: 184 | K6: 152 | L6: 196 | M6: 172 | N6: 157 | O6: 174 | P6: 186 | Q6: 217 | R6: 261 | S6: 263 | T6: 283 | U6: 313 | V6: 333 | W6: 314 | X6: 333 | Y6: 304 | Z6: 336 | AA6: 324 | AB6: 307 | AC6: 302 | AD6: 344 | AE6: 311 | AF6: 352
A7: 1992 | B7: 10227 | C7: 1978 | D7: 723 | E7: 441 | F7: 284 | G7: 247 | H7: 200 | I7: 193 | J7: 175 | K7: 155 | L7: 175 | M7: 152 | N7: 192 | O7: 161 | P7: 180 | Q7: 174 | R7: 249 | S7: 255 | T7: 330 | U7: 302 | V7: 311 | W7: 340 | X7: 342 | Y7: 325 | Z7: 315 | AA7: 375 | AB7: 346 | AC7: 320 | AD7: 359 | AE7: 297 | AF7: 331
A8: 1993 | B8: 9729 | C8: 1626 | D8: 617 | E8: 379 | F8: 264 | G8: 245 | H8: 187 | I8: 141 | J8: 164 | K8: 146 | L8: 165 | M8: 144 | N8: 185 | O8: 165 | P8: 203 | Q8: 218 | R8: 253 | S8: 270 | T8: 299 | U8: 273 | V8: 329 | W8: 290 | X8: 394 | Y8: 337 | Z8: 333 | AA8: 318 | AB8: 369 | AC8: 335 | AD8: 356 | AE8: 328 | AF8: 396
A9: 1994 | B9: 9216 | C9: 1545 | D9: 606 | E9: 346 | F9: 254 | G9: 211 | H9: 168 | I9: 149 | J9: 154 | K9: 139 | L9: 142 | M9: 108 | N9: 141 | O9: 164 | P9: 180 | Q9: 189 | R9: 239 | S9: 256 | T9: 258 | U9: 259 | V9: 280 | W9: 364 | X9: 341 | Y9: 321 | Z9: 354 | AA9: 350 | AB9: 326 | AC9: 311 | AD9: 353 | AE9: 350 | AF9: 358
A10: 1995 | B10: 9485 | C10: 1603 | D10: 525 | E10: 334 | F10: 239 | G10: 216 | H10: 158 | I10: 176 | J10: 146 | K10: 125 | L10: 123 | M10: 111 | N10: 135 | O10: 166 | P10: 177 | Q10: 253 | R10: 243 | S10: 288 | T10: 349 | U10: 313 | V10: 348 | W10: 335 | X10: 357 | Y10: 348 | Z10: 332 | AA10: 368 | AB10: 327 | AC10: 331 | AD10: 351 | AE10: 337 | AF10: 371
A11: 1996 | B11: 9018 | C11: 1326 | D11: 530 | E11: 276 | F11: 206 | G11: 163 | H11: 176 | I11: 160 | J11: 155 | K11: 119 | L11: 117 | M11: 125 | N11: 137 | O11: 163 | P11: 181 | Q11: 219 | R11: 261 | S11: 280 | T11: 310 | U11: 351 | V11: 359 | W11: 288 | X11: 348 | Y11: 330 | Z11: 362 | AA11: 358 | AB11: 368 | AC11: 338 | AD11: 337 | AE11: 336 | AF11: 339
A12: 1997 | B12: 9051 | C12: 1391 | D12: 590 | E12: 311 | F12: 222 | G12: 156 | H12: 131 | I12: 133 | J12: 131 | K12: 140 | L12: 145 | M12: 153 | N12: 158 | O12: 147 | P12: 193 | Q12: 225 | R12: 240 | S12: 289 | T12: 310 | U12: 317 | V12: 344 | W12: 316 | X12: 312 | Y12: 335 | Z12: 330 | AA12: 364 | AB12: 330 | AC12: 335 | AD12: 343 | AE12: 310 | AF12: 350
A13: 1998 | B13: 9499 | C13: 1361 | D13: 516 | E13: 314 | F13: 229 | G13: 187 | H13: 159 | I13: 129 | J13: 144 | K13: 132 | L13: 120 | M13: 127 | N13: 186 | O13: 149 | P13: 176 | Q13: 221 | R13: 242 | S13: 302 | T13: 328 | U13: 368 | V13: 407 | W13: 351 | X13: 368 | Y13: 388 | Z13: 375 | AA13: 355 | AB13: 385 | AC13: 372 | AD13: 380 | AE13: 338 | AF13: 390
A14: 1999 | B14: 8988 | C14: 1073 | D14: 495 | E14: 273 | F14: 253 | G14: 170 | H14: 178 | I14: 163 | J14: 140 | K14: 130 | L14: 124 | M14: 114 | N14: 139 | O14: 147 | P14: 183 | Q14: 197 | R14: 258 | S14: 294 | T14: 319 | U14: 329 | V14: 328 | W14: 383 | X14: 368 | Y14: 361 | Z14: 409 | AA14: 371 | AB14: 366 | AC14: 349 | AD14: 388 | AE14: 316 | AF14: 370
A15: 2000 | B15: 9013 | C15: 1105 | D15: 475 | E15: 278 | F15: 211 | G15: 170 | H15: 168 | I15: 121 | J15: 140 | K15: 131 | L15: 130 | M15: 122 | N15: 145 | O15: 165 | P15: 182 | Q15: 181 | R15: 223 | S15: 261 | T15: 341 | U15: 347 | V15: 385 | W15: 377 | X15: 413 | Y15: 352 | Z15: 390 | AA15: 368 | AB15: 378 | AC15: 337 | AD15: 373 | AE15: 361 | AF15: 383
A16: 2001 | B16: 8990 | C16: 1169 | D16: 480 | E16: 249 | F16: 212 | G16: 168 | H16: 148 | I16: 165 | J16: 116 | K16: 131 | L16: 134 | M16: 137 | N16: 146 | O16: 151 | P16: 153 | Q16: 197 | R16: 258 | S16: 309 | T16: 331 | U16: 356 | V16: 380 | W16: 365 | X16: 398 | Y16: 364 | Z16: 321 | AA16: 387 | AB16: 368 | AC16: 343 | AD16: 366 | AE16: 322 | AF16: 366
... A30: 2015 | B30: 6347 | C30: 356 | D30: 209 | E30: 143 | F30: 109 | G30: 109 | H30: 96 | I30: 65 | J30: 94 | K30: 78 | L30: 89 | M30: 94 | N30: 100 | O30: 114 | P30: 140 | Q30: 148 | R30: 175 | S30: 223 | T30: 281 | U30: 288 | V30: 314 | W30: 333 | X30: 302 | Y30: 295 | Z30: 339 | AA30: 318 | AB30: 330 | AC30: 324 | AD30: 321 | AE30: 281 | AF30: 279
A32: 1/ Defunciones registradas en (t): corresponden a las defunciones ocurridas en el año de estudio e inscritas en el mismo año de investigación.
A33: Fuente: Registro estadístico de defunciones generales, años 1990-2015.
A34: Importante: Leer la Nota técnica Registro de Estadísticas Vitales 2015 en el siguiente link:
A35: http://www.ecuadorencifras.gob.ec/documentos/web-inec/Poblacion_y_Demografia/Nacimientos_Defunciones/2015/Nota_tecnica_Registro_de_Estadisticas_Vitales_2015.pdf

Sheet 1.4.2E
A1: Serie 1.4.2E
A2: Número de defunciones (t) en el año por edades simples (De 31 a 60 años) a nivel nacional Periodo 1990 - 2015 | AH2: ÍNDICE
A3: Años | B3: Total defunciones 1/ | C3: Años
C4: 31 | D4: 32 | E4: 33 | F4: 34 | G4: 35 | H4: 36 | I4: 37 | J4: 38 | K4: 39 | L4: 40 | M4: 41 | N4: 42 | O4: 43 | P4: 44 | Q4: 45 | R4: 46 | S4: 47 | T4: 48 | U4: 49 | V4: 50 | W4: 51 | X4: 52 | Y4: 53 | Z4: 54 | AA4: 55 | AB4: 56 | AC4: 57 | AD4: 58 | AE4: 59 | AF4: 60
A5: 1990 | B5: =+SUM(C5:AF5) -> 10565 | C5: 259 | D5: 300 | E5: 283 | F5: 273 | G5: 317 | H5: 266 | I5: 316 | J5: 328 | K5: 301 | L5: 354 | M5: 250 | N5: 328 | O5: 296 | P5: 310 | Q5: 370 | R5: 305 | S5: 324 | T5: 337 | U5: 299 | V5: 425 | W5: 320 | X5: 392 | Y5: 344 | Z5: 419 | AA5: 465 | AB5: 412 | AC5: 397 | AD5: 439 | AE5: 443 | AF5: 693
A6: 1991 | B6: =+SUM(C6:AF6) -> 11509 | C6: 270 | D6: 310 | E6: 302 | F6: 302 | G6: 352 | H6: 300 | I6: 330 | J6: 363 | K6: 295 | L6: 368 | M6: 323 | N6: 345 | O6: 327 | P6: 376 | Q6: 432 | R6: 342 | S6: 322 | T6: 390 | U6: 312 | V6: 455 | W6: 399 | X6: 430 | Y6: 394 | Z6: 399 | AA6: 485 | AB6: 452 | AC6: 447 | AD6: 547 | AE6: 423 | AF6: 717
A7: 1992 | B7: =+SUM(C7:AF7) -> 11493 | C7: 321 | D7: 343 | E7: 297 | F7: 334 | G7: 330 | H7: 335 | I7: 342 | J7: 350 | K7: 353 | L7: 376 | M7: 326 | N7: 358 | O7: 317 | P7: 309 | Q7: 407 | R7: 363 | S7: 340 | T7: 356 | U7: 322 | V7: 443 | W7: 358 | X7: 430 | Y7: 398 | Z7: 423 | AA7: 482 | AB7: 454 | AC7: 440 | AD7: 471 | AE7: 468 | AF7: 647
A8: 1993 | B8: =+SUM(C8:AF8) -> 11410 | C8: 311 | D8: 328 | E8: 355 | F8: 337 | G8: 332 | H8: 309 | I8: 338 | J8: 356 | K8: 347 | L8: 372 | M8: 281 | N8: 374 | O8: 335 | P8: 294 | Q8: 377 | R8: 345 | S8: 346 | T8: 385 | U8: 358 | V8: 398 | W8: 375 | X8: 420 | Y8: 424 | Z8: 393 | AA8: 467 | AB8: 431 | AC8: 530 | AD8: 418 | AE8: 471 | AF8: 603
A9: 1994 | B9: =+SUM(C9:AF9) -> 11626 | C9: 298 | D9: 346 | E9: 344 | F9: 337 | G9: 345 | H9: 323 | I9: 351 | J9: 315 | K9: 362 | L9: 368 | M9: 307 | N9: 346 | O9: 331 | P9: 362 | Q9: 433 | R9: 353 | S9: 364 | T9: 388 | U9: 377 | V9: 408 | W9: 361 | X9: 364 | Y9: 434 | Z9: 466 | AA9: 449 | AB9: 459 | AC9: 446 | AD9: 495 | AE9: 498 | AF9: 596
A10: 1995 | B10: =+SUM(C10:AF10) -> 11442 | C10: 314 | D10: 343 | E10: 318 | F10: 306 | G10: 360 | H10: 339 | I10: 306 | J10: 344 | K10: 336 | L10: 380 | M10: 317 | N10: 353 | O10: 349 | P10: 349 | Q10: 390 | R10: 346 | S10: 373 | T10: 373 | U10: 340 | V10: 446 | W10: 374 | X10: 387 | Y10: 379 | Z10: 409 | AA10: 480 | AB10: 406 | AC10: 457 | AD10: 472 | AE10: 460 | AF10: 636
A11: 1996 | B11: =+SUM(C11:AF11) -> 12066 | C11: 340 | D11: 368 | E11: 321 | F11: 324 | G11: 380 | H11: 320 | I11: 327 | J11: 362 | K11: 333 | L11: 378 | M11: 338 | N11: 356 | O11: 366 | P11: 370 | Q11: 390 | R11: 368 | S11: 372 | T11: 423 | U11: 393 | V11: 456 | W11: 417 | X11: 424 | Y11: 431 | Z11: 426 | AA11: 447 | AB11: 491 | AC11: 470 | AD11: 483 | AE11: 532 | AF11: 660
A12: 1997 | B12: =+SUM(C12:AF12) -> 11877 | C12: 321 | D12: 299 | E12: 396 | F12: 341 | G12: 336 | H12: 347 | I12: 368 | J12: 339 | K12: 339 | L12: 376 | M12: 327 | N12: 369 | O12: 357 | P12: 339 | Q12: 378 | R12: 373 | S12: 338 | T12: 366 | U12: 427 | V12: 457 | W12: 426 | X12: 427 | Y12: 420 | Z12: 409 | AA12: 472 | AB12: 469 | AC12: 476 | AD12: 484 | AE12: 464 | AF12: 637
A13: 1998 | B13: =+SUM(C13:AF13) -> 12382 | C13: 321 | D13: 351 | E13: 365 | F13: 337 | G13: 379 | H13: 363 | I13: 343 | J13: 405 | K13: 372 | L13: 407 | M13: 344 | N13: 386 | O13: 390 | P13: 404 | Q13: 406 | R13: 353 | S13: 416 | T13: 465 | U13: 402 | V13: 426 | W13: 401 | X13: 426 | Y13: 432 | Z13: 436 | AA13: 444 | AB13: 475 | AC13: 491 | AD13: 506 | AE13: 494 | AF13: 642
A14: 1999 | B14: =+SUM(C14:AF14) -> 12871 | C14: 351 | D14: 359 | E14: 364 | F14: 346 | G14: 362 | H14: 399 | I14: 345 | J14: 392 | K14: 397 | L14: 380 | M14: 365 | N14: 380 | O14: 400 | P14: 394 | Q14: 419 | R14: 407 | S14: 406 | T14: 463 | U14: 456 | V14: 478 | W14: 404 | X14: 440 | Y14: 486 | Z14: 485 | AA14: 522 | AB14: 497 | AC14: 481 | AD14: 581 | AE14: 513 | AF14: 599
A15: 2000 | B15: =+SUM(C15:AF15) -> 12960 | C15: 335 | D15: 350 | E15: 369 | F15: 356 | G15: 349 | H15: 363 | I15: 407 | J15: 379 | K15: 366 | L15: 449 | M15: 359 | N15: 384 | O15: 391 | P15: 374 | Q15: 426 | R15: 405 | S15: 439 | T15: 440 | U15: 426 | V15: 488 | W15: 440 | X15: 487 | Y15: 485 | Z15: 520 | AA15: 530 | AB15: 507 | AC15: 472 | AD15: 536 | AE15: 550 | AF15: 578
A16: 2001 | B16: =+SUM(C16:AF16) -> 12734 | C16: 341 | D16: 347 | E16: 356 | F16: 298 | G16: 350 | H16: 366 | I16: 337 | J16: 362 | K16: 372 | L16: 381 | M16: 366 | N16: 382 | O16: 395 | P16: 374 | Q16: 412 | R16: 447 | S16: 383 | T16: 447 | U16: 392 | V16: 526 | W16: 465 | X16: 457 | Y16: 495 | Z16: 478 | AA16: 564 | AB16: 517 | AC16: 481 | AD16: 497 | AE16: 532 | AF16: 614
... A30: 2015 | B30: =+SUM(C30:AF30) -> 13295 | C30: 287 | D30: 309 | E30: 337 | F30: 329 | G30: 327 | H30: 332 | I30: 334 | J30: 327 | K30: 324 | L30: 341 | M30: 346 | N30: 321 | O30: 332 | P30: 392 | Q30: 367 | R30: 363 | S30: 417 | T30: 445 | U30: 422 | V30: 478 | W30: 482 | X30: 529 | Y30: 538 | Z30: 578 | AA30: 590 | AB30: 589 | AC30: 651 | AD30: 736 | AE30: 694 | AF30: 778
A32: 1/ Defunciones registradas en (t): corresponden a las defunciones ocurridas en el año de estudio e inscritas en el mismo año de investigación.
A33: Fuente: Registro estadístico de defunciones generales, años 1990-2015.
A34: Importante: Leer la Nota técnica Registro de Estadísticas Vitales 2015 en el siguiente link:
A35: http://www.ecuadorencifras.gob.ec/documentos/web-inec/Poblacion_y_Demografia/Nacimientos_Defunciones/2015/Nota_tecnica_Registro_de_Estadisticas_Vitales_2015.pdf

Sheet 1.4.2F
A1: Serie 1.4.2F
A2: Número de defunciones (t) en el año por edades simples (De 61 a 90 años) a nivel nacional Periodo 1990 - 2015 | AH2: ÍNDICE
A3: Años | B3: Total defunciones 1/ | C3: Años
C4: 61 | D4: 62 | E4: 63 | F4: 64 | G4: 65 | H4: 66 | I4: 67 | J4: 68 | K4: 69 | L4: 70 | M4: 71 | N4: 72 | O4: 73 | P4: 74 | Q4: 75 | R4: 76 | S4: 77 | T4: 78 | U4: 79 | V4: 80 | W4: 81 | X4: 82 | Y4: 83 | Z4: 84 | AA4: 85 | AB4: 86 | AC4: 87 | AD4: 88 | AE4: 89 | AF4: 90
A5: 1990 | B5: 19650 | C5: 445 | D5: 502 | E5: 474 | F5: 518 | G5: 694 | H5: 496 | I5: 539 | J5: 591 | K5: 588 | L5: 924 | M5: 529 | N5: 663 | O5: 638 | P5: 645 | Q5: 1017 | R5: 673 | S5: 613 | T5: 750 | U5: 722 | V5: 1172 | W5: 626 | X5: 695 | Y5: 617 | Z5: 621 | AA5: 955 | AB5: 571 | AC5: 516 | AD5: 505 | AE5: 449 | AF5: 902
A6: 1991 | B6: 21609 | C6: 563 | D6: 571 | E6: 544 | F6: 542 | G6: 762 | H6: 585 | I6: 625 | J6: 611 | K6: 549 | L6: 970 | M6: 654 | N6: 662 | O6: 668 | P6: 763 | Q6: 1051 | R6: 774 | S6: 733 | T6: 802 | U6: 751 | V6: 1283 | W6: 868 | X6: 744 | Y6: 738 | Z6: 687 | AA6: 976 | AB6: 678 | AC6: 570 | AD6: 536 | AE6: 479 | AF6: 870
A7: 1992 | B7: 21512 | C7: 520 | D7: 601 | E7: 589 | F7: 603 | G7: 690 | H7: 632 | I7: 623 | J7: 645 | K7: 675 | L7: 934 | M7: 673 | N7: 760 | O7: 636 | P7: 700 | Q7: 967 | R7: 745 | S7: 744 | T7: 774 | U7: 751 | V7: 1086 | W7: 790 | X7: 940 | Y7: 756 | Z7: 762 | AA7: 879 | AB7: 669 | AC7: 601 | AD7: 505 | AE7: 496 | AF7: 766
A8: 1993 | B8: 21402 | C8: 490 | D8: 608 | E8: 575 | F8: 604 | G8: 732 | H8: 563 | I8: 566 | J8: 647 | K8: 575 | L8: 840 | M8: 606 | N8: 701 | O8: 712 | P8: 705 | Q8: 888 | R8: 729 | S8: 720 | T8: 848 | U8: 777 | V8: 1165 | W8: 746 | X8: 846 | Y8: 916 | Z8: 776 | AA8: 933 | AB8: 655 | AC8: 601 | AD8: 590 | AE8: 516 | AF8: 772
A9: 1994 | B9: 21417 | C9: 476 | D9: 537 | E9: 534 | F9: 639 | G9: 687 | H9: 591 | I9: 576 | J9: 667 | K9: 612 | L9: 906 | M9: 615 | N9: 738 | O9: 668 | P9: 738 | Q9: 867 | R9: 732 | S9: 742 | T9: 845 | U9: 767 | V9: 1132 | W9: 765 | X9: 781 | Y9: 784 | Z9: 934 | AA9: 956 | AB9: 710 | AC9: 605 | AD9: 534 | AE9: 520 | AF9: 759
A10: 1995 | B10: 21563 | C10: 521 | D10: 506 | E10: 592 | F10: 594 | G10: 729 | H10: 571 | I10: 635 | J10: 627 | K10: 619 | L10: 828 | M10: 637 | N10: 723 | O10: 761 | P10: 732 | Q10: 928 | R10: 692 | S10: 736 | T10: 769 | U10: 786 | V10: 1052 | W10: 852 | X10: 758 | Y10: 797 | Z10: 804 | AA10: 1062 | AB10: 743 | AC10: 662 | AD10: 580 | AE10: 525 | AF10: 742
A11: 1996 | B11: 22718 | C11: 479 | D11: 572 | E11: 559 | F11: 569 | G11: 721 | H11: 744 | I11: 648 | J11: 685 | K11: 718 | L11: 796 | M11: 743 | N11: 673 | O11: 717 | P11: 789 | Q11: 927 | R11: 839 | S11: 732 | T11: 843 | U11: 815 | V11: 1088 | W11: 873 | X11: 798 | Y11: 814 | Z11: 805 | AA11: 1033 | AB11: 1027 | AC11: 750 | AD11: 654 | AE11: 575 | AF11: 732
A12: 1997 | B12: 22673 | C12: 515 | D12: 582 | E12: 584 | F12: 619 | G12: 701 | H12: 689 | I12: 679 | J12: 705 | K12: 670 | L12: 781 | M12: 699 | N12: 747 | O12: 713 | P12: 777 | Q12: 950 | R12: 799 | S12: 794 | T12: 802 | U12: 776 | V12: 1034 | W12: 860 | X12: 908 | Y12: 842 | Z12: 857 | AA12: 963 | AB12: 786 | AC12: 818 | AD12: 707 | AE12: 578 | AF12: 738
A13: 1998 | B13: 23930 | C13: 542 | D13: 599 | E13: 610 | F13: 658 | G13: 708 | H13: 699 | I13: 710 | J13: 794 | K13: 705 | L13: 834 | M13: 706 | N13: 745 | O13: 832 | P13: 827 | Q13: 957 | R13: 875 | S13: 868 | T13: 909 | U13: 809 | V13: 1076 | W13: 862 | X13: 904 | Y13: 901 | Z13: 902 | AA13: 995 | AB13: 808 | AC13: 777 | AD13: 833 | AE13: 671 | AF13: 814
A14: 1999 | B14: 25205 | C14: 564 | D14: 591 | E14: 711 | F14: 674 | G14: 778 | H14: 669 | I14: 679 | J14: 760 | K14: 836 | L14: 917 | M14: 807 | N14: 769 | O14: 812 | P14: 900 | Q14: 990 | R14: 850 | S14: 947 | T14: 964 | U14: 892 | V14: 1047 | W14: 872 | X14: 987 | Y14: 993 | Z14: 990 | AA14: 1069 | AB14: 858 | AC14: 807 | AD14: 783 | AE14: 772 | AF14: 917
A15: 2000 | B15: 25382 | C15: 585 | D15: 613 | E15: 627 | F15: 696 | G15: 740 | H15: 666 | I15: 690 | J15: 766 | K15: 803 | L15: 1009 | M15: 847 | N15: 848 | O15: 841 | P15: 900 | Q15: 1036 | R15: 902 | S15: 815 | T15: 979 | U15: 919 | V15: 1123 | W15: 827 | X15: 936 | Y15: 921 | Z15: 969 | AA15: 1045 | AB15: 960 | AC15: 814 | AD15: 815 | AE15: 797 | AF15: 893
A16: 2001 | B16: 25004 | C16: 563 | D16: 577 | E16: 616 | F16: 681 | G16: 798 | H16: 669 | I16: 701 | J16: 769 | K16: 746 | L16: 939 | M16: 865 | N16: 891 | O16: 846 | P16: 865 | Q16: 1012 | R16: 963 | S16: 900 | T16: 952 | U16: 926 | V16: 1084 | W16: 927 | X16: 875 | Y16: 930 | Z16: 925 | AA16: 1007 | AB16: 896 | AC16: 811 | AD16: 779 | AE16: 677 | AF16: 814
... A30: 2015 | B30: 35142 | C30: 752 | D30: 838 | E30: 824 | F30: 886 | G30: 894 | H30: 904 | I30: 896 | J30: 966 | K30: 1029 | L30: 990 | M30: 1029 | N30: 1028 | O30: 1050 | P30: 1184 | Q30: 1223 | R30: 1216 | S30: 1248 | T30: 1311 | U30: 1397 | V30: 1363 | W30: 1444 | X30: 1409 | Y30: 1330 | Z30: 1559 | AA30: 1524 | AB30: 1576 | AC30: 1471 | AD30: 1313 | AE30: 1262 | AF30: 1226
A32: 1/ Defunciones registradas en (t): corresponden a las defunciones ocurridas en el año de estudio e inscritas en el mismo año de investigación.
A33: Fuente: Registro estadístico de defunciones generales, años 1990-2015.
A34: Importante: Leer la Nota técnica Registro de Estadísticas Vitales 2015 en el siguiente link:
A35: http://www.ecuadorencifras.gob.ec/documentos/web-inec/Poblacion_y_Demografia/Nacimientos_Defunciones/2015/Nota_tecnica_Registro_de_Estadisticas_Vitales_2015.pdf

Sheet 1.4.2G
A1: Serie 1.4.2G
A2: Número de defunciones (t) 1/ en el año por edades simples (De 91 a 116 años) a nivel nacional Periodo 1990 - 2015 | AE2: ÍNDICE
A3: Años | B3: Total defunciones 1/ | C3: Años
C4: 91 | D4: 92 | E4: 93 | F4: 94 | G4: 95 | H4: 96 | I4: 97 | J4: 98 | K4: 99 | L4: 100 | M4: 101 | N4: 102 | O4: 103 | P4: 104 | Q4: 105 | R4: 106 | S4: 107 | T4: 108 | U4: 109 | V4: 110 | W4: 111 | X4: 112 | Y4: 113 | Z4: 114 | AA4: 115 | AB4: 116 | AC4: Edad ignorada
A5: 1990 | B5: 2352 | C5: 215 | D5: 239 | E5: 164 | F5: 156 | G5: 328 | H5: 131 | I5: 101 | J5: 91 | K5: 653 | L5: - | M5: - | N5: - | O5: - | P5: - | Q5: - | R5: - | S5: - | T5: - | U5: - | V5: - | W5: - | X5: - | Y5: - | Z5: - | AA5: - | AB5: - | AC5: 274
A6: 1991 | B6: 2639 | C6: 475 | D6: 245 | E6: 235 | F6: 167 | G6: 308 | H6: 177 | I6: 96 | J6: 104 | K6: 627 | L6: - | M6: - | N6: - | O6: - | P6: - | Q6: - | R6: - | S6: - | T6: - | U6: - | V6: - | W6: - | X6: - | Y6: - | Z6: - | AA6: - | AB6: - | AC6: 205
A7: 1992 | B7: 2872 | C7: 425 | D7: 493 | E7: 209 | F7: 189 | G7: 274 | H7: 171 | I7: 131 | J7: 109 | K7: 605 | L7: - | M7: - | N7: - | O7: - | P7: - | Q7: - | R7: - | S7: - | T7: - | U7: - | V7: - | W7: - | X7: - | Y7: - | Z7: - | AA7: - | AB7: - | AC7: 266
A8: 1993 | B8: 2906 | C8: 392 | D8: 457 | E8: 393 | F8: 192 | G8: 276 | H8: 176 | I8: 107 | J8: 118 | K8: 555 | L8: - | M8: - | N8: - | O8: - | P8: - | Q8: - | R8: - | S8: - | T8: - | U8: - | V8: - | W8: - | X8: - | Y8: - | Z8: - | AA8: - | AB8: - | AC8: 240
A9: 1994 | B9: 2781 | C9: 403 | D9: 357 | E9: 214 | F9: 505 | G9: 242 | H9: 131 | I9: 91 | J9: 105 | K9: 409 | L9: - | M9: - | N9: - | O9: - | P9: - | Q9: - | R9: - | S9: - | T9: - | U9: - | V9: - | W9: - | X9: - | Y9: - | Z9: - | AA9: - | AB9: - | AC9: 324
A10: 1995 | B10: 2844 | C10: 425 | D10: 329 | E10: 350 | F10: 202 | G10: 499 | H10: 231 | I10: 114 | J10: 95 | K10: 435 | L10: - | M10: - | N10: - | O10: - | P10: - | Q10: - | R10: - | S10: - | T10: - | U10: - | V10: - | W10: - | X10: - | Y10: - | Z10: - | AA10: - | AB10: - | AC10: 164
A11: 1996 | B11: 3147 | C11: 471 | D11: 432 | E11: 353 | F11: 349 | G11: 280 | H11: 436 | I11: 101 | J11: 92 | K11: 475 | L11: - | M11: - | N11: - | O11: - | P11: - | Q11: - | R11: - | S11: - | T11: - | U11: - | V11: - | W11: - | X11: - | Y11: - | Z11: - | AA11: - | AB11: - | AC11: 158
A12: 1997 | B12: 3025 | C12: 437 | D12: 424 | E12: 360 | F12: 336 | G12: 335 | H12: 172 | I12: 450 | J12: 77 | K12: 314 | L12: - | M12: - | N12: - | O12: - | P12: - | Q12: - | R12: - | S12: - | T12: - | U12: - | V12: - | W12: - | X12: - | Y12: - | Z12: - | AA12: - | AB12: - | AC12: 120
A13: 1998 | B13: 3360 | C13: 490 | D13: 490 | E13: 430 | F13: 340 | G13: 378 | H13: 264 | I13: 118 | J13: 490 | K13: 248 | L13: - | M13: - | N13: - | O13: - | P13: - | Q13: - | R13: - | S13: - | T13: - | U13: - | V13: - | W13: - | X13: - | Y13: - | Z13: - | AA13: - | AB13: - | AC13: 112
A14: 1999 | B14: 3485 | C14: 567 | D14: 493 | E14: 416 | F14: 413 | G14: 359 | H14: 259 | I14: 203 | J14: 148 | K14: 534 | L14: - | M14: - | N14: - | O14: - | P14: - | Q14: - | R14: - | S14: - | T14: - | U14: - | V14: - | W14: - | X14: - | Y14: - | Z14: - | AA14: - | AB14: - | AC14: 93
A15: 2000 | B15: 3585 | C15: 605 | D15: 481 | E15: 442 | F15: 373 | G15: 414 | H15: 235 | I15: 202 | J15: 117 | K15: 616 | L15: - | M15: - | N15: - | O15: - | P15: - | Q15: - | R15: - | S15: - | T15: - | U15: - | V15: - | W15: - | X15: - | Y15: - | Z15: - | AA15: - | AB15: - | AC15: 100
A16: 2001 | B16: 3686 | C16: 664 | D16: 545 | E16: 481 | F16: 355 | G16: 391 | H16: 290 | I16: 218 | J16: 114 | K16: 569 | L16: - | M16: - | N16: - | O16: - | P16: - | Q16: - | R16: - | S16: - | T16: - | U16: - | V16: - | W16: - | X16: - | Y16: - | Z16: - | AA16: - | AB16: - | AC16: 59
... A27: 2012 | B27: 6123 | C27: 1045 | D27: 878 | E27: 796 | F27: 654 | G27: 599 | H27: 566 | I27: 405 | J27: 810 | K27: 320 | L27: - | M27: - | N27: - | O27: - | P27: - | Q27: - | R27: - | S27: - | T27: - | U27: - | V27: - | W27: - | X27: - | Y27: - | Z27: - | AA27: - | AB27: - | AC27: 50
A28: 2013 | B28: 6226 | C28: 1053 | D28: 916 | E28: 810 | F28: 660 | G28: 607 | H28: 541 | I28: 392 | J28: 377 | K28: 265 | L28: 168 | M28: 115 | N28: 88 | O28: 66 | P28: 40 | Q28: 23 | R28: 16 | S28: 11 | T28: 6 | U28: 5 | V28: 2 | W28: 2 | X28: 7 | Y28: 3 | Z28: - | AA28: 3 | AB28: - | AC28: 50
A29: 2014 | B29: 6555 | C29: 1094 | D29: 1036 | E29: 871 | F29: 703 | G29: 563 | H29: 519 | I29: 426 | J29: 376 | K29: 262 | L29: 208 | M29: 142 | N29: 107 | O29: 82 | P29: 51 | Q29: 33 | R29: 20 | S29: 11 | T29: 9 | U29: 7 | V29: 5 | W29: 1 | X29: 2 | Y29: 4 | Z29: - | AA29: - | AB29: - | AC29: 23
A30: 2015 | B30: 7027 | C30: 1083 | D30: 1028 | E30: 1027 | F30: 874 | G30: 654 | H30: 499 | I30: 456 | J30: 390 | K30: 279 | L30: 234 | M30: 176 | N30: 116 | O30: 61 | P30: 50 | Q30: 45 | R30: 16 | S30: 8 | T30: 6 | U30: 9 | V30: 5 | X30: 2 | Y30: 2 | Z30: 1 | AA30: 1 | AB30: 1 | AC30: 4
A32: 1/ Defunciones registradas en (t): corresponden a las defunciones ocurridas en el año de estudio e inscritas en el mismo año de investigación.
A33: Fuente: Registro estadístico de defunciones generales, años 1990-2015.
A34: Importante: Leer la Nota técnica Registro de Estadísticas Vitales 2015 en el siguiente link:
A35: http://www.ecuadorencifras.gob.ec/documentos/web-inec/Poblacion_y_Demografia/Nacimientos_Defunciones/2015/Nota_tecnica_Registro_de_Estadisticas_Vitales_2015.pdf

Sheet 1.4.4
A1: Serie 1.4.4
A2: Razón de mortalidad materna sin consideración del sub-registro, estimación de mortalidad materna y tasa de mortalidad infantil (t) a nivel nacional Periodo 1990 - 2015 | F2: ÍNDICE
A3: Años | B3: Razón de mortalidad materna 1/ | C3: Razón de mortalidad materna considerando el sub-registro 2/ (*) | D3: Tasa de mortalidad infantil (Menores de un año) 3/
A5: 1990 | B5: 84.59 | C5: 153.5 | D5: 21.82757
A6: 1991 | B6: 87.87 | D6: 20.462521
A7: 1992 | B7: 93.09 | D7: 20.176982
A8: 1993 | B8: 96.13 | D8: 19.353645
A9: 1994 | B9: 66.77 | D9: 16.970755
A10: 1995 | B10: 47.24 | C10: 135.73 | D10: 15.376535
A11: 1996 | B11: 54.08 | D11: 14.91543
A12: 1997 | B12: 45.29 | D12: 15.273386
A13: 1998 | B13: 42.62 | D13: 14.542497
A14: 1999 | B14: 58.5 | D14: 15.109369
A15: 2000 | B15: 65.45 | C15: 115.55 | D15: 15.459439
A16: 2001 | B16: 52.63 | D16: 13.581766
A17: 2002 | B17: 42.29 | D17: 12.856316
A18: 2003 | B18: 39.28 | D18: 11.343581
A19: 2004 | B19: 36.83 | D19: 11.254882
A20: 2005 | B20: 40.95 | C20: 91.27 | D20: 10.64436
A21: 2006 | B21: 38.78 | D21: 10.670596
A22: 2007 | B22: 50.7 | D22: 10.166806
A23: 2008 | B23: 47.68 | D23: 9.7668102
A24: 2009 | B24: 60.28 | D24: 9.5034113
A25: 2010 | B25: 59.04 | C25: 64.21 | D25: 9.3177998
A26: 2011 | B26: 70.44 | C26: 70.44 | D26: 8.9024241
A27: 2012 | B27: 59.9 | C27: 59.9 | D27: 8.8150484
A28: 2013 | B28: 45.71 | C28: 45.71 | D28: 8.6356397
A29: 2014 | B29: 49.16 | C29: 49.16 | D29: 8.3535683
A30: 2015 | B30: 44.58 | C30: 44.58 | D30: 8.85445
A32: 1/: Con el fin de converger al cálculo internacional de la Razón de Muerte Materna según (CIE-10, volumen 2, págs. 148-149), mediante Resolución de la Comisión Interinstitucional de Estadísticas de Salud - CIES 001-2014 entre el Ministerio de Salud Pública, Ministerio Coordinador de Desarrollo Social, Dirección Nacional de Registro Civil, Identificación y Cedulación, Secretaría Nacional de Planificación y Desarrollo e Instituto Nacional de Estadística y Censos, se homologa el cálculo del indicador de razón de muerte materna, identificando como muertes maternas en los estadíos del embarazo, parto o posparto, hasta los 42 días siguientes a la terminación del embarazo (independientemente de la duración y el sitio del embarazo) dividido para la estimación de nacimientos multiplicado por 100.000. El Ministerio de Salud Pública a través de la Dirección Nacional de Vigilancia Epidemiológica y el Instituto Nacional de Estadística y Censos han realizado el proceso de búsqueda activa anual de muertes maternas desde el año 2007, con el objetivo de eliminar el sub-registro de dichas muertes, homologar el número de casos, y realizar el control estadístico de calidad del dato de los Informes Estadísticos de Defunción de las mujeres en edad fértil de 10 a 49 años entre las dos fuentes de información. Los datos comprendidos entre el periodo 1990 - 2010 presentan niveles importantes de subregistro y clasificación erronea de muertes maternas. Motivo por el cual, para el periodo descrito fue necesario realizar una adaptación y aplicación de la metodología establecida por el Grupo Interagencial de Estimación de la Mortalidad Materna (MMEIG) que permita corregir estas deficiencias.
A34: 2/: Estimación de razón de mortalidad a través de una adaptación del modelo interagencial de estimación de la razón de mortalidad materna (Maternal mortality estimates 1990-2014). La aplicación del modelo arroja resultados quinquenales, y en función a los avances reportados en los procedimientos asociados al registro de defunción materna, se ha determinado que a partir del 2011 se utilice como dato de número de muertes maternas, el reportado por el registro de estadísticas vitales. A nivel mundial las estadísticas sobre mortalidad materna presentan problemas de subregistro y mala clasificación. En este sentido, el INEC ha realizado una adaptación y aplicación de la metodología de Estimación de la Mortalidad Materna (MMEIG) realizado por el Grupo Interagencial integrado por la Organización Mundial de la Salud (OMS), el Fondo de las Naciones Unidas para la Infancia (UNICEF), el Fondo de las Naciones Unidas para la Población (UNFPA), la División de Población de las Naciones Unidas (PNUD) y el Banco Mundial (BM); con el objetivo de presentar estimaciones de dicho indicador para el periodo 1990-2010 corregidos por los problemas de subregistro y mala clasificación de las causas de defunción.
A35: Consultar el documento metodológico a través del siguiente link:
A36: http://www.ecuadorencifras.gob.ec/documentos/web-inec/Poblacion_y_Demografia/Nacimientos_Defunciones/2015/RMM_Nota_metodologica_INEC_2015.pdf
A37: 3/ Tasa por 1.000 nacimientos
A39: Importante: Leer la Nota técnica Registro de Estadísticas Vitales 2015 en el siguiente link:
A40: http://www.ecuadorencifras.gob.ec/documentos/web-inec/Poblacion_y_Demografia/Nacimientos_Defunciones/2015/Nota_tecnica_Registro_de_Estadisticas_Vitales_2015.pdf
A42: Fuente: Registro estadístico de defunciones generales, años 1990-2015.

Sheet 1.4.3 
A1: Serie 1.4.3
A2: Número de muertes maternas, infantiles, de la niñez registradas en (t) por sexo a nivel nacional Periodo 1990 - 2015 | L2: ÍNDICE
A3: Años | B3: Mortalidad materna 1/ | E3: Mortalidad infantil 2/ | H3: Mortalidad de la niñez 3/
B4: Total Maternas | C4: Materna oportuna /A | D4: Materna tardía /B | E4: Total | F4: Hombre | G4: Mujer | H4: Total | I4: Hombre | J4: Mujer
A5: 1990 | B5: 309 | C5: 309 | D5: - | E5: 7973 | F5: 4366 | G5: 3607 | H5: 11349 | I5: 6103 | J5: 5246
A6: 1991 | B6: 320 | C6: 320 | D6: - | E6: 7452 | F6: 4090 | G6: 3362 | H6: 10809 | I6: 5854 | J6: 4955
A7: 1992 | B7: 338 | C7: 338 | D7: - | E7: 7326 | F7: 3971 | G7: 3355 | H7: 10752 | I7: 5751 | J7: 5001
A8: 1993 | B8: 348 | C8: 348 | D8: - | E8: 7006 | F8: 3889 | G8: 3117 | H8: 9892 | I8: 5466 | J8: 4426
A9: 1994 | B9: 241 | C9: 241 | D9: - | E9: 6125 | F9: 3357 | G9: 2768 | H9: 8876 | I9: 4811 | J9: 4065
A10: 1995 | B10: 170 | C10: 170 | D10: - | E10: 5533 | F10: 3074 | G10: 2459 | H10: 8234 | I10: 4488 | J10: 3746
A11: 1996 | B11: 194 | C11: 194 | D11: - | E11: 5351 | F11: 2931 | G11: 2420 | H11: 7689 | I11: 4168 | J11: 3521
A12: 1997 | B12: 162 | C12: 162 | D12: - | E12: 5463 | F12: 3096 | G12: 2367 | H12: 7977 | I12: 4431 | J12: 3546
A13: 1998 | B13: 153 | C13: 152 | D13: 1 | E13: 5186 | F13: 2883 | G13: 2303 | H13: 7606 | I13: 4195 | J13: 3411
A14: 1999 | B14: 209 | C14: 208 | D14: 1 | E14: 5372 | F14: 3079 | G14: 2293 | H14: 7466 | I14: 4192 | J14: 3274
A15: 2000 | B15: 232 | C15: 232 | D15: - | E15: 5480 | F15: 2974 | G15: 2506 | H15: 7549 | I15: 4043 | J15: 3506
A16: 2001 | B16: 188 | C16: 186 | D16: 1 | E16: 4800 | F16: 2722 | G16: 2078 | H16: 6910 | I16: 3838 | J16: 3072
A17: 2002 | B17: 149 | C17: 149 | D17: - | E17: 4530 | F17: 2544 | G17: 1986 | H17: 6562 | I17: 3602 | J17: 2960
A18: 2003 | B18: 139 | C18: 138 | D18: 1 | E18: 3985 | F18: 2195 | G18: 1790 | H18: 5785 | I18: 3191 | J18: 2594
A19: 2004 | B19: 129 | C19: 129 | D19: - | E19: 3942 | F19: 2241 | G19: 1701 | H19: 5537 | I19: 3126 | J19: 2411
A20: 2005 | B20: 143 | C20: 143 | D20: - | E20: 3717 | F20: 2122 | G20: 1595 | H20: 5148 | I20: 2916 | J20: 2232
A21: 2006 | B21: 135 | C21: 135 | D21: - | E21: 3715 | F21: 2048 | G21: 1667 | H21: 5072 | I21: 2790 | J21: 2282
A22: 2007 | B22: 176 | C22: 176 | D22: - | E22: 3529 | F22: 2027 | G22: 1502 | H22: 4807 | I22: 2719 | J22: 2088
A23: 2008 | B23: 165 | C23: 165 | D23: - | E23: 3380 | F23: 1950 | G23: 1430 | H23: 4644 | I23: 2651 | J23: 1993
A24: 2009 | B24: 208 | C24: 208 | D24: - | E24: 3279 | F24: 1792 | G24: 1487 | H24: 4466 | I24: 2451 | J24: 2015
A25: 2010 | B25: 203 | C25: 203 | D25: - | E25: 3204 | F25: 1735 | G25: 1469 | H25: 4333 | I25: 2358 | J25: 1975
A26: 2011 | B26: 241 | C26: 241 | D26: - | E26: 3046 | F26: 1659 | G26: 1387 | H26: 4122 | I26: 2241 | J26: 1881
A27: 2012 | B27: 205 | C27: 204 | D27: 1 | E27: 3002 | F27: 1656 | G27: 1346 | H27: 3996 | I27: 2183 | J27: 1813
A28: 2013 | B28: 158 | C28: 155 | D28: 3 | E28: 2928 | F28: 1612 | G28: 1316 | H28: 3932 | I28: 2168 | J28: 1764
A29: 2014 | B29: 169 | C29: 166 | D29: 3 | E29: 2821 | F29: 1572 | G29: 1249 | H29: 3666 | I29: 2045 | J29: 1621
A30: 2015* | B30: 183 | C30: 150 | D30: 33* | E30: =SUM(F30:G30) -> 2979 | F30: 1664 | G30: 1315 | H30: =SUM(I30:J30) -> 3796 | I30: 2091 | J30: 1705
A33: 1/ Defunción materna: Según (CIE-10; vol. 2; págs. 147-148) se define como la muerte de una mujer mientras está embarazada o dentro de los 42 días siguientes a la terminación del embarazo, independientemente de la duración y el sitio del embarazo, debida a cualquier causa relacionada con o agravada por el embarazo mismo o su atención, pero no por causas accidentales o incidentales.
A34: A/ Según (CIE-10, volumen 2, págs. 147-148) una defunción materna (oportuna) se define como la muerte de una mujer mientras está embarazada o dentro de los 42 días siguientes a la terminación del embarazo, independientemente de la duración y el sitio del embarazo, debida a cualquier causa relacionada con o agravada por el embarazo mismo o su atención, pero no por causas accidentales o incidentales.
A35: B/ Según (CIE-10, volumen 2, págs. 148) una muerte materna tardía define a la muerte de una mujer por causas obstétricas directas o indirectas después de los 42 días pero antes de un año de la terminación del embarazo. Defunción materna tardía - secuelas: corresponde a muertes de una mujer por cualquier causa obstétrica (directas o indirectas) que ocurre un año o más después del parto. De acuerdo a la Clasificación estadística internacional de enfermedades y problemas relacionados con la salud, décima revisión CIE – 10, se codifican en el grupo O97”.
A36: 2/ Corresponde a las defunciones de menores de 1 año de edad
A37: 3/ Corresponde a las defunciones de menores de 5 años de edad
A38: * En el año 2015 se acató recomendaciones internacionales en la búsqueda intencionada y reclasificación de las muertes maternas (BIRMM), la cual consistió en aplicar mejoras al proceso de búsqueda intencionada de muerte materna, permitiendo rescatar casos nuevos de muertes maternas tardías. Para mayor referencia revisar la nota metodológica de nacimientos y defunciones 2015
A39: Nota 1: Para obtener el número de muertes maternas en el periodo 1990-1996 se utilizan los códigos 630-676 correspondientes a la CIE-9.
A40: Nota 2: Para obtener el número de muertes maternas, a partir del año 1997 se utilizó la Clasificación estadística internacional de enfermedades y problemas relacionados con la salud, décima revisión CIE-10, donde realizan la diferencia entre muerte materna oportuna [códigos (O00-O99) a excepción de los códigos (O96-O97)] y tardía [códigos (O96-O97)]).
A41: Fuente: Registro estadístico de defunciones generales, años 1990-2015.
A42: Importante: Leer la Nota técnica Registro de Estadísticas Vitales 2015 en el siguiente link:
A43: http://www.ecuadorencifras.gob.ec/documentos/web-inec/Poblacion_y_Demografia/Nacimientos_Defunciones/2015/Nota_tecnica_Registro_de_Estadisticas_Vitales_2015.pdf

Sheet 1.4.5
A1: Serie 1.4.5
A2: Número de muertes violentas en el año (t) por sexo a nivel nacional Periodo 1990 - 2015 | X2: ÍNDICE
A3: Años | B3: Muertes violentas
B4: Total muertes violentas | E4: Accidentes de transporte terrestre CIE-9 (800-829) CIE-10 (V00 - V89) | H4: Otros accidentes de transporte y otras causas externas de traumatismos accidentales CIE-9 (830-949) CIE-10 (V90 - V99) CIE-10 (W00 - X59) | K4: Suicidios CIE-9 (950-959) CIE-10 (X60 - X84) | N4: Agresiones (Homicidios) CIE-9 (960-969) CIE-10 (X85 -Y09) | Q4: Eventos de intención no determinada CIE-9 (980-989) CIE-10 (Y10 - Y34) | T4: Otras muertes violentas CIE-9 (990-999) CIE-10 (Y35 - Y98)
B5: Total | C5: Hombre | D5: Mujer | E5: Total | F5: Hombre | G5: Mujer | H5: Total | I5: Hombre | J5: Mujer | K5: Total | L5: Hombre | M5: Mujer | N5: Total | O5: Hombre | P5: Mujer | Q5: Total | R5: Hombre | S5: Mujer | T5: Total | U5: Hombre | V5: Mujer
A6: 1990 | B6: =SUM(E6,H6,K6,N6,Q6,T6) -> 6617 | C6: =SUM(F6,I6,L6,O6,R6,U6) -> 5133 | D6: =SUM(G6,J6,M6,P6,S6,V6) -> 1484 | E6: 2070 | F6: 1590 | G6: 480 | H6: 2973 | I6: 2237 | J6: 736 | K6: 450 | L6: 296 | M6: 154 | N6: 1060 | O6: 961 | P6: 99 | Q6: 61 | R6: 47 | S6: 14 | T6: 3 | U6: 2 | V6: 1
A7: 1991 | B7: =SUM(E7,H7,K7,N7,Q7,T7) -> 6893 | C7: =SUM(F7,I7,L7,O7,R7,U7) -> 5418 | D7: =SUM(G7,J7,M7,P7,S7,V7) -> 1475 | E7: 2231 | F7: 1765 | G7: 466 | H7: 2843 | I7: 2162 | J7: 681 | K7: 494 | L7: 305 | M7: 189 | N7: 1198 | O7: 1083 | P7: 115 | Q7: 127 | R7: 103 | S7: 24 | T7: - | U7: - | V7: -
A8: 1992 | B8: =SUM(E8,H8,K8,N8,Q8,T8) -> 7160 | C8: =SUM(F8,I8,L8,O8,R8,U8) -> 5702 | D8: =SUM(G8,J8,M8,P8,S8,V8) -> 1458 | E8: 2150 | F8: 1689 | G8: 461 | H8: 2995 | I8: 2318 | J8: 677 | K8: 507 | L8: 335 | M8: 172 | N8: 1306 | O8: 1197 | P8: 109 | Q8: 202 | R8: 163 | S8: 39 | T8: - | U8: - | V8: -
A9: 1993 | B9: =SUM(E9,H9,K9,N9,Q9,T9) -> 7458 | C9: =SUM(F9,I9,L9,O9,R9,U9) -> 5830 | D9: =SUM(G9,J9,M9,P9,S9,V9) -> 1628 | E9: 2244 | F9: 1737 | G9: 507 | H9: 3074 | I9: 2322 | J9: 752 | K9: 578 | L9: 354 | M9: 224 | N9: 1444 | O9: 1317 | P9: 127 | Q9: 117 | R9: 99 | S9: 18 | T9: 1 | U9: 1 | V9: -
A10: 1994 | B10: =SUM(E10,H10,K10,N10,Q10,T10) -> 7174 | C10: =SUM(F10,I10,L10,O10,R10,U10) -> 5680 | D10: =SUM(G10,J10,M10,P10,S10,V10) -> 1494 | E10: 1854 | F10: 1416 | G10: 438 | H10: 2923 | I10: 2288 | J10: 635 | K10: 512 | L10: 341 | M10: 171 | N10: 1280 | O10: 1176 | P10: 104 | Q10: 605 | R10: 459 | S10: 146 | T10: - | U10: - | V10: -
A11: 1995 | B11: =SUM(E11,H11,K11,N11,Q11,T11) -> 7466 | C11: =SUM(F11,I11,L11,O11,R11,U11) -> 5975 | D11: =SUM(G11,J11,M11,P11,S11,V11) -> 1491 | E11: 1825 | F11: 1420 | G11: 405 | H11: 3139 | I11: 2465 | J11: 674 | K11: 547 | L11: 367 | M11: 180 | N11: 1531 | O11: 1395 | P11: 136 | Q11: 398 | R11: 303 | S11: 95 | T11: 26 | U11: 25 | V11: 1
A12: 1996 | B12: =SUM(E12,H12,K12,N12,Q12,T12) -> 7652 | C12: =SUM(F12,I12,L12,O12,R12,U12) -> 6090 | D12: =SUM(G12,J12,M12,P12,S12,V12) -> 1562 | E12: 1736 | F12: 1353 | G12: 383 | H12: 3309 | I12: 2561 | J12: 748 | K12: 593 | L12: 396 | M12: 197 | N12: 1632 | O12: 1501 | P12: 131 | Q12: 376 | R12: 276 | S12: 100 | T12: 6 | U12: 3 | V12: 3
A13: 1997 | B13: =SUM(E13,H13,K13,N13,Q13,T13) -> 7565 | C13: =SUM(F13,I13,L13,O13,R13,U13) -> 6114 | D13: =SUM(G13,J13,M13,P13,S13,V13) -> 1451 | E13: 2007 | F13: 1576 | G13: 431 | H13: 2780 | I13: 2201 | J13: 579 | K13: 581 | L13: 391 | M13: 190 | N13: 1475 | O13: 1376 | P13: 99 | Q13: 698 | R13: 556 | S13: 142 | T13: 24 | U13: 14 | V13: 10
A14: 1998 | B14: =SUM(E14,H14,K14,N14,Q14,T14) -> 7929 | C14: =SUM(F14,I14,L14,O14,R14,U14) -> 6388 | D14: =SUM(G14,J14,M14,P14,S14,V14) -> 1541 | E14: 2040 | F14: 1613 | G14: 427 | H14: 3000 | I14: 2317 | J14: 683 | K14: 549 | L14: 374 | M14: 175 | N14: 1835 | O14: 1697 | P14: 138 | Q14: 482 | R14: 375 | S14: 107 | T14: 23 | U14: 12 | V14: 11
A15: 1999 | B15: =SUM(E15,H15,K15,N15,Q15,T15) -> 7716 | C15: =SUM(F15,I15,L15,O15,R15,U15) -> 6230 | D15: =SUM(G15,J15,M15,P15,S15,V15) -> 1486 | E15: 1804 | F15: 1418 | G15: 386 | H15: 2640 | I15: 2037 | J15: 603 | K15: 616 | L15: 426 | M15: 190 | N15: 1834 | O15: 1670 | P15: 164 | Q15: 802 | R15: 671 | S15: 131 | T15: 20 | U15: 8 | V15: 12
A16: 2000 | B16: =SUM(E16,H16,K16,N16,Q16,T16) -> 8112 | C16: =SUM(F16,I16,L16,O16,R16,U16) -> 6621 | D16: =SUM(G16,J16,M16,P16,S16,V16) -> 1491 | E16: 2041 | F16: 1597 | G16: 444 | H16: 2454 | I16: 1913 | J16: 541 | K16: 538 | L16: 375 | M16: 163 | N16: 2086 | O16: 1922 | P16: 164 | Q16: 967 | R16: 799 | S16: 168 | T16: 26 | U16: 15 | V16: 11
A17: 2001 | B17: =SUM(E17,H17,K17,N17,Q17,T17) -> 7824 | C17: =SUM(F17,I17,L17,O17,R17,U17) -> 6270 | D17: =SUM(G17,J17,M17,P17,S17,V17) -> 1554 | E17: 1899 | F17: 1465 | G17: 434 | H17: 2537 | I17: 1952 | J17: 585 | K17: 585 | L17: 399 | M17: 186 | N17: 1986 | O17: 1809 | P17: 177 | Q17: 795 | R17: 634 | S17: 161 | T17: 22 | U17: 11 | V17: 11
A18: 2002 | B18: =SUM(E18,H18,K18,N18,Q18,T18) -> 7746 | C18: =SUM(F18,I18,L18,O18,R18,U18) -> 6212 | D18: =SUM(G18,J18,M18,P18,S18,V18) -> 1534 | E18: 1959 | F18: 1523 | G18: 436 | H18: 2585 | I18: 1987 | J18: 598 | K18: 579 | L18: 398 | M18: 181 | N18: 2059 | O18: 1858 | P18: 201 | Q18: 553 | R18: 440 | S18: 113 | T18: 11 | U18: 6 | V18: 5
A19: 2003 | B19: =SUM(E19,H19,K19,N19,Q19,T19) -> 7476 | C19: =SUM(F19,I19,L19,O19,R19,U19) -> 5990 | D19: =SUM(G19,J19,M19,P19,S19,V19) -> 1486 | E19: 2010 | F19: 1568 | G19: 442 | H19: 2659 | I19: 2079 | J19: 580 | K19: 675 | L19: 453 | M19: 222 | N19: 1771 | O19: 1603 | P19: 168 | Q19: 346 | R19: 277 | S19: 69 | T19: 15 | U19: 10 | V19: 5
A20: 2004 | B20: =SUM(E20,H20,K20,N20,Q20,T20) -> 7784 | C20: =SUM(F20,I20,L20,O20,R20,U20) -> 6265 | D20: =SUM(G20,J20,M20,P20,S20,V20) -> 1519 | E20: 1843 | F20: 1427 | G20: 416 | H20: 2690 | I20: 2077 | J20: 613 | K20: 796 | L20: 559 | M20: 237 | N20: 2315 | O20: 2104 | P20: 211 | Q20: 130 | R20: 91 | S20: 39 | T20: 10 | U20: 7 | V20: 3
A21: 2005 | B21: =SUM(E21,H21,K21,N21,Q21,T21) -> 8527 | C21: =SUM(F21,I21,L21,O21,R21,U21) -> 6896 | D21: =SUM(G21,J21,M21,P21,S21,V21) -> 1631 | E21: 2379 | F21: 1865 | G21: 514 | H21: 2592 | I21: 1995 | J21: 597 | K21: 943 | L21: 683 | M21: 260 | N21: 2409 | O21: 2220 | P21: 189 | Q21: 185 | R21: 117 | S21: 68 | T21: 19 | U21: 16 | V21: 3
A22: 2006 | B22: =SUM(E22,H22,K22,N22,Q22,T22) -> 8566 | C22: =SUM(F22,I22,L22,O22,R22,U22) -> 6816 | D22: =SUM(G22,J22,M22,P22,S22,V22) -> 1750 | E22: 2520 | F22: 1974 | G22: 546 | H22: 2577 | I22: 1954 | J22: 623 | K22: 900 | L22: 602 | M22: 298 | N22: 2357 | O22: 2138 | P22: 219 | Q22: 186 | R22: 139 | S22: 47 | T22: 26 | U22: 9 | V22: 17
... A30: 2014 | B30: =SUM(E30,H30,K30,N30,Q30,T30) -> 8218 | C30: =SUM(F30,I30,L30,O30,R30,U30) -> 6445 | D30: =SUM(G30,J30,M30,P30,S30,V30) -> 1773 | E30: 3059 | F30: 2438 | G30: 621 | H30: 2041 | I30: 1548 | J30: 493 | K30: 734 | L30: 567 | M30: 167 | N30: 1045 | O30: 905 | P30: 140 | Q30: 1311 | R30: 968 | S30: 343 | T30: 28 | U30: 19 | V30: 9
A31: 2015* | B31: =SUM(E31,H31,K31,N31,Q31,T31) -> 8152 | C31: =SUM(F31,I31,L31,O31,R31,U31) -> 6360 | D31: =SUM(G31,J31,M31,P31,S31,V31) -> 1792 | E31: 3091 | F31: 2510 | G31: 581 | H31: 2380 | I31: 1779 | J31: 601 | K31: =SUM(L31:M31) -> 1073 | L31: 807 | M31: 266 | N31: =SUM(O31:P31) -> 981 | O31: 826 | P31: 155 | Q31: =SUM(R31:S31) -> 610 | R31: 429 | S31: 181 | T31: =SUM(U31:V31) -> 17 | U31: 9 | V31: 8
A34: *Para el año 2015, se utilizaron datos provenientes del registro administrativo de seguridad y el registro administrativo de egresos hospitalarios, lo que permitió la identificación de la causa básica de defunción de algunos casos reportados como “no especificados o mal definidos” y mejorar la descripción de la causa básica de defunción.
A35: Fuente: Registro estadístico de defunciones generales, años 1990-2015.
A36: Importante: Leer la Nota técnica Registro de Estadísticas Vitales 2015 en el siguiente link:
A37: http://www.ecuadorencifras.gob.ec/documentos/web-inec/Poblacion_y_Demografia/Nacimientos_Defunciones/2015/Nota_tecnica_Registro_de_Estadisticas_Vitales_2015.pdf

Sheet 1.4.6
A1: Serie 1.4.6
A2: Número de muertes (t) según agrupamiento de causas (Lista de las principales causas de muerte Becker) Periodo 1997 - 2015 | V2: ÍNDICE
A3: Agrupamiento causas (Lista de las principales causas de muerte Becker ) 1/ | B3: Años
B4: 1997 | C4: 1998 | D4: 1999 | E4: 2000 | F4: 2001 | G4: 2002 | H4: 2003 | I4: 2004 | J4: 2005 | K4: 2006 | L4: 2007 | M4: 2008 | N4: 2009 | O4: 2010 | P4: 2011 | Q4: 2012 | R4: 2013 | S4: 2014 | T4: 2015
A5: Total Nacional | B5: 52089 | C5: 54357 | D5: 55921 | E5: 56420 | F5: 55214 | G5: 55549 | H5: 53521 | I5: 54729 | J5: 56825 | K5: 57940 | L5: 58016 | M5: 60023 | N5: 59714 | O5: 61681 | P5: 62304 | Q5: 63511 | R5: 63104 | S5: 62981 | T5: 64790
A6: 1 Enfermedades infecciosas intestinales | B6: 1060 | C6: 986 | D6: 793 | E6: 875 | F6: 837 | G6: 699 | H6: 636 | I6: 515 | J6: 450 | K6: 483 | L6: 431 | M6: 334 | N6: 366 | O6: 248 | P6: 242 | Q6: 230 | R6: 163 | S6: 137 | T6: 155
A7: 2 Tuberculosis | B7: 1032 | C7: 1296 | D7: 1122 | E7: 1130 | F7: 972 | G7: 893 | H7: 799 | I7: 763 | J7: 807 | K7: 774 | L7: 707 | M7: 668 | N7: 569 | O7: 549 | P7: 481 | Q7: 429 | R7: 384 | S7: 415 | T7: 432
A8: 3 Enfermedades transmitidas por vectores y rabia | B8: 75 | C8: 91 | D8: 105 | E8: 90 | F8: 106 | G8: 76 | H8: 59 | I8: 47 | J8: 75 | K8: 44 | L8: 42 | M8: 28 | N8: 34 | O8: 55 | P8: 33 | Q8: 58 | R8: 40 | S8: 33 | T8: 43
A9: 4 Enfermedades inmunoprevenibles | B9: 77 | C9: 56 | D9: 76 | E9: 62 | F9: 39 | G9: 30 | H9: 46 | I9: 43 | J9: 39 | K9: 25 | L9: 28 | M9: 43 | N9: 38 | O9: 40 | P9: 28 | Q9: 23 | R9: 33 | S9: 28 | T9: 26
A10: 5 Meningitis | B10: 134 | C10: 158 | D10: 181 | E10: 177 | F10: 168 | G10: 163 | H10: 141 | I10: 132 | J10: 94 | K10: 105 | L10: 104 | M10: 84 | N10: 74 | O10: 94 | P10: 57 | Q10: 54 | R10: 76 | S10: 61 | T10: 59
A11: 6 Septicemia | B11: 876 | C11: 791 | D11: 805 | E11: 831 | F11: 791 | G11: 954 | H11: 839 | I11: 697 | J11: 623 | K11: 653 | L11: 748 | M11: 768 | N11: 700 | O11: 790 | P11: 751 | Q11: 769 | R11: 398 | S11: 460 | T11: 373
A12: 7 Enfermedad por virus de la inmunodeficiencia (VIH) | B12: 153 | C12: 181 | D12: 231 | E12: 245 | F12: 357 | G12: 399 | H12: 422 | I12: 495 | J12: 618 | K12: 699 | L12: 648 | M12: 679 | N12: 704 | O12: 727 | P12: 662 | Q12: 710 | R12: 762 | S12: 828 | T12: 797
A13: 8 Neoplasia maligna del esófago | B13: 99 | C13: 94 | D13: 87 | E13: 99 | F13: 87 | G13: 88 | H13: 86 | I13: 84 | J13: 105 | K13: 110 | L13: 71 | M13: 102 | N13: 99 | O13: 90 | P13: 84 | Q13: 120 | R13: 105 | S13: 110 | T13: 113
A14: 9 Neoplasia maligna del estómago | B14: 1446 | C14: 1451 | D14: 1472 | E14: 1367 | F14: 1468 | G14: 1476 | H14: 1465 | I14: 1484 | J14: 1514 | K14: 1596 | L14: 1612 | M14: 1664 | N14: 1626 | O14: 1567 | P14: 1639 | Q14: 1719 | R14: 1570 | S14: 1585 | T14: 1503
A15: 10 Neoplasia maligna del colon, sigmoide, recto y ano | B15: 252 | C15: 271 | D15: 279 | E15: 322 | F15: 320 | G15: 305 | H15: 340 | I15: 401 | J15: 404 | K15: 473 | L15: 478 | M15: 510 | N15: 478 | O15: 617 | P15: 652 | Q15: 649 | R15: 598 | S15: 678 | T15: 735
A16: 11 Neoplasia maligna del hígado y de las vías biliares | B16: 529 | C16: 495 | D16: 544 | E16: 553 | F16: 493 | G16: 515 | H16: 516 | I16: 573 | J16: 638 | K16: 651 | L16: 605 | M16: 624 | N16: 656 | O16: 693 | P16: 692 | Q16: 705 | R16: 637 | S16: 650 | T16: 710
... A72: 99 Causas mal definidas | B72: 7177 | C72: 7064 | D72: 7680 | E72: 7419 | F72: 6955 | G72: 7150 | H72: 6713 | I72: 6363 | J72: 6793 | K72: 6332 | L72: 6047 | M72: 5956 | N72: 5835 | O72: 5785 | P72: 5841 | Q72: 5623 | R72: 5487 | S72: 5698 | T72: 5563
A75: 1/ Lista corta de las principales causas de muerte Becker, recomendada por OMS
A76: * Incluye muertes maternas oportunas y tardías.
A77: Fuente: Registro estadístico de defunciones generales, años 1997-2015.
A78: Importante: Leer la Nota técnica Registro de Estadísticas Vitales 2015 en el siguiente link:
A79: http://www.ecuadorencifras.gob.ec/documentos/web-inec/Poblacion_y_Demografia/Nacimientos_Defunciones/2015/Nota_tecnica_Registro_de_Estadisticas_Vitales_2015.pdf

Sheet 1.4.7
A1: Serie 1.4.7
A2: Tasa de muertes según agrupamiento de causas (Lista corta de las principales causas de muerte Becker) Periodo 1997 - 2015 | V2: ÍNDICE
A3: Agrupamiento causas (Lista corta de las principales causas de muerte Becker) 1/ | B3: Años
B4: 1997 | C4: 1998 | D4: 1999 | E4: 2000 | F4: 2001 | G4: 2002 | H4: 2003 | I4: 2004 | J4: 2005 | K4: 2006 | L4: 2007 | M4: 2008 | N4: 2009 | O4: 2010 | P4: 2011 | Q4: 2012 | R4: 2013 | S4: 2014 | T4: 2015
A5: Total Nacional | B5: 443.8625 | C5: 453.27443 | D5: 456.23018 | E5: 450.23585 | F5: 430.87118 | G5: 424.2478 | H5: 401.82213 | I5: 403.84818 | J5: 414.13723 | K5: 414.90608 | L5: 408.13277 | M5: 414.72738 | N5: 405.15733 | O5: 410.87172 | P5: 408.1111 | Q5: 409.19471 | R5: 400.03172 | S5: 392.95669 | T5: 398.00123
A6: 1 Enfermedades infecciosas intestinales | B6: 9.0325069 | C6: 8.222098 | D6: 6.4696721 | E6: 6.9825659 | F6: 6.5316618 | G6: 5.3385157 | H6: 4.7749271 | I6: 3.8002121 | J6: 3.2795734 | K6: 3.4587442 | L6: 3.0320123 | M6: 2.3077644 | N6: 2.4832968 | O6: 1.6519866 | P6: 1.5851773 | Q6: 1.4818659 | R6: 1.0332969 | S6: 0.85478266 | T6: 0.95215606
A7: 2 Tuberculosis | B7: 8.7939124 | C7: 10.807139 | D7: 9.1538109 | E7: 9.0174851 | F7: 7.5851557 | G7: 6.8201639 | H7: 5.9986899 | I7: 5.6302172 | J7: 5.8813682 | K7: 5.5425839 | L7: 4.9736257 | M7: 4.6155289 | N7: 3.8606444 | O7: 3.6570188 | P7: 3.1507037 | Q7: 2.764002 | R7: 2.4342701 | S7: 2.5893051 | T7: 2.6537511
A8: 3 Enfermedades transmitidas por vectores y rabia | B8: 0.63909247 | C8: 0.75883461 | D8: 0.85664006 | E8: 0.71820678 | F8: 0.82718776 | G8: 0.58043948 | H8: 0.44295708 | I8: 0.34681548 | J8: 0.54659556 | K8: 0.31508229 | L8: 0.29546291 | M8: 0.19346528 | N8: 0.23068877 | O8: 0.366368 | P8: 0.21616054 | Q8: 0.37368791 | R8: 0.2535698 | S8: 0.20589655 | T8: 0.26414652
A9: 4 Enfermedades inmunoprevenibles | B9: 0.65613493 | C9: 0.46697514 | D9: 0.62004424 | E9: 0.49476467 | F9: 0.30434267 | G9: 0.22912085 | H9: 0.34535636 | I9: 0.31729927 | J9: 0.28422969 | K9: 0.17902403 | L9: 0.19697528 | M9: 0.2971074 | N9: 0.25782863 | O9: 0.26644946 | P9: 0.18340894 | Q9: 0.14818659 | R9: 0.20919509 | S9: 0.17470011 | T9: 0.1597165
A10: 5 Meningitis | B10: 1.1418452 | C10: 1.317537 | D10: 1.4766843 | E10: 1.4124733 | F10: 1.3110146 | G10: 1.2448899 | H10: 1.0585923 | I10: 0.97403496 | J10: 0.68506643 | K10: 0.75190091 | L10: 0.73162245 | M10: 0.58039585 | N10: 0.50208733 | O10: 0.62615622 | P10: 0.37336821 | Q10: 0.34791633 | R10: 0.48178263 | S10: 0.38059666 | T10: 0.3624336
A11: 6 Septicemia | B11: 7.4646 | C11: 6.5960239 | D11: 6.5675738 | E11: 6.6314426 | F11: 6.1726935 | G11: 7.2860429 | H11: 6.2989998 | I11: 5.1431997 | J11: 4.5403871 | K11: 4.6761076 | L11: 5.2620538 | M11: 5.3064763 | N11: 4.7494747 | O11: 5.2623768 | P11: 4.9192899 | Q11: 4.9545863 | R11: 2.5230195 | S11: 2.8700732 | T11: 2.2913175
A12: 7 Enfermedad por virus de la inmunodeficiencia (VIH) | B12: 1.3037486 | C12: 1.5093304 | D12: 1.8846081 | E12: 1.9551185 | F12: 2.7859059 | G12: 3.0473073 | H12: 3.1682693 | I12: 3.6526311 | J12: 4.5039474 | K12: 5.0055118 | L12: 4.5585707 | M12: 4.6915331 | N12: 4.7766146 | O12: 4.8427189 | P12: 4.3363115 | Q12: 4.5744555 | R12: 4.8305048 | S12: 5.1661317 | T12: 4.895925
A13: 8 Neoplasia maligna del esófago | B13: 0.84360206 | C13: 0.78385113 | D13: 0.70978748 | E13: 0.79002746 | F13: 0.67891825 | G13: 0.67208782 | H13: 0.64566625 | I13: 0.61984043 | J13: 0.76523378 | K13: 0.78770572 | L13: 0.49947302 | M13: 0.70476638 | N13: 0.67171142 | O13: 0.59951128 | P13: 0.55022683 | Q13: 0.77314741 | R13: 0.66562073 | S13: 0.68632184 | T13: 0.69415248
A14: 9 Neoplasia maligna del estómago | B14: 12.321703 | C14: 12.09966 | D14: 12.009278 | E14: 10.908763 | F14: 11.45577 | G14: 11.272746 | H14: 10.998849 | I14: 10.950514 | J14: 11.033942 | K14: 11.428894 | L14: 11.340148 | M14: 11.497365 | N14: 11.032351 | O14: 10.438157 | P14: 10.735974 | Q14: 11.075337 | R14: 9.9526148 | S14: 9.8892738 | T14: 9.2328423
A15: 10 Neoplasia maligna del colon, sigmoide, recto y ano | B15: 2.1473507 | C15: 2.2598261 | D15: 2.276215 | E15: 2.5695843 | F15: 2.4971706 | G15: 2.3293953 | H15: 2.552634 | I15: 2.9590001 | J15: 2.9443281 | K15: 3.3871346 | L15: 3.3626494 | M15: 3.5238319 | N15: 3.2432127 | O15: 4.1099829 | P15: 4.2708083 | Q15: 4.1814389 | R15: 3.7908686 | S15: 4.2302383 | T15: 4.5150626
A16: 11 Neoplasia maligna del hígado y de las vías biliares | B16: 4.5077322 | C16: 4.1277267 | D16: 4.4382114 | E16: 4.4129817 | F16: 3.8472034 | G16: 3.9332412 | H16: 3.8739975 | I16: 4.2281972 | J16: 4.6497062 | K16: 4.6617857 | L16: 4.2560729 | M16: 4.311512 | N16: 4.4509363 | O16: 4.6162368 | P16: 4.5328211 | Q16: 4.542241 | R16: 4.0380991 | S16: 4.0555382 | T16: 4.3614891
... A72: 99 Causas mal definidas | B72: 61.156889 | C72: 58.905579 | D72: 62.657102 | E72: 59.204179 | F72: 54.274442 | G72: 54.607135 | H72: 50.399506 | I72: 46.952912 | J72: 49.506982 | K72: 45.343206 | L72: 42.539625 | M72: 41.152829 | N72: 39.590264 | O72: 38.535253 | P72: 38.260416 | Q72: 36.228399 | R72: 34.783438 | S72: 35.551471 | T72: 34.173188
A75: 1/ Lista corta de las principales causas de muerte Becker, recomendada por OMS
A76: * Incluye muertes maternas oportunas y tardías.
A77: Fuente: Registro estadístico de defunciones generales, años 1997-2015.
A78: Importante: Leer la Nota técnica Registro de Estadísticas Vitales 2015 en el siguiente link:
A79: http://www.ecuadorencifras.gob.ec/documentos/web-inec/Poblacion_y_Demografia/Nacimientos_Defunciones/2015/Nota_tecnica_Registro_de_Estadisticas_Vitales_2015.pdf

Sheet 1.5.1
A1: Serie No. 1.5.1
A2: Número de defunciones (t), según regiones y provincias de residencia habitual del fallecido/a Periodo 2008 - 2015 | K2: ÍNDICE
A3: Región y provincia 1/ | B3: 2008 | C3: 2009 | D3: 2010 | E3: 2011 | F3: 2012 | G3: 2013 | H3: 2014 | I3: 2015
A4: Total Nacional | B4: =SUM(B5,B17,B24,B31,B34,B33) -> 60023 | C4: 59714 | D4: 61681 | E4: 62304 | F4: 63511 | G4: 63104 | H4: 62981 | I4: =SUM(I5,I17,I24,I31,I33,I34) -> 64790
A5: Región Sierra | B5: 28566 | C5: 28009 | D5: 28379 | E5: 28818 | F5: 29063 | G5: 28486 | H5: 28370 | I5: =SUM(I6:I16) -> 28689
A6: Azuay | B6: 3058 | C6: 3109 | D6: 3104 | E6: 3233 | F6: 3297 | G6: 3282 | H6: 3358 | I6: 3327
A7: Bolívar | B7: 1101 | C7: 1016 | D7: 995 | E7: 1002 | F7: 998 | G7: 1005 | H7: 982 | I7: 1013
A8: Cañar | B8: 1064 | C8: 1039 | D8: 1139 | E8: 1074 | F8: 1153 | G8: 1093 | H8: 1106 | I8: 1135
A9: Carchi | B9: 805 | C9: 773 | D9: 745 | E9: 749 | F9: 704 | G9: 754 | H9: 751 | I9: 755
A10: Cotopaxi | B10: 2120 | C10: 1947 | D10: 2019 | E10: 2036 | F10: 2014 | G10: 1970 | H10: 1920 | I10: 1857
A11: Chimborazo | B11: 2453 | C11: 2583 | D11: 2527 | E11: 2455 | F11: 2461 | G11: 2405 | H11: 2468 | I11: 2321
A12: Imbabura | B12: 2018 | C12: 2031 | D12: 1978 | E12: 2066 | F12: 1980 | G12: 1856 | H12: 1875 | I12: 1915
A13: Loja | B13: 2059 | C13: 2053 | D13: 2080 | E13: 2288 | F13: 2130 | G13: 2113 | H13: 2057 | I13: 2148
A14: Pichincha | B14: 9543 | C14: 9298 | D14: 9618 | E14: 9724 | F14: 10035 | G14: 9829 | H14: 9833 | I14: 10012
A15: Tungurahua | B15: 2752 | C15: 2547 | D15: 2641 | E15: 2594 | F15: 2652 | G15: 2577 | H15: 2531 | I15: 2560
A16: Santo Domingo de los Tsáchilas | B16: 1593 | C16: 1613 | D16: 1533 | E16: 1597 | F16: 1639 | G16: 1602 | H16: 1489 | I16: 1646
A17: Región costa | B17: 29326 | C17: 29506 | D17: 30927 | E17: 31067 | F17: 31895 | G17: 32099 | H17: 32120 | I17: =SUM(I18:I23) -> 33542
A18: El Oro | B18: 2377 | C18: 2293 | D18: 2493 | E18: 2607 | F18: 2596 | G18: 2580 | H18: 2596 | I18: 2766
A19: Esmeraldas | B19: 1746 | C19: 1736 | D19: 1895 | E19: 1790 | F19: 1903 | G19: 1657 | H19: 1676 | I19: 1755
A20: Guayas | B20: 14660 | C20: 14904 | D20: 15738 | E20: 16129 | F20: 16467 | G20: 17032 | H20: 17103 | I20: 17698
A21: Los Ríos | B21: 3663 | C21: 3681 | D21: 3656 | E21: 3612 | F21: 3605 | G21: 3598 | H21: 3580 | I21: 3559
A22: Manabí | B22: 5985 | C22: 5841 | D22: 6101 | E22: 5897 | F22: 6106 | G22: 6038 | H22: 5979 | I22: 6464
A23: Santa Elena | B23: 895 | C23: 1051 | D23: 1044 | E23: 1032 | F23: 1218 | G23: 1194 | H23: 1186 | I23: 1300
A24: Región Amazónica | B24: 1999 | C24: 2050 | D24: 2236 | E24: 2277 | F24: 2464 | G24: 2446 | H24: 2379 | I24: =SUM(I25:I30) -> 2466
A25: Morona Santiago | B25: 338 | C25: 431 | D25: 403 | E25: 407 | F25: 456 | G25: 485 | H25: 487 | I25: 498
A26: Napo | B26: 336 | C26: 257 | D26: 367 | E26: 352 | F26: 405 | G26: 352 | H26: 346 | I26: 381
A27: Pastaza | B27: 210 | C27: 217 | D27: 231 | E27: 246 | F27: 289 | G27: 262 | H27: 258 | I27: 264
A28: Zamora Chinchipe | B28: 269 | C28: 263 | D28: 313 | E28: 302 | F28: 302 | G28: 327 | H28: 302 | I28: 312
A29: Sucumbíos | B29: 463 | C29: 471 | D29: 530 | E29: 553 | F29: 570 | G29: 608 | H29: 608 | I29: 563
A30: Orellana | B30: 383 | C30: 411 | D30: 392 | E30: 417 | F30: 442 | G30: 412 | H30: 378 | I30: 448
A31: Región Insular | B31: 29 | C31: 43 | D31: 43 | E31: 53 | F31: 41 | G31: 40 | H31: 44 | I31: =SUM(I32) -> 41
A32: Galápagos | B32: 29 | C32: 43 | D32: 43 | E32: 53 | F32: 41 | G32: 40 | H32: 44 | I32: 41
A33: Zonas no delimitadas | B33: 30 | C33: 21 | D33: 31 | E33: 34 | F33: 31 | G33: 14 | H33: 31 | I33: 17
A34: Exterior | B34: 73 | C34: 85 | D34: 65 | E34: 55 | F34: 17 | G34: 19 | H34: 37 | I34: 35
A37: 1/ Los datos corresponden a la reconstrucción de provincias, de acuerdo al Clasificador Geográfico Estadístico del año 2015
A38: Fuente: Registro estadístico de defunciones generales 2008 - 2015
A39: Importante: Leer la Nota técnica Registro de Estadísticas Vitales 2015 en el siguiente link:
A40: http://www.ecuadorencifras.gob.ec/documentos/web-inec/Poblacion_y_Demografia/Nacimientos_Defunciones/2015/Nota_tecnica_Registro_de_Estadisticas_Vitales_2015.pdf

Sheet 1.5.2
A1: Serie No. 1.5.2
A2: Número de muertes maternas oportunas (A), según regiones y provincias de residencia habitual del fallecido/a Periodo 2008 - 2015 | K2: ÍNDICE
A3: Región y provincia 1/ | B3: 2008 | C3: 2009 | D3: 2010 | E3: 2011 | F3: 2012 | G3: 2013 | H3: 2014 | I3: 2015
A4: Total Nacional | B4: 165 | C4: 208 | D4: 203 | E4: 241 | F4: 204 | G4: 155 | H4: 166 | I4: =SUM(I5,I17,I24,I31,I33,I34) -> 150
A5: Región Sierra | B5: 71 | C5: 95 | D5: 96 | E5: 112 | F5: 90 | G5: 73 | H5: 62 | I5: =SUM(I6:I16) -> 55
A6: Azuay | B6: 12 | C6: 13 | D6: 11 | E6: 13 | F6: 8 | G6: 7 | H6: 3 | I6: 7
A7: Bolívar | B7: 3 | C7: 8 | D7: 7 | E7: 3 | F7: 7 | G7: 2 | H7: 3 | I7: 3
A8: Cañar | B8: 5 | C8: 4 | D8: 3 | E8: 5 | F8: 8 | G8: 1 | H8: 3 | I8: 2
A9: Carchi | B9: - | C9: 5 | D9: 1 | E9: 3 | F9: 2 | G9: 5 | H9: 2 | I9: 0
A10: Cotopaxi | B10: 6 | C10: 7 | D10: 12 | E10: 11 | F10: 7 | G10: 9 | H10: 4 | I10: 6
A11: Chimborazo | B11: 4 | C11: 13 | D11: 13 | E11: 12 | F11: 9 | G11: 14 | H11: 6 | I11: 6
A12: Imbabura | B12: 11 | C12: 3 | D12: 5 | E12: 11 | F12: 6 | G12: 7 | H12: 6 | I12: 1
A13: Loja | B13: 8 | C13: 6 | D13: 5 | E13: 14 | F13: 6 | G13: 6 | H13: 6 | I13: 3
A14: Pichincha | B14: 14 | C14: 22 | D14: 24 | E14: 21 | F14: 20 | G14: 13 | H14: 20 | I14: 19
A15: Tungurahua | B15: 6 | C15: 7 | D15: 10 | E15: 12 | F15: 10 | G15: 7 | H15: 4 | I15: 5
A16: Santo Domingo de los Tsáchilas | B16: 2 | C16: 7 | D16: 5 | E16: 7 | F16: 7 | G16: 2 | H16: 5 | I16: 3
A17: Región Costa | B17: 82 | C17: 91 | D17: 83 | E17: 102 | F17: 92 | G17: 71 | H17: 83 | I17: =SUM(I18:I23) -> 81
A18: El Oro | B18: 7 | C18: 5 | D18: 5 | E18: 12 | F18: 11 | G18: 8 | H18: 8 | I18: 4
A19: Esmeraldas | B19: 11 | C19: 11 | D19: 8 | E19: 13 | F19: 15 | G19: 13 | H19: 5 | I19: 14
A20: Guayas | B20: 25 | C20: 34 | D20: 31 | E20: 45 | F20: 30 | G20: 26 | H20: 38 | I20: 32
A21: Los Ríos | B21: 12 | C21: 11 | D21: 15 | E21: 4 | F21: 8 | G21: 10 | H21: 6 | I21: 12
A22: Manabí | B22: 22 | C22: 21 | D22: 18 | E22: 25 | F22: 25 | G22: 13 | H22: 21 | I22: 17
A23: Santa Elena | B23: 5 | C23: 9 | D23: 6 | E23: 3 | F23: 3 | G23: 1 | H23: 5 | I23: 2
A24: Región Amazónica | B24: 12 | C24: 21 | D24: 23 | E24: 27 | F24: 22 | G24: 11 | H24: 21 | I24: =SUM(I25:I30) -> 14
A25: Morona Santiago | B25: 1 | C25: 6 | D25: 5 | E25: 7 | F25: 6 | G25: 5 | H25: 5 | I25: 4
A26: Napo | B26: 5 | C26: - | D26: 3 | E26: 2 | F26: 3 | G26: 1 | H26: 4 | I26: 3
A27: Pastaza | B27: 3 | C27: - | D27: 2 | E27: 2 | F27: 2 | G27: 1 | H27: 2 | I27: 2
A28: Zamora Chinchipe | B28: - | C28: 5 | D28: 7 | E28: 4 | F28: 1 | G28: 1 | H28: 4 | I28: 1
A29: Sucumbíos | B29: 2 | C29: 5 | D29: 4 | E29: 8 | F29: 6 | G29: 2 | H29: 2 | I29: 1
A30: Orellana | B30: 1 | C30: 5 | D30: 2 | E30: 4 | F30: 4 | G30: 1 | H30: 4 | I30: 3
A31: Región Insular | B31: - | C31: - | D31: - | E31: - | F31: - | G31: - | H31: - | I31: -
A32: Galápagos | B32: - | C32: - | D32: - | E32: - | F32: - | G32: - | H32: - | I32: -
A33: Zonas no delimitadas | B33: - | C33: 1 | D33: - | E33: - | F33: - | G33: - | H33: - | I33: -
A34: Exterior | B34: - | C34: - | D34: 1 | E34: - | F34: - | G34: - | H34: - | I34: -
A36: (A) Según (CIE-10, volumen 2, págs. 147-148) una defunción materna (oportuna) se define como la muerte de una mujer mientras está embarazada o dentro de los 42 días siguientes a la terminación del embarazo, independientemente de la duración y el sitio del embarazo, debida a cualquier causa relacionada con o agravada por el embarazo mismo o su atención, pero no por causas accidentales o incidentales.
A37: 1/ Los datos corresponden a la reconstrucción de provincias, de acuerdo al Clasificador Geográfico Estadístico del año 2015
A38: Fuente: Registro estadístico de defunciones generales 2008 - 2015
A39: Importante: Leer la Nota técnica Registro de Estadísticas Vitales 2015 en el siguiente link:
A40: http://www.ecuadorencifras.gob.ec/documentos/web-inec/Poblacion_y_Demografia/Nacimientos_Defunciones/2015/Nota_tecnica_Registro_de_Estadisticas_Vitales_2015.pdf

Sheet 1.5.3
A1: Serie No. 1.5.3
A2: Tasas de mortalidad general y razón de muerte materna, según regiones y provincias de residencia habitual del fallecido/a Periodo 2008 - 2015 | S2: ÍNDICE
A3: Provincia de residencia | B3: Tasa de mortalidad general 1/ | J3: Razón de muerte materna 2/
B4: 2008 | C4: 2009 | D4: 2010 | E4: 2011 | F4: 2012 | G4: 2013 | H4: 2014 | I4: 2015 | J4: 2008 | K4: 2009 | L4: 2010 | M4: 2011 | N4: 2012 | O4: 2013 | P4: 2014 | Q4: 2015 *
A5: Total Nacional | B5: 4.1472738 | C5: 4.0515733 | D5: 4.1087172 | E5: 4.081111 | F5: 4.0919471 | G5: 4.0003172 | H5: 3.9295669 | I5: 3.9800123 | J5: 47.678215 | K5: 60.283914 | L5: 59.035997 | M5: 70.436119 | N5: 59.902394 | O5: 45.714623 | P5: 49.156056 | Q5: 44.58434
A6: Región Sierra | B6: 4.3913838 | C6: 4.2316252 | D6: 4.2126342 | E6: 4.2049134 | F6: 4.1692327 | G6: 4.0187572 | H6: 3.9372384 | I6: 3.917898 | J6: 47.747784 | K6: 64.085699 | L6: 65.22847 | M6: 76.352531 | N6: 61.544774 | O6: 50.066183 | P6: 42.634246 | Q6: 37.912993
A7: Azuay | B7: 4.2828232 | C7: 4.2790449 | D7: 4.1973172 | E7: 4.2906835 | F7: 4.2946743 | G7: 4.1973657 | H7: 4.2176975 | I7: 4.1053193 | J7: 73.6106 | K7: 80.640159 | L7: 68.544367 | M7: 81.504702 | N7: 50.435002 | O7: 44.345898 | P7: 19.083969 | Q7: 44.697018
A8: Bolívar | B8: 5.839269 | C8: 5.3452585 | D8: 5.1922706 | E8: 5.1732416 | F8: 5.0991472 | G8: 5.0832541 | H8: 4.9187061 | I8: 5.0264721 | J8: 60.012002 | K8: 161.45308 | L8: 144.44903 | M8: 62.866723 | N8: 148.87282 | O8: 43.159258 | P8: 65.631153 | Q8: 66.504101
A9: Cañar | B9: 4.5953382 | C9: 4.4471077 | D9: 4.8300779 | E9: 4.4703806 | F9: 4.7108525 | G9: 4.3843287 | H9: 4.3566806 | I9: 4.3915651 | J9: 86.670133 | K9: 70.224719 | L9: 53.380783 | M9: 88.888889 | N9: 142.12116 | O9: 17.765145 | P9: 53.304904 | Q9: 35.568202
A10: Carchi | B10: 4.7554629 | C10: 4.53407 | D10: 4.3378012 | E10: 4.3192434 | F10: 4.0217081 | G10: 4.2680373 | H10: 4.2137038 | I10: 4.1998576 | J10: - | K10: 142.53136 | L10: 28.129395 | M10: 85.203067 | N10: 57.290175 | O10: 144.50867 | P10: 58.275058 | Q10: -
A11: Cotopaxi | B11: 5.1557298 | C11: 4.6596114 | D11: 4.7543582 | E11: 4.7212361 | F11: 4.6000009 | G11: 4.4329632 | H11: 4.2579521 | I11: 4.0598683 | J11: 53.144376 | K11: 61.957869 | L11: 106.70461 | M11: 98.363588 | N11: 62.960964 | O11: 81.433225 | P11: 36.406662 | Q11: 54.945055
A12: Chimborazo | B12: 5.2873786 | C12: 5.4957681 | D12: 5.305981 | E12: 5.0986712 | F12: 5.0567108 | G12: 4.8906667 | H12: 4.9684439 | I12: 4.6273406 | J12: 34.800766 | K12: 113.87526 | L12: 114.62834 | M12: 107.37294 | N12: 81.691931 | O12: 128.87784 | P12: 55.996267 | Q12: 56.732224
A13: Imbabura | B13: 5.0275794 | C13: 4.9848442 | D13: 4.7817395 | E13: 4.9199965 | F13: 4.6454555 | G13: 4.2909029 | H13: 4.2723552 | I13: 4.3016791 | J13: 105.08216 | K13: 28.779739 | L13: 47.98925 | M13: 106.06499 | N13: 58.11138 | O13: 68.093385 | P13: 58.610921 | Q13: 9.8087298
A14: Loja | B14: 4.4994253 | C14: 4.4385926 | D14: 4.447571 | E14: 4.8338266 | F14: 4.4470983 | G14: 4.3609361 | H14: 4.1976251 | I14: 4.3353301 | J14: 76.841802 | K14: 57.764513 | L14: 47.952431 | M14: 134.90075 | N14: 58.088876 | O14: 58.365759 | P14: 58.65676 | Q14: 29.472443
A15: Pichincha | B15: 3.7344637 | C15: 3.5614219 | D15: 3.605011 | E15: 3.5703939 | F15: 3.6105304 | G15: 3.4665633 | H15: 3.40069 | I15: 3.3966306 | J15: 26.964042 | K15: 42.409639 | L15: 47.044987 | M15: 41.09589 | N15: 39.060211 | O15: 25.330761 | P15: 38.866649 | Q15: 36.812431
A16: Tungurahua | B16: 5.3988308 | C16: 4.9286058 | D16: 5.0396147 | E16: 4.8882984 | F16: 4.9353216 | G16: 4.7363488 | H16: 4.5948674 | I16: 4.5914094 | J16: 55.101479 | K16: 64.551826 | L16: 92.259434 | M16: 111.26565 | N16: 93.205331 | O16: 65.592204 | P16: 37.686075 | Q16: 47.370914
A17: Santo Domingo de los Tsáchilas | B17: 3.959023 | C17: 3.9068745 | D17: 3.6182797 | E17: 3.6932028 | F17: 3.7149106 | G17: 3.560087 | H17: 3.245529 | I17: 3.520336 | J17: 17.248814 | K17: 59.752454 | L17: 42.304764 | M17: 59.186607 | N17: 59.171598 | O17: 16.904742 | P17: 42.258283 | Q17: 25.3614
A18: Región Costa | B18: 4.074733 | C18: 4.0284946 | D18: 4.148437 | E18: 4.1032215 | F18: 4.1490894 | G18: 4.1140375 | H18: 4.0573522 | I18: 4.177256 | J18: 47.043165 | K18: 52.48708 | L18: 48.046032 | M18: 59.470017 | N18: 54.004555 | O18: 41.940857 | P18: 49.314645 | Q18: 48.383628
A19: El Oro | B19: 3.9098031 | C19: 3.7205967 | D19: 3.9896937 | E19: 4.1088701 | F19: 4.0310559 | G19: 3.9485767 | H19: 3.9174794 | I19: 4.1171926 | J19: 50.658561 | K19: 36.662267 | L19: 37.183015 | M19: 90.307044 | N19: 83.713851 | O19: 61.514802 | P19: 62.097338 | Q19: 31.313606
A20: Esmeraldas | B20: 3.595937 | C20: 3.4976659 | D20: 3.7346672 | E20: 3.4661844 | F20: 3.6225539 | G20: 3.1025082 | H20: 3.0882226 | I20: 3.1841645 | J20: 78.847394 | K20: 78.706354 | L20: 57.541538 | M20: 94.298564 | N20: 109.72933 | O20: 95.884349 | P20: 37.177485 | Q20: 104.90034
A21: Guayas | B21: 4.0197081 | C21: 4.0150732 | D21: 4.1649024 | E21: 4.1999115 | F21: 4.2201641 | G21: 4.2971676 | H21: 4.2492675 | I21: 4.3312811 | J21: 30.077721 | K21: 41.126379 | L21: 37.525269 | M21: 54.714572 | N21: 36.627801 | O21: 31.864698 | P21: 46.730121 | Q21: 39.470601
A22: Los Ríos | B22: 4.7175643 | C22: 4.6547329 | D22: 4.5387169 | E22: 4.4173976 | F22: 4.3445303 | G22: 4.2743419 | H22: 4.1938938 | I22: 4.1128343 | J22: 58.717033 | K22: 53.945368 | L22: 74.041167 | M22: 19.895548 | N22: 40.08016 | O22: 50.441362 | P22: 30.455307 | Q22: 61.268253
... A26: Morona Santiago | B26: 2.3253894 | C26: 2.8886238 | D26: 2.6311838 | E26: 2.5832905 | F26: 2.8157186 | G26: 2.9156272 | H26: 2.8525908 | I26: 2.8445115 | J26: 19.580967 | K26: 117.43981 | L26: 96.88045 | M26: 135.60635 | N26: 116.32416 | O26: 97.087379 | P26: 97.333074 | Q26: 78.125
A27: Napo | B27: 3.3261728 | C27: 2.4727469 | D27: 3.4314138 | E27: 3.2142009 | F27: 3.6112028 | G27: 3.0660686 | H27: 2.9455583 | I27: 3.1711946 | J27: 162.91952 | K27: - | L27: 93.720712 | M27: 61.957869 | N27: 92.222564 | O27: 30.515716 | P27: 121.1387 | Q27: 90.171326
A28: Pastaza | B28: 2.5910891 | C28: 2.5922519 | D28: 2.6714467 | E28: 2.7623999 | F28: 3.1516156 | G28: 2.7762178 | H28: 2.6572461 | I28: 2.6438336 | J28: 123.55848 | K28: - | L28: 78.864353 | M28: 78.125 | N28: 77.399381 | O28: 38.372985 | P28: 76.045627 | Q28: 75.414781
A29: Zamora Chinchipe | B29: 2.9337667 | C29: 2.8155745 | D29: 3.2880224 | E29: 3.0918547 | F29: 3.0148747 | G29: 3.1845273 | H29: 2.8703677 | I29: 2.8956185 | J29: - | K29: 181.09381 | L29: 251.61754 | M29: 143.26648 | N29: 35.714286 | O29: 35.625223 | P29: 142.19694 | Q29: 35.511364
A30: Sucumbíos | B30: 2.7288748 | C30: 2.6859339 | D30: 2.9235411 | E30: 2.9719678 | F30: 2.985919 | G30: 3.1058598 | H30: 3.0300614 | I30: 2.7385133 | J30: 44.023773 | K30: 107.80509 | L30: 83.99832 | M30: 167.25904 | N30: 124.86993 | O30: 41.433603 | P30: 41.271151 | Q30: 20.554985
A31: Orellana | B31: 3.057152 | C31: 3.1284253 | D31: 2.8449915 | E31: 2.9645323 | F31: 3.081836 | G31: 2.8207972 | H31: 2.5442039 | I31: 2.9673394 | J31: 25.89332 | K31: 125.59658 | L31: 49.751244 | M31: 101.4456 | N31: 103.46611 | O31: 26.378264 | P31: 107.58472 | Q31: 82.304527
A32: Región Insular | B32: 1.1976542 | C32: 1.7175268 | D32: 1.6612579 | E32: 1.9942806 | F32: 1.5027122 | G32: 1.4285714 | H32: 1.5317134 | I32: 1.3920483 | J32: - | K32: - | L32: - | M32: - | N32: - | O32: - | P32: - | Q32: -
A33: Galápagos | B33: 1.1976542 | C33: 1.7175268 | D33: 1.6612579 | E33: 1.9942806 | F33: 1.5027122 | G33: 1.4285714 | H33: 1.5317134 | I33: 1.3920483 | J33: - | K33: - | L33: - | M33: - | N33: - | O33: - | P33: - | Q33: -
A34: Zonas no delimitadas | B34: 0.92120617 | C34: 0.63350327 | D34: 0.91840967 | E34: 0.9841665 | F34: 0.87699446 | G34: 0.38724311 | H34: 0.83858577 | I34: 0.44992589 | J34: - | K34: 123.45679 | L34: - | M34: - | N34: - | O34: - | P34: - | Q34: -
A36: 1/ Es el número de muertes referente a las proyecciones poblacionales en base al Censo 2010 , multiplicado 1000
A37: 2/: Con el fin de converger al cálculo internacional de la Razón de Muerte Materna según (CIE-10, volumen 2, págs. 148-149), mediante Resolución de la Comisión Interinstitucional de Estadísticas de Salud - CIES 001-2014, entre el Ministerio de Salud Pública, Ministerio Coordinador de Desarrollo Social, Dirección Nacional de Registro Civil, Identificación y Cedulación, Secretaría Nacional de Planificación y Desarrollo e Instituto Nacional de Estadística y Censos, se homologa el cálculo del indicador de muerte materna considerando a las muertes maternas oportunas (muertes que ocurrieron en el periodo del embarazo, parto o posparto, hasta los 42 días siguientes a la terminación del embarazo, independientemente de la duración y el sitio del embarazo) dividido para la estimación de nacimientos multiplicado por 100.000.
A38: (*) A nivel mundial las estadísticas sobre mortalidad materna presentan problemas de subregistro y mala clasificación. En este sentido, el INEC ha realizado una adaptación y aplicación de la metodología de Estimación de la Mortalidad Materna (MMEIG) realizado por el Grupo Interagencial integrado por la Organización Mundial de la Salud (OMS), el Fondo de las Naciones Unidas para la Infancia (UNICEF), el Fondo de las Naciones Unidas para la Población (UNFPA), la División de Población de las Naciones Unidas (PNUD) y el Banco Mundial; con el objetivo de presentar estimaciones de dicho indicador para el periodo 1990-2010 corregidos por los problemas de subregistro y mala clasificación de las causas de defunción. Para mayor información puede revisar la nota metodológica respectiva en el siguiente link:
A39: http://www.ecuadorencifras.gob.ec/documentos/web-inec/Poblacion_y_Demografia/Nacimientos_Defunciones/2015/RMM_Nota_metodologica_INEC_2015.pdf
A40: Fuente: Registro estadístico de nacimientos y defunciones generales 2008 - 2015
A41: Importante: Leer la Nota técnica Registro de Estadísticas Vitales 2015 en el siguiente link:
A42: http://www.ecuadorencifras.gob.ec/documentos/web-inec/Poblacion_y_Demografia/Nacimientos_Defunciones/2015/Nota_tecnica_Registro_de_Estadisticas_Vitales_2015.pdf

Sheet 1.5.4
A1: Serie 1.5.4
A2: Defunciones (t) por sexo, según regiones y provincias de residencia habitual del fallecido/a Período 2008 - 2015 | S2: ÍNDICE
A3: Región y provincia | B3: 2008 | D3: 2009 | F3: 2010 | H3: 2011 | J3: 2012 | L3: 2013 | N3: 2014 | P3: 2015
B4: Hombre | C4: Mujer | D4: Hombre | E4: Mujer | F4: Hombre | G4: Mujer | H4: Hombre | I4: Mujer | J4: Hombre | K4: Mujer | L4: Hombre | M4: Mujer | N4: Hombre | O4: Mujer | P4: Hombre | Q4: Mujer
A5: Total Nacional | B5: =SUM(B6,B18,B25,B32,B35,B34) -> 34509 | C5: =SUM(C6,C18,C25,C32,C35,C34) -> 25514 | D5: 33868 | E5: 25846 | F5: 34895 | G5: 26786 | H5: 35268 | I5: 27036 | J5: 35314 | K5: 28197 | L5: 34911 | M5: 28193 | N5: 34778 | O5: 28203 | P5: =SUM(P6,P18,P25,P32,P34,P35) -> 35577 | Q5: =SUM(Q6,Q18,Q25,Q32,Q34,Q35) -> 29213
A6: Región Sierra | B6: 15658 | C6: 12908 | D6: 15101 | E6: 12908 | F6: 15361 | G6: 13018 | H6: 15481 | I6: 13337 | J6: 15468 | K6: 13595 | L6: 15090 | M6: 13396 | N6: 14973 | O6: 13397 | P6: =SUM(P7:P17) -> 15040 | Q6: =SUM(Q7:Q17) -> 13649
A7: Azuay | B7: 1600 | C7: 1458 | D7: 1595 | E7: 1514 | F7: 1649 | G7: 1455 | H7: 1698 | I7: 1535 | J7: 1711 | K7: 1586 | L7: 1661 | M7: 1621 | N7: 1753 | O7: 1605 | P7: 1677 | Q7: 1650
A8: Bolívar | B8: 594 | C8: 507 | D8: 564 | E8: 452 | F8: 540 | G8: 455 | H8: 541 | I8: 461 | J8: 575 | K8: 423 | L8: 534 | M8: 471 | N8: 516 | O8: 466 | P8: 545 | Q8: 468
A9: Cañar | B9: 574 | C9: 490 | D9: 554 | E9: 485 | F9: 617 | G9: 522 | H9: 597 | I9: 477 | J9: 575 | K9: 578 | L9: 565 | M9: 528 | N9: 552 | O9: 554 | P9: 581 | Q9: 554
A10: Carchi | B10: 462 | C10: 343 | D10: 402 | E10: 371 | F10: 402 | G10: 343 | H10: 370 | I10: 379 | J10: 374 | K10: 330 | L10: 387 | M10: 367 | N10: 410 | O10: 341 | P10: 400 | Q10: 355
A11: Cotopaxi | B11: 1156 | C11: 964 | D11: 1077 | E11: 870 | F11: 1105 | G11: 914 | H11: 1119 | I11: 917 | J11: 1096 | K11: 918 | L11: 1064 | M11: 906 | N11: 1039 | O11: 881 | P11: 974 | Q11: 883
A12: Chimborazo | B12: 1321 | C12: 1132 | D12: 1363 | E12: 1220 | F12: 1344 | G12: 1183 | H12: 1295 | I12: 1160 | J12: 1267 | K12: 1194 | L12: 1237 | M12: 1168 | N12: 1267 | O12: 1201 | P12: 1219 | Q12: 1102
A13: Imbabura | B13: 1078 | C13: 940 | D13: 1129 | E13: 902 | F13: 1075 | G13: 903 | H13: 1074 | I13: 992 | J13: 1023 | K13: 957 | L13: 974 | M13: 882 | N13: 980 | O13: 895 | P13: 981 | Q13: 934
A14: Loja | B14: 1183 | C14: 876 | D14: 1098 | E14: 955 | F14: 1126 | G14: 954 | H14: 1268 | I14: 1020 | J14: 1186 | K14: 944 | L14: 1146 | M14: 967 | N14: 1105 | O14: 952 | P14: 1153 | Q14: 995
A15: Pichincha | B15: 5133 | C15: 4410 | D15: 4979 | E15: 4319 | F15: 5169 | G15: 4449 | H15: 5190 | I15: 4534 | J15: 5253 | K15: 4782 | L15: 5249 | M15: 4580 | N15: 5156 | O15: 4677 | P15: 5239 | Q15: 4773
A16: Tungurahua | B16: 1546 | C16: 1206 | D16: 1348 | E16: 1199 | F16: 1388 | G16: 1253 | H16: 1386 | I16: 1208 | J16: 1443 | K16: 1209 | L16: 1318 | M16: 1259 | N16: 1325 | O16: 1206 | P16: 1333 | Q16: 1227
A17: Santo Domingo de los Tsáchilas | B17: 1011 | C17: 582 | D17: 992 | E17: 621 | F17: 946 | G17: 587 | H17: 943 | I17: 654 | J17: 965 | K17: 674 | L17: 955 | M17: 647 | N17: 870 | O17: 619 | P17: 938 | Q17: 708
A18: Región Costa | B18: 17524 | C18: 11802 | D18: 17383 | E18: 12123 | F18: 18130 | G18: 12797 | H18: 18252 | I18: 12815 | J18: 18326 | K18: 13569 | L18: 18311 | M18: 13788 | N18: 18277 | O18: 13843 | P18: =SUM(P19:P24) -> 18986 | Q18: =SUM(Q19:Q24) -> 14556
A19: El Oro | B19: 1467 | C19: 910 | D19: 1394 | E19: 899 | F19: 1480 | G19: 1013 | H19: 1546 | I19: 1061 | J19: 1564 | K19: 1032 | L19: 1468 | M19: 1112 | N19: 1490 | O19: 1106 | P19: 1594 | Q19: 1172
A20: Esmeraldas | B20: 1125 | C20: 621 | D20: 1070 | E20: 666 | F20: 1153 | G20: 742 | H20: 1115 | I20: 675 | J20: 1108 | K20: 795 | L20: 980 | M20: 677 | N20: 1007 | O20: 669 | P20: 1024 | Q20: 731
A21: Guayas | B21: 8554 | C21: 6106 | D21: 8642 | E21: 6262 | F21: 9135 | G21: 6603 | H21: 9207 | I21: 6922 | J21: 9227 | K21: 7240 | L21: 9602 | M21: 7430 | N21: 9565 | O21: 7538 | P21: 9917 | Q21: 7781
A22: Los Ríos | B22: 2251 | C22: 1412 | D22: 2272 | E22: 1409 | F22: 2218 | G22: 1438 | H22: 2264 | I22: 1348 | J22: 2230 | K22: 1375 | L22: 2179 | M22: 1419 | N22: 2135 | O22: 1445 | P22: 2072 | Q22: 1487
A23: Manabí | B23: 3622 | C23: 2363 | D23: 3415 | E23: 2426 | F23: 3563 | G23: 2538 | H23: 3524 | I23: 2373 | J23: 3511 | K23: 2595 | L23: 3449 | M23: 2589 | N23: 3416 | O23: 2563 | P23: 3673 | Q23: 2791
A24: Santa Elena | B24: 505 | C24: 390 | D24: 590 | E24: 461 | F24: 581 | G24: 463 | H24: 596 | I24: 436 | J24: 686 | K24: 532 | L24: 633 | M24: 561 | N24: 664 | O24: 522 | P24: 706 | Q24: 594
A25: Región Amazónica | B25: 1241 | C25: 758 | D25: 1290 | E25: 760 | F25: 1321 | G25: 915 | H25: 1435 | I25: 842 | J25: 1456 | K25: 1008 | L25: 1460 | M25: 986 | N25: 1454 | O25: 925 | P25: =SUM(P26:P31) -> 1489 | Q25: =SUM(Q26:Q31) -> 977
A26: Morona Santiago | B26: 210 | C26: 128 | D26: 264 | E26: 167 | F26: 232 | G26: 171 | H26: 242 | I26: 165 | J26: 256 | K26: 200 | L26: 272 | M26: 213 | N26: 304 | O26: 183 | P26: 310 | Q26: 188
A27: Napo | B27: 208 | C27: 128 | D27: 165 | E27: 92 | F27: 206 | G27: 161 | H27: 217 | I27: 135 | J27: 233 | K27: 172 | L27: 200 | M27: 152 | N27: 207 | O27: 139 | P27: 235 | Q27: 146
A28: Pastaza | B28: 109 | C28: 101 | D28: 141 | E28: 76 | F28: 135 | G28: 96 | H28: 149 | I28: 97 | J28: 167 | K28: 122 | L28: 154 | M28: 108 | N28: 149 | O28: 109 | P28: 142 | Q28: 122
A29: Zamora Chinchipe | B29: 157 | C29: 112 | D29: 157 | E29: 106 | F29: 183 | G29: 130 | H29: 194 | I29: 108 | J29: 181 | K29: 121 | L29: 186 | M29: 141 | N29: 172 | O29: 130 | P29: 174 | Q29: 138
A30: Sucumbíos | B30: 303 | C30: 160 | D30: 310 | E30: 161 | F30: 349 | G30: 181 | H30: 367 | I30: 186 | J30: 365 | K30: 205 | L30: 388 | M30: 220 | N30: 397 | O30: 211 | P30: 345 | Q30: 218
A31: Orellana | B31: 254 | C31: 129 | D31: 253 | E31: 158 | F31: 216 | G31: 176 | H31: 266 | I31: 151 | J31: 254 | K31: 188 | L31: 260 | M31: 152 | N31: 225 | O31: 153 | P31: 283 | Q31: 165
A32: Región Insular | B32: 13 | C32: 16 | D32: 27 | E32: 16 | F32: 22 | G32: 21 | H32: 39 | I32: 14 | J32: 25 | K32: 16 | L32: 26 | M32: 14 | N32: 28 | O32: 16 | P32: =SUM(P33) -> 26 | Q32: =SUM(Q33) -> 15
A33: Galápagos | B33: 13 | C33: 16 | D33: 27 | E33: 16 | F33: 22 | G33: 21 | H33: 39 | I33: 14 | J33: 25 | K33: 16 | L33: 26 | M33: 14 | N33: 28 | O33: 16 | P33: 26 | Q33: 15
A34: Zonas no delimitadas | B34: 21 | C34: 9 | D34: 11 | E34: 10 | F34: 20 | G34: 11 | H34: 21 | I34: 13 | J34: 25 | K34: 6 | L34: 10 | M34: 4 | N34: 20 | O34: 11 | P34: 11 | Q34: 6
A35: Exterior | B35: 52 | C35: 21 | D35: 56 | E35: 29 | F35: 41 | G35: 24 | H35: 40 | I35: 15 | J35: 14 | K35: 3 | L35: 14 | M35: 5 | N35: 26 | O35: 11 | P35: 25 | Q35: 10
A37: Fuente: Registro estadístico de defunciones generales 2008 - 2015
A38: Importante: Leer la Nota técnica Registro de Estadísticas Vitales 2015 en el siguiente link:
A39: http://www.ecuadorencifras.gob.ec/documentos/web-inec/Poblacion_y_Demografia/Nacimientos_Defunciones/2015/Nota_tecnica_Registro_de_Estadisticas_Vitales_2015.pdf

Sheet 1.5.5
A1: Serie No. 1.5.5
A2: Número de defunciones (t) por sexo, según grupos de edad (quinquenales), según regiones y provincias de residencia habitual de la persona fallecida Año 2015 | AI2: ÍNDICE
A3: Región y provincias | B3: Hombre | R3: Mujer
B4: < 1 año | C4: 1-4 años | D4: 5-9 años | E4: 10-14 años | F4: 15-19 años | G4: 20-24 años | H4: 25-29 años | I4: 30-34 años | J4: 35-39 años | K4: 40-44 años | L4: 45-49 años | M4: 50-54 años | N4: 55-59 años | O4: 60-64 años | P4: 65 años y más | Q4: Edad ignorada | R4: < 1 año | S4: 1-4 años | T4: 5-9 años | U4: 10-14 años | V4: 15-19 años | W4: 20-24 años | X4: 25-29 años | Y4: 30-34 años | Z4: 35-39 años | AA4: 40-44 años | AB4: 45-49 años | AC4: 50-54 años | AD4: 55-59 años | AE4: 60-64 años | AF4: 65 años y más | AG4: Edad ignorada
A5: Total Nacional | B5: 1664 | C5: 427 | D5: 240 | E5: 311 | F5: 785 | G5: 1215 | H5: 1177 | I5: 1097 | J5: 1088 | K5: 1077 | L5: 1248 | M5: 1518 | N5: 1907 | O5: 2290 | P5: 19530 | Q5: 3 | R5: 1315 | S5: 390 | T5: 202 | U5: 226 | V5: 330 | W5: 368 | X5: 397 | Y5: 444 | Z5: 556 | AA5: 655 | AB5: 766 | AC5: 1087 | AD5: 1353 | AE5: 1788 | AF5: 19335 | AG5: 1
A6: Región Sierra | B6: 717 | C6: 224 | D6: 103 | E6: 141 | F6: 323 | G6: 494 | H6: 445 | I6: 424 | J6: 403 | K6: 413 | L6: 447 | M6: 574 | N6: 689 | O6: 824 | P6: 8819 | Q6: - | R6: 581 | S6: 201 | T6: 92 | U6: 115 | V6: 160 | W6: 163 | X6: 163 | Y6: 172 | Z6: 231 | AA6: 253 | AB6: 314 | AC6: 415 | AD6: 526 | AE6: 673 | AF6: 9589 | AG6: 1
A7: Azuay | B7: 77 | C7: 16 | D7: 7 | E7: 10 | F7: 44 | G7: 54 | H7: 48 | I7: 41 | J7: 44 | K7: 44 | L7: 50 | M7: 61 | N7: 78 | O7: 97 | P7: 1006 | Q7: - | R7: 51 | S7: 23 | T7: 4 | U7: 16 | V7: 20 | W7: 18 | X7: 13 | Y7: 19 | Z7: 19 | AA7: 36 | AB7: 43 | AC7: 54 | AD7: 63 | AE7: 67 | AF7: 1204 | AG7: -
A8: Bolívar | B8: 29 | C8: 8 | D8: 6 | E8: 8 | F8: 14 | G8: 13 | H8: 16 | I8: 9 | J8: 8 | K8: 12 | L8: 13 | M8: 12 | N8: 26 | O8: 23 | P8: 348 | Q8: - | R8: 21 | S8: 11 | T8: 5 | U8: 7 | V8: 8 | W8: 9 | X8: 6 | Y8: 7 | Z8: 7 | AA8: 12 | AB8: 12 | AC8: 16 | AD8: 13 | AE8: 17 | AF8: 317 | AG8: -
A9: Cañar | B9: 18 | C9: 9 | D9: 3 | E9: 6 | F9: 23 | G9: 20 | H9: 23 | I9: 12 | J9: 12 | K9: 17 | L9: 18 | M9: 31 | N9: 25 | O9: 30 | P9: 334 | Q9: - | R9: 16 | S9: 9 | T9: - | U9: 6 | V9: 10 | W9: 7 | X9: 6 | Y9: 5 | Z9: 12 | AA9: 13 | AB9: 12 | AC9: 15 | AD9: 23 | AE9: 18 | AF9: 402 | AG9: -
A10: Carchi | B10: 27 | C10: 6 | D10: 3 | E10: 2 | F10: 8 | G10: 13 | H10: 12 | I10: 10 | J10: 10 | K10: 6 | L10: 6 | M10: 12 | N10: 11 | O10: 29 | P10: 245 | Q10: - | R10: 14 | S10: 1 | T10: 2 | U10: 2 | V10: 3 | W10: 3 | X10: 4 | Y10: 3 | Z10: 5 | AA10: 9 | AB10: 8 | AC10: 9 | AD10: 11 | AE10: 22 | AF10: 259 | AG10: -
A11: Cotopaxi | B11: 43 | C11: 30 | D11: 11 | E11: 10 | F11: 29 | G11: 38 | H11: 39 | I11: 29 | J11: 34 | K11: 33 | L11: 29 | M11: 38 | N11: 37 | O11: 53 | P11: 521 | Q11: - | R11: 49 | S11: 25 | T11: 8 | U11: 11 | V11: 9 | W11: 13 | X11: 7 | Y11: 14 | Z11: 19 | AA11: 9 | AB11: 15 | AC11: 28 | AD11: 27 | AE11: 33 | AF11: 616 | AG11: -
A12: Chimborazo | B12: 61 | C12: 33 | D12: 11 | E12: 14 | F12: 24 | G12: 31 | H12: 30 | I12: 27 | J12: 19 | K12: 23 | L12: 29 | M12: 39 | N12: 54 | O12: 61 | P12: 763 | Q12: - | R12: 42 | S12: 22 | T12: 7 | U12: 10 | V12: 13 | W12: 16 | X12: 12 | Y12: 18 | Z12: 15 | AA12: 15 | AB12: 28 | AC12: 25 | AD12: 45 | AE12: 49 | AF12: 784 | AG12: 1
A13: Imbabura | B13: 45 | C13: 10 | D13: 8 | E13: 11 | F13: 19 | G13: 32 | H13: 18 | I13: 20 | J13: 19 | K13: 17 | L13: 28 | M13: 26 | N13: 40 | O13: 58 | P13: 630 | Q13: - | R13: 37 | S13: 15 | T13: 5 | U13: 6 | V13: 11 | W13: 10 | X13: 10 | Y13: 10 | Z13: 18 | AA13: 17 | AB13: 16 | AC13: 34 | AD13: 32 | AE13: 30 | AF13: 683 | AG13: -
A14: Loja | B14: 35 | C14: 17 | D14: 4 | E14: 7 | F14: 17 | G14: 33 | H14: 27 | I14: 25 | J14: 22 | K14: 31 | L14: 34 | M14: 44 | N14: 48 | O14: 66 | P14: 743 | Q14: - | R14: 22 | S14: 12 | T14: 7 | U14: 8 | V14: 9 | W14: 7 | X14: 18 | Y14: 7 | Z14: 16 | AA14: 14 | AB14: 26 | AC14: 35 | AD14: 39 | AE14: 47 | AF14: 728 | AG14: -
A15: Pichincha | B15: 302 | C15: 57 | D15: 30 | E15: 49 | F15: 107 | G15: 182 | H15: 160 | I15: 174 | J15: 168 | K15: 156 | L15: 166 | M15: 215 | N15: 262 | O15: 277 | P15: 2934 | Q15: - | R15: 259 | S15: 52 | T15: 33 | U15: 30 | V15: 59 | W15: 56 | X15: 59 | Y15: 62 | Z15: 87 | AA15: 85 | AB15: 108 | AC15: 139 | AD15: 189 | AE15: 263 | AF15: 3292 | AG15: -
A16: Tungurahua | B16: 47 | C16: 28 | D16: 11 | E16: 14 | F16: 12 | G16: 34 | H16: 41 | I16: 31 | J16: 34 | K16: 44 | L16: 37 | M16: 54 | N16: 59 | O16: 68 | P16: 819 | Q16: - | R16: 37 | S16: 16 | T16: 12 | U16: 10 | V16: 13 | W16: 16 | X16: 11 | Y16: 8 | Z16: 18 | AA16: 20 | AB16: 26 | AC16: 30 | AD16: 43 | AE16: 64 | AF16: 903 | AG16: -
A17: Santo Domingo de los Tsáchilas | B17: 33 | C17: 10 | D17: 9 | E17: 10 | F17: 26 | G17: 44 | H17: 31 | I17: 46 | J17: 33 | K17: 30 | L17: 37 | M17: 42 | N17: 49 | O17: 62 | P17: 476 | Q17: - | R17: 33 | S17: 15 | T17: 9 | U17: 9 | V17: 5 | W17: 8 | X17: 17 | Y17: 19 | Z17: 15 | AA17: 23 | AB17: 20 | AC17: 30 | AD17: 41 | AE17: 63 | AF17: 401 | AG17: -
A18: Región Costa | B18: 855 | C18: 152 | D18: 108 | E18: 146 | F18: 403 | G18: 619 | H18: 643 | I18: 608 | J18: 613 | K18: 615 | L18: 746 | M18: 884 | N18: 1149 | O18: 1377 | P18: 10065 | Q18: 3 | R18: 651 | S18: 133 | T18: 90 | U18: 97 | V18: 136 | W18: 182 | X18: 210 | Y18: 261 | Z18: 288 | AA18: 367 | AB18: 417 | AC18: 631 | AD18: 786 | AE18: 1045 | AF18: 9262 | AG18: -
A19: El Oro | B19: 61 | C19: 12 | D19: 10 | E19: 13 | F19: 33 | G19: 57 | H19: 56 | I19: 56 | J19: 50 | K19: 57 | L19: 58 | M19: 61 | N19: 88 | O19: 104 | P19: 877 | Q19: 1 | R19: 50 | S19: 13 | T19: 11 | U19: 6 | V19: 12 | W19: 14 | X19: 17 | Y19: 25 | Z19: 27 | AA19: 26 | AB19: 30 | AC19: 44 | AD19: 49 | AE19: 90 | AF19: 758 | AG19: -
A20: Esmeraldas | B20: 35 | C20: 17 | D20: 9 | E20: 13 | F20: 33 | G20: 56 | H20: 41 | I20: 43 | J20: 54 | K20: 35 | L20: 41 | M20: 56 | N20: 59 | O20: 76 | P20: 456 | Q20: - | R20: 32 | S20: 9 | T20: 9 | U20: 6 | V20: 5 | W20: 17 | X20: 21 | Y20: 20 | Z20: 16 | AA20: 22 | AB20: 20 | AC20: 34 | AD20: 50 | AE20: 43 | AF20: 427 | AG20: -
A21: Guayas | B21: 514 | C21: 80 | D21: 50 | E21: 77 | F21: 197 | G21: 307 | H21: 339 | I21: 313 | J21: 308 | K21: 329 | L21: 405 | M21: 476 | N21: 634 | O21: 713 | P21: 5175 | Q21: - | R21: 396 | S21: 61 | T21: 39 | U21: 47 | V21: 74 | W21: 91 | X21: 99 | Y21: 120 | Z21: 160 | AA21: 187 | AB21: 239 | AC21: 335 | AD21: 426 | AE21: 567 | AF21: 4940 | AG21: -
A22: Los Ríos | B22: 91 | C22: 19 | D22: 11 | E22: 19 | F22: 57 | G22: 80 | H22: 93 | I22: 79 | J22: 72 | K22: 75 | L22: 81 | M22: 91 | N22: 105 | O22: 129 | P22: 1070 | Q22: - | R22: 65 | S22: 16 | T22: 10 | U22: 12 | V22: 14 | W22: 26 | X22: 25 | Y22: 33 | Z22: 32 | AA22: 38 | AB22: 46 | AC22: 84 | AD22: 83 | AE22: 101 | AF22: 902 | AG22: -
A23: Manabí | B23: 117 | C23: 20 | D23: 21 | E23: 22 | F23: 72 | G23: 99 | H23: 96 | I23: 99 | J23: 105 | K23: 104 | L23: 138 | M23: 165 | N23: 221 | O23: 300 | P23: 2094 | Q23: - | R23: 80 | S23: 25 | T23: 13 | U23: 21 | V23: 24 | W23: 28 | X23: 40 | Y23: 54 | Z23: 45 | AA23: 72 | AB23: 62 | AC23: 107 | AD23: 138 | AE23: 201 | AF23: 1881 | AG23: -
A24: Santa Elena | B24: 37 | C24: 4 | D24: 7 | E24: 2 | F24: 11 | G24: 20 | H24: 18 | I24: 18 | J24: 24 | K24: 15 | L24: 23 | M24: 35 | N24: 42 | O24: 55 | P24: 393 | Q24: 2 | R24: 28 | S24: 9 | T24: 8 | U24: 5 | V24: 7 | W24: 6 | X24: 8 | Y24: 9 | Z24: 8 | AA24: 22 | AB24: 20 | AC24: 27 | AD24: 40 | AE24: 43 | AF24: 354 | AG24: -
A25: Región Amazónica | B25: 91 | C25: 51 | D25: 29 | E25: 23 | F25: 56 | G25: 99 | H25: 85 | I25: 62 | J25: 69 | K25: 44 | L25: 55 | M25: 57 | N25: 68 | O25: 82 | P25: 618 | Q25: - | R25: 82 | S25: 55 | T25: 20 | U25: 13 | V25: 33 | W25: 23 | X25: 24 | Y25: 11 | Z25: 36 | AA25: 35 | AB25: 33 | AC25: 39 | AD25: 38 | AE25: 68 | AF25: 467 | AG25: -
A26: Morona Santiago | B26: 24 | C26: 11 | D26: 8 | E26: 8 | F26: 12 | G26: 12 | H26: 11 | I26: 16 | J26: 11 | K26: 9 | L26: 11 | M26: 12 | N26: 13 | O26: 15 | P26: 137 | Q26: - | R26: 17 | S26: 11 | T26: 4 | U26: - | V26: 9 | W26: 3 | X26: 2 | Y26: 1 | Z26: 7 | AA26: 5 | AB26: 4 | AC26: 7 | AD26: 7 | AE26: 11 | AF26: 100 | AG26: -
A27: Napo | B27: 17 | C27: 7 | D27: 4 | E27: 4 | F27: 11 | G27: 19 | H27: 12 | I27: 9 | J27: 10 | K27: 6 | L27: 9 | M27: 8 | N27: 8 | O27: 11 | P27: 100 | Q27: - | R27: 12 | S27: 7 | T27: 3 | U27: 2 | V27: 3 | W27: 3 | X27: 6 | Y27: 2 | Z27: 6 | AA27: 8 | AB27: 2 | AC27: 3 | AD27: 3 | AE27: 8 | AF27: 78 | AG27: -
A28: Pastaza | B28: 10 | C28: 4 | D28: 4 | E28: 4 | F28: 1 | G28: 5 | H28: 2 | I28: 3 | J28: 9 | K28: 1 | L28: 6 | M28: 5 | N28: 8 | O28: 11 | P28: 69 | Q28: - | R28: 13 | S28: 4 | T28: 1 | U28: 1 | V28: 4 | W28: - | X28: 2 | Y28: 2 | Z28: 4 | AA28: 3 | AB28: 3 | AC28: 2 | AD28: 5 | AE28: 10 | AF28: 68 | AG28: -
A29: Zamora Chinchipe | B29: 4 | C29: 8 | D29: 1 | E29: 2 | F29: 4 | G29: 7 | H29: 6 | I29: 4 | J29: 9 | K29: 6 | L29: 7 | M29: 8 | N29: 9 | O29: 12 | P29: 87 | Q29: - | R29: 6 | S29: 6 | T29: 3 | U29: 3 | V29: 4 | W29: 8 | X29: 4 | Y29: - | Z29: 6 | AA29: 5 | AB29: 4 | AC29: 4 | AD29: 3 | AE29: 9 | AF29: 73 | AG29: -
A30: Sucumbíos | B30: 25 | C30: 8 | D30: 9 | E30: 3 | F30: 15 | G30: 39 | H30: 29 | I30: 19 | J30: 17 | K30: 10 | L30: 12 | M30: 12 | N30: 15 | O30: 22 | P30: 110 | Q30: - | R30: 21 | S30: 17 | T30: 6 | U30: 2 | V30: 5 | W30: 5 | X30: 7 | Y30: 5 | Z30: 7 | AA30: 10 | AB30: 9 | AC30: 17 | AD30: 12 | AE30: 19 | AF30: 76 | AG30: -
A31: Orellana | B31: 11 | C31: 13 | D31: 3 | E31: 2 | F31: 13 | G31: 17 | H31: 25 | I31: 11 | J31: 13 | K31: 12 | L31: 10 | M31: 12 | N31: 15 | O31: 11 | P31: 115 | Q31: - | R31: 13 | S31: 10 | T31: 3 | U31: 5 | V31: 8 | W31: 4 | X31: 3 | Y31: 1 | Z31: 6 | AA31: 4 | AB31: 11 | AC31: 6 | AD31: 8 | AE31: 11 | AF31: 72 | AG31: -
A32: Región Insular | B32: 1 | C32: - | D32: - | E32: 1 | F32: 2 | G32: - | H32: - | I32: 2 | J32: - | K32: 4 | L32: - | M32: - | N32: - | O32: 1 | P32: 15 | Q32: - | R32: - | S32: 1 | T32: - | U32: 1 | V32: - | W32: - | X32: - | Y32: - | Z32: 1 | AA32: - | AB32: - | AC32: - | AD32: 1 | AE32: 2 | AF32: 9 | AG32: -
A33: Galápagos | B33: 1 | C33: - | D33: - | E33: 1 | F33: 2 | G33: - | H33: - | I33: 2 | J33: - | K33: 4 | L33: - | M33: - | N33: - | O33: 1 | P33: 15 | Q33: - | R33: - | S33: 1 | T33: - | U33: 1 | V33: - | W33: - | X33: - | Y33: - | Z33: 1 | AA33: - | AB33: - | AC33: - | AD33: 1 | AE33: 2 | AF33: 9 | AG33: -
A34: Zonas no delimitadas | B34: - | C34: - | D34: - | E34: - | F34: 1 | G34: - | H34: - | I34: - | J34: 1 | K34: 1 | L34: - | M34: 2 | N34: - | O34: 2 | P34: 4 | Q34: - | R34: - | S34: - | T34: - | U34: - | V34: - | W34: - | X34: - | Y34: - | Z34: - | AA34: - | AB34: 2 | AC34: - | AD34: - | AE34: - | AF34: 4 | AG34: -
A35: Exterior | B35: - | C35: - | D35: - | E35: - | F35: - | G35: 3 | H35: 4 | I35: 1 | J35: 2 | K35: - | L35: - | M35: 1 | N35: 1 | O35: 4 | P35: 9 | Q35: - | R35: 1 | S35: - | T35: - | U35: - | V35: 1 | W35: - | X35: - | Y35: - | Z35: - | AA35: - | AB35: - | AC35: 2 | AD35: 2 | AE35: - | AF35: 4 | AG35: -
A37: Fuente: Registro estadístico de defunciones generales 2008 - 2015
A38: Importante: Leer la Nota técnica Registro de Estadísticas Vitales 2015 en el siguiente link:
A39: http://www.ecuadorencifras.gob.ec/documentos/web-inec/Poblacion_y_Demografia/Nacimientos_Defunciones/2015/Nota_tecnica_Registro_de_Estadisticas_Vitales_2015.pdf

Sheet 1.5.6
A1: Serie No. 1.5.6
A2: Número de defunciones (t) por sexo, según grupos de edad (quinquenales), según regiones y provincias de residencia habitual de la persona fallecida Año 2014 | AI2: ÍNDICE
A3: Región y provincias | B3: Hombre | R3: Mujer
B4: < 1 año | C4: 1-4 años | D4: 5-9 años | E4: 10-14 años | F4: 15-19 años | G4: 20-24 años | H4: 25-29 años | I4: 30-34 años | J4: 35-39 años | K4: 40-44 años | L4: 45-49 años | M4: 50-54 años | N4: 55-59 años | O4: 60-64 años | P4: 65 años y más | Q4: Edad ignorada | R4: < 1 año | S4: 1-4 años | T4: 5-9 años | U4: 10-14 años | V4: 15-19 años | W4: 20-24 años | X4: 25-29 años | Y4: 30-34 años | Z4: 35-39 años | AA4: 40-44 años | AB4: 45-49 años | AC4: 50-54 años | AD4: 55-59 años | AE4: 60-64 años | AF4: 65 años y más | AG4: Edad ignorada
A5: Total Nacional | B5: 1572 | C5: 473 | D5: 263 | E5: 312 | F5: 740 | G5: 1198 | H5: 1243 | I5: 1146 | J5: 1062 | K5: 1121 | L5: 1252 | M5: 1522 | N5: 1875 | O5: 2260 | P5: 18726 | Q5: 13 | R5: 1249 | S5: 372 | T5: 180 | U5: 245 | V5: 359 | W5: 394 | X5: 381 | Y5: 464 | Z5: 557 | AA5: 651 | AB5: 860 | AC5: 1109 | AD5: 1347 | AE5: 1678 | AF5: 18347 | AG5: 10
A6: Región Sierra | B6: 738 | C6: 231 | D6: 129 | E6: 143 | F6: 306 | G6: 493 | H6: 477 | I6: 421 | J6: 405 | K6: 421 | L6: 474 | M6: 574 | N6: 674 | O6: 835 | P6: 8649 | Q6: 3 | R6: 601 | S6: 171 | T6: 72 | U6: 112 | V6: 170 | W6: 176 | X6: 166 | Y6: 176 | Z6: 231 | AA6: 256 | AB6: 335 | AC6: 468 | AD6: 532 | AE6: 681 | AF6: 9245 | AG6: 5
A7: Azuay | B7: 81 | C7: 29 | D7: 16 | E7: 20 | F7: 36 | G7: 56 | H7: 48 | I7: 44 | J7: 43 | K7: 61 | L7: 71 | M7: 72 | N7: 91 | O7: 103 | P7: 982 | Q7: - | R7: 57 | S7: 15 | T7: 5 | U7: 14 | V7: 12 | W7: 15 | X7: 14 | Y7: 18 | Z7: 31 | AA7: 39 | AB7: 35 | AC7: 46 | AD7: 56 | AE7: 73 | AF7: 1175 | AG7: -
A8: Bolívar | B8: 22 | C8: 14 | D8: 8 | E8: 4 | F8: 16 | G8: 14 | H8: 12 | I8: 9 | J8: 12 | K8: 7 | L8: 13 | M8: 11 | N8: 18 | O8: 22 | P8: 334 | Q8: - | R8: 28 | S8: 16 | T8: 2 | U8: 3 | V8: 11 | W8: 6 | X8: 11 | Y8: 4 | Z8: 1 | AA8: 10 | AB8: 8 | AC8: 16 | AD8: 15 | AE8: 19 | AF8: 315 | AG8: 1
A9: Cañar | B9: 21 | C9: 9 | D9: 3 | E9: 11 | F9: 17 | G9: 18 | H9: 24 | I9: 15 | J9: 19 | K9: 22 | L9: 20 | M9: 25 | N9: 27 | O9: 25 | P9: 296 | Q9: - | R9: 9 | S9: 5 | T9: 5 | U9: 7 | V9: 9 | W9: 9 | X9: 6 | Y9: 6 | Z9: 11 | AA9: 7 | AB9: 12 | AC9: 21 | AD9: 21 | AE9: 34 | AF9: 392 | AG9: -
A10: Carchi | B10: 24 | C10: 9 | D10: 3 | E10: 1 | F10: 10 | G10: 12 | H10: 11 | I10: 15 | J10: 6 | K10: 4 | L10: 17 | M10: 10 | N10: 11 | O10: 22 | P10: 255 | Q10: - | R10: 12 | S10: 7 | T10: 1 | U10: 4 | V10: 4 | W10: 7 | X10: 5 | Y10: 2 | Z10: 4 | AA10: 4 | AB10: 7 | AC10: 8 | AD10: 11 | AE10: 17 | AF10: 248 | AG10: -
A11: Cotopaxi | B11: 47 | C11: 26 | D11: 16 | E11: 16 | F11: 24 | G11: 42 | H11: 42 | I11: 24 | J11: 27 | K11: 31 | L11: 29 | M11: 37 | N11: 41 | O11: 59 | P11: 578 | Q11: - | R11: 38 | S11: 21 | T11: 6 | U11: 13 | V11: 12 | W11: 8 | X11: 16 | Y11: 12 | Z11: 14 | AA11: 15 | AB11: 15 | AC11: 30 | AD11: 30 | AE11: 46 | AF11: 605 | AG11: -
A12: Chimborazo | B12: 62 | C12: 38 | D12: 17 | E12: 11 | F12: 21 | G12: 36 | H12: 36 | I12: 30 | J12: 34 | K12: 33 | L12: 36 | M12: 46 | N12: 67 | O12: 70 | P12: 730 | Q12: - | R12: 59 | S12: 17 | T12: 6 | U12: 13 | V12: 22 | W12: 24 | X12: 20 | Y12: 22 | Z12: 19 | AA12: 20 | AB12: 31 | AC12: 31 | AD12: 38 | AE12: 49 | AF12: 830 | AG12: -
A13: Imbabura | B13: 40 | C13: 9 | D13: 5 | E13: 10 | F13: 20 | G13: 36 | H13: 31 | I13: 15 | J13: 24 | K13: 25 | L13: 23 | M13: 30 | N13: 40 | O13: 57 | P13: 615 | Q13: - | R13: 38 | S13: 6 | T13: 7 | U13: 9 | V13: 17 | W13: 10 | X13: 9 | Y13: 10 | Z13: 20 | AA13: 17 | AB13: 18 | AC13: 25 | AD13: 31 | AE13: 50 | AF13: 628 | AG13: -
A14: Loja | B14: 26 | C14: 9 | D14: 5 | E14: 11 | F14: 24 | G14: 28 | H14: 24 | I14: 23 | J14: 27 | K14: 34 | L14: 37 | M14: 43 | N14: 43 | O14: 67 | P14: 704 | Q14: - | R14: 27 | S14: 12 | T14: 6 | U14: 13 | V14: 9 | W14: 15 | X14: 6 | Y14: 11 | Z14: 14 | AA14: 16 | AB14: 32 | AC14: 36 | AD14: 44 | AE14: 54 | AF14: 655 | AG14: 2
A15: Pichincha | B15: 343 | C15: 54 | D15: 39 | E15: 43 | F15: 100 | G15: 180 | H15: 188 | I15: 178 | J15: 144 | K15: 145 | L15: 147 | M15: 205 | N15: 230 | O15: 281 | P15: 2877 | Q15: 2 | R15: 262 | S15: 50 | T15: 26 | U15: 29 | V15: 51 | W15: 50 | X15: 56 | Y15: 63 | Z15: 70 | AA15: 83 | AB15: 122 | AC15: 180 | AD15: 199 | AE15: 245 | AF15: 3191 | AG15: -
A16: Tungurahua | B16: 50 | C16: 16 | D16: 9 | E16: 4 | F16: 19 | G16: 24 | H16: 27 | I16: 32 | J16: 39 | K16: 34 | L16: 38 | M16: 48 | N16: 59 | O16: 63 | P16: 862 | Q16: 1 | R16: 42 | S16: 15 | T16: 5 | U16: 3 | V16: 9 | W16: 14 | X16: 13 | Y16: 11 | Z16: 18 | AA16: 19 | AB16: 25 | AC16: 47 | AD16: 45 | AE16: 55 | AF16: 885 | AG16: -
A17: Santo Domingo de los Tsáchilas | B17: 22 | C17: 18 | D17: 8 | E17: 12 | F17: 19 | G17: 47 | H17: 34 | I17: 36 | J17: 30 | K17: 25 | L17: 43 | M17: 47 | N17: 47 | O17: 66 | P17: 416 | Q17: - | R17: 29 | S17: 7 | T17: 3 | U17: 4 | V17: 14 | W17: 18 | X17: 10 | Y17: 17 | Z17: 29 | AA17: 26 | AB17: 30 | AC17: 28 | AD17: 42 | AE17: 39 | AF17: 321 | AG17: 2
A18: Región Costa | B18: 732 | C18: 187 | D18: 106 | E18: 143 | F18: 365 | G18: 621 | H18: 674 | I18: 643 | J18: 597 | K18: 630 | L18: 715 | M18: 892 | N18: 1130 | O18: 1350 | P18: 9482 | Q18: 10 | R18: 586 | S18: 153 | T18: 82 | U18: 116 | V18: 152 | W18: 182 | X18: 198 | Y18: 254 | Z18: 305 | AA18: 359 | AB18: 492 | AC18: 603 | AD18: 769 | AE18: 939 | AF18: 8648 | AG18: 5
A19: El Oro | B19: 42 | C19: 12 | D19: 9 | E19: 11 | F19: 33 | G19: 49 | H19: 64 | I19: 48 | J19: 63 | K19: 54 | L19: 64 | M19: 57 | N19: 82 | O19: 107 | P19: 795 | Q19: - | R19: 44 | S19: 18 | T19: 5 | U19: 9 | V19: 13 | W19: 17 | X19: 19 | Y19: 14 | Z19: 17 | AA19: 22 | AB19: 40 | AC19: 44 | AD19: 55 | AE19: 51 | AF19: 737 | AG19: 1
A20: Esmeraldas | B20: 38 | C20: 15 | D20: 9 | E20: 13 | F20: 31 | G20: 47 | H20: 65 | I20: 43 | J20: 30 | K20: 31 | L20: 45 | M20: 51 | N20: 53 | O20: 63 | P20: 473 | Q20: - | R20: 34 | S20: 10 | T20: 11 | U20: 7 | V20: 10 | W20: 13 | X20: 16 | Y20: 11 | Z20: 19 | AA20: 20 | AB20: 25 | AC20: 37 | AD20: 33 | AE20: 44 | AF20: 378 | AG20: 1
A21: Guayas | B21: 462 | C21: 85 | D21: 53 | E21: 62 | F21: 199 | G21: 334 | H21: 343 | I21: 322 | J21: 305 | K21: 322 | L21: 359 | M21: 484 | N21: 599 | O21: 691 | P21: 4941 | Q21: 4 | R21: 349 | S21: 66 | T21: 40 | U21: 59 | V21: 78 | W21: 92 | X21: 103 | Y21: 142 | Z21: 144 | AA21: 193 | AB21: 275 | AC21: 334 | AD21: 421 | AE21: 546 | AF21: 4695 | AG21: 1
A22: Los Ríos | B22: 66 | C22: 26 | D22: 14 | E22: 15 | F22: 47 | G22: 81 | H22: 81 | I22: 108 | J22: 74 | K22: 78 | L22: 88 | M22: 110 | N22: 122 | O22: 164 | P22: 1061 | Q22: - | R22: 47 | S22: 21 | T22: 10 | U22: 19 | V22: 19 | W22: 21 | X22: 19 | Y22: 39 | Z22: 46 | AA22: 51 | AB22: 55 | AC22: 70 | AD22: 91 | AE22: 102 | AF22: 835 | AG22: -
A23: Manabí | B23: 91 | C23: 36 | D23: 14 | E23: 38 | F23: 43 | G23: 96 | H23: 104 | I23: 109 | J23: 105 | K23: 118 | L23: 132 | M23: 163 | N23: 226 | O23: 269 | P23: 1866 | Q23: 6 | R23: 84 | S23: 24 | T23: 11 | U23: 17 | V23: 25 | W23: 34 | X23: 30 | Y23: 38 | Z23: 60 | AA23: 61 | AB23: 82 | AC23: 86 | AD23: 147 | AE23: 162 | AF23: 1700 | AG23: 2
A24: Santa Elena | B24: 33 | C24: 13 | D24: 7 | E24: 4 | F24: 12 | G24: 14 | H24: 17 | I24: 13 | J24: 20 | K24: 27 | L24: 27 | M24: 27 | N24: 48 | O24: 56 | P24: 346 | Q24: - | R24: 28 | S24: 14 | T24: 5 | U24: 5 | V24: 7 | W24: 5 | X24: 11 | Y24: 10 | Z24: 19 | AA24: 12 | AB24: 15 | AC24: 32 | AD24: 22 | AE24: 34 | AF24: 303 | AG24: -
A25: Región Amazónica | B25: 98 | C25: 54 | D25: 27 | E25: 26 | F25: 68 | G25: 81 | H25: 89 | I25: 77 | J25: 58 | K25: 65 | L25: 61 | M25: 49 | N25: 68 | O25: 71 | P25: 562 | Q25: - | R25: 62 | S25: 48 | T25: 24 | U25: 17 | V25: 37 | W25: 35 | X25: 15 | Y25: 33 | Z25: 21 | AA25: 33 | AB25: 29 | AC25: 36 | AD25: 46 | AE25: 54 | AF25: 435 | AG25: -
A26: Morona Santiago | B26: 25 | C26: 17 | D26: 5 | E26: 8 | F26: 15 | G26: 9 | H26: 15 | I26: 8 | J26: 5 | K26: 11 | L26: 8 | M26: 12 | N26: 17 | O26: 10 | P26: 139 | Q26: - | R26: 13 | S26: 10 | T26: 3 | U26: 2 | V26: 4 | W26: 12 | X26: 3 | Y26: 4 | Z26: 1 | AA26: 6 | AB26: 3 | AC26: 9 | AD26: 8 | AE26: 10 | AF26: 95 | AG26: -
A27: Napo | B27: 17 | C27: 6 | D27: 6 | E27: 3 | F27: 8 | G27: 14 | H27: 16 | I27: 11 | J27: 11 | K27: 7 | L27: 4 | M27: 5 | N27: 11 | O27: 13 | P27: 75 | Q27: - | R27: 9 | S27: 3 | T27: 2 | U27: 6 | V27: 8 | W27: 2 | X27: 1 | Y27: 5 | Z27: 7 | AA27: 4 | AB27: 6 | AC27: 4 | AD27: 5 | AE27: 7 | AF27: 70 | AG27: -
A28: Pastaza | B28: 12 | C28: 5 | D28: 3 | E28: 4 | F28: 2 | G28: 5 | H28: 8 | I28: 11 | J28: 2 | K28: 6 | L28: 9 | M28: 5 | N28: 7 | O28: 4 | P28: 66 | Q28: - | R28: 5 | S28: 2 | T28: 1 | U28: 1 | V28: 5 | W28: 1 | X28: 1 | Y28: 7 | Z28: 2 | AA28: 4 | AB28: 4 | AC28: 5 | AD28: 3 | AE28: 7 | AF28: 61 | AG28: -
A29: Zamora Chinchipe | B29: 8 | C29: 2 | D29: 2 | E29: 1 | F29: 10 | G29: 9 | H29: 14 | I29: 5 | J29: 6 | K29: 5 | L29: 10 | M29: 5 | N29: 7 | O29: 10 | P29: 78 | Q29: - | R29: 7 | S29: 11 | T29: 4 | U29: 3 | V29: 6 | W29: 4 | X29: 3 | Y29: - | Z29: 2 | AA29: 4 | AB29: 4 | AC29: 5 | AD29: 8 | AE29: 7 | AF29: 62 | AG29: -
